Workbook

Sheet DMA_Scores_by pillar scores
B2: DMA | F2: Across | H2: IDDA | K2: MDDT | N2: Maritime | Q2: Aviation | T2: AYNA | W2: ESS | Z2: ICTA | AC2: MoJ | AF2: MDDT (transport) | AH2: MDDT (ICT) | AJ2: MDDT + ALL agencies | AL2: MDDT + agencies (no IDDA) | AO2: MDDT + ALL agencies weighted
D3: Weight | H3: 0.5 | K3: =0.5/6 -> 0.083333333 | N3: =0.5/6 -> 0.083333333 | Q3: =0.5/6 -> 0.083333333 | T3: =0.5/6 -> 0.083333333 | W3: =0.5/6 -> 0.083333333 | Z3: =0.5/6 -> 0.083333333
N4: =0.5/5 -> 0.1 | Q4: =0.5/5 -> 0.1 | T4: =0.5/5 -> 0.1 | W4: =0.5/5 -> 0.1 | Z4: =0.5/5 -> 0.1
B5: Pillars | C5: Domains | D5: Capabilities | F5: =AVERAGE(F6,F12,F25,F51,) -> 22.049079 | H5: =AYNA!E5 -> 0 | K5: =MDDT!E4 -> 18.280921 | N5: =Maritime!E4 -> 0 | Q5: =Aviation!E4 -> 8.6171053 | T5: =AYNA!E5 -> 0 | W5: =ESS!E4 -> 18.207895 | Z5: =ICTA!E4 -> 0 | AC5: =MoJ!E4 -> 0 | AF5: =AVERAGE(T5,Q5,N5) -> 2.8723684 | AH5: =AVERAGE(W5,Z5) -> 9.1039474 | AJ5: =AVERAGE(H5,K5,N5,Q5,T5,W5,Z5) -> 6.443703 | AL5: =AVERAGE(Z5,W5,T5,Q5,N5,K5) -> 7.5176535 | AO5: =H5*$H$3+K5*$K$3+N5*$N$3+Q5*$Q$3+T5*$T$3+W5*$W$3+Z5*$Z$3 -> 3.7588268
B6: Strategy | F6: =F7 -> 24.975 | H6: =H7 -> 41.625 | K6: =K7 -> 8.325 | N6: =N7 -> 24.975 | Q6: =Q7 -> 0 | T6: =T7 -> 24.975 | W6: =W7 -> 16.65 | Z6: =Z7 -> 49.95 | AC6: =AC7 -> 33.3 | AF6: =AVERAGE(T6,Q6,N6) -> 16.65 | AH6: =AVERAGE(W6,Z6) -> 33.3 | AJ6: =AVERAGE(Z6,W6,T6,Q6,N6,K6,K18) -> 20.8125 | AL6: =AVERAGE(Z6,W6,T6,Q6,N6,K6) -> 20.8125 | AO6: =H6*$H$3+K6*$K$3+N6*$N$3+Q6*$Q$3+T6*$T$3+W6*$W$3+Z6*$Z$3 -> 31.21875
C7: Vision and roadmap | F7: =AVERAGE(F8:F11) -> 24.975 | H7: =AVERAGE(H8:H11) -> 41.625 | K7: =AVERAGE(K8:K11) -> 8.325 | N7: =IFERROR(AVERAGE(N8:N11),"") -> 24.975 | O7: 25 | Q7: =IFERROR(AVERAGE(Q8:Q11),"") -> 0 | T7: =AVERAGE(T8:T11) -> 24.975 | W7: =AVERAGE(W8:W11) -> 16.65 | Z7: =AVERAGE(Z8:Z11) -> 49.95 | AC7: =AVERAGE(AC8:AC11) -> 33.3 | AF7: =AVERAGE(T7,Q7,N7) -> 16.65 | AH7: =AVERAGE(W7,Z7) -> 33.3 | AJ7: =AVERAGE(Z7,W7,T7,Q7,N7,K7,K19) -> 20.8125 | AL7: =AVERAGE(Z7,W7,T7,Q7,N7,K7) -> 20.8125 | AO7: =H7*$H$3+K7*$K$3+N7*$N$3+Q7*$Q$3+T7*$T$3+W7*$W$3+Z7*$Z$3 -> 31.21875
D8: Target state definition | F8: =AVERAGE(H8,K8,N8,Q8,T8,W8,Z8,AC8) -> 33.3 | H8: =(I8-1)*33.3 -> 66.6 | I8: 3 | K8: =(L8-1)*33.3 -> 0 | L8: 1 | N8: =IF(O8=0,"",(O8-1)*33.3) -> 33.3 | O8: 2 | Q8: =IF(R8=0,"",(R8-1)*33.3) -> 0 | R8: 1 | T8: =(U8-1)*33.3 -> 33.3 | U8: 2 | W8: =(X8-1)*33.3 -> 33.3 | X8: 2 | Z8: =(AA8-1)*33.3 -> 66.6 | AA8: 3 | AC8: =(AD8-1)*33.3 -> 33.3 | AD8: 2 | AF8: =AVERAGE(T8,Q8,N8) -> 22.2 | AH8: =AVERAGE(W8,Z8) -> 49.95 | AJ8: =AVERAGE(Z8,W8,T8,Q8,N8,K8,K20) -> 27.75 | AL8: =AVERAGE(Z8,W8,T8,Q8,N8,K8) -> 27.75 | AO8: =H8*$H$3+K8*$K$3+N8*$N$3+Q8*$Q$3+T8*$T$3+W8*$W$3+Z8*$Z$3 -> 47.175
D9: Engagement & communication | F9: =AVERAGE(H9,K9,N9,Q9,T9,W9,Z9,AC9) -> 12.4875 | H9: =(I9-1)*33.3 -> 33.3 | I9: 2 | K9: =(L9-1)*33.3 -> 0 | L9: 1 | N9: =IF(O9=0,"",(O9-1)*33.3) -> 0 | O9: 1 | Q9: =IF(R9=0,"",(R9-1)*33.3) -> 0 | R9: 1 | T9: =(U9-1)*33.3 -> 33.3 | U9: 2 | W9: =(X9-1)*33.3 -> 0 | X9: 1 | Z9: =(AA9-1)*33.3 -> 0 | AA9: 1 | AC9: =(AD9-1)*33.3 -> 33.3 | AD9: 2 | AF9: =AVERAGE(T9,Q9,N9) -> 11.1 | AH9: =AVERAGE(W9,Z9) -> 0 | AJ9: =AVERAGE(Z9,W9,T9,Q9,N9,K9,K21) -> 5.55 | AL9: =AVERAGE(Z9,W9,T9,Q9,N9,K9) -> 5.55 | AO9: =H9*$H$3+K9*$K$3+N9*$N$3+Q9*$Q$3+T9*$T$3+W9*$W$3+Z9*$Z$3 -> 19.425
D10: Implementation roadmap | F10: =AVERAGE(H10,K10,N10,Q10,T10,W10,Z10,AC10) -> 29.1375 | H10: =(I10-1)*33.3 -> 33.3 | I10: 2 | K10: =(L10-1)*33.3 -> 0 | L10: 1 | N10: =IF(O10=0,"",(O10-1)*33.3) -> 33.3 | O10: 2 | Q10: =IF(R10=0,"",(R10-1)*33.3) -> 0 | R10: 1 | T10: =(U10-1)*33.3 -> 33.3 | U10: 2 | W10: =(X10-1)*33.3 -> 33.3 | X10: 2 | Z10: =(AA10-1)*33.3 -> 66.6 | AA10: 3 | AC10: =(AD10-1)*33.3 -> 33.3 | AD10: 2 | AF10: =AVERAGE(T10,Q10,N10) -> 22.2 | AH10: =AVERAGE(W10,Z10) -> 49.95 | AJ10: =AVERAGE(Z10,W10,T10,Q10,N10,K10,K22) -> 27.75 | AL10: =AVERAGE(Z10,W10,T10,Q10,N10,K10) -> 27.75 | AO10: =H10*$H$3+K10*$K$3+N10*$N$3+Q10*$Q$3+T10*$T$3+W10*$W$3+Z10*$Z$3 -> 30.525
D11: Digital related KPIs | F11: =AVERAGE(H11,K11,N11,Q11,T11,W11,Z11,AC11) -> 24.975 | H11: =(I11-1)*33.3 -> 33.3 | I11: 2 | K11: =(L11-1)*33.3 -> 33.3 | L11: 2 | N11: =IF(O11=0,"",(O11-1)*33.3) -> 33.3 | O11: 2 | Q11: =IF(R11=0,"",(R11-1)*33.3) -> 0 | R11: 1 | T11: =(U11-1)*33.3 -> 0 | U11: 1 | W11: =(X11-1)*33.3 -> 0 | X11: 1 | Z11: =(AA11-1)*33.3 -> 66.6 | AA11: 3 | AC11: =(AD11-1)*33.3 -> 33.3 | AD11: 2 | AF11: =AVERAGE(T11,Q11,N11) -> 11.1 | AH11: =AVERAGE(W11,Z11) -> 33.3 | AJ11: =AVERAGE(Z11,W11,T11,Q11,N11,K11,K23) -> 22.2 | AL11: =AVERAGE(Z11,W11,T11,Q11,N11,K11) -> 22.2 | AO11: =H11*$H$3+K11*$K$3+N11*$N$3+Q11*$Q$3+T11*$T$3+W11*$W$3+Z11*$Z$3 -> 27.75
B12: Services provided | F12: =AVERAGE(F14:F16,F18:F20,F22:F24) -> 33.3 | H12: =AVERAGE(H14:H16,H18:H20,H22:H24) -> 40.7 | N12: =IFERROR(AVERAGE(N13,N17,N21),"") -> 11.1 | Q12: =IFERROR(AVERAGE(Q13,Q17,Q21),"") -> 7.4 | T12: =AVERAGE(T14:T16,T18:T20,T22:T24) -> 48.1 | W12: =AVERAGE(W14:W16,W18:W20,W22:W24) -> 33.3 | Z12: =AVERAGE(Z14:Z16,Z18:Z20,Z22:Z24) -> 33.3 | AC12: =AVERAGE(AC14:AC16,AC18:AC20,AC22:AC24) -> 59.2 | AF12: =AVERAGE(T12,Q12,N12) -> 22.2 | AH12: =AVERAGE(W12,Z12) -> 33.3 | AJ12: =AVERAGE(Z12,W12,T12,Q12,N12,K12,K24) -> 26.64 | AL12: =AVERAGE(Z12,W12,T12,Q12,N12,K12) -> 26.64 | AO12: =H12*$H$3+N12*$N$4+Q12*$Q$4+T12*$T$4+W12*$W$4+Z12*$Z$4 -> 33.67 | AP12: MDDT excluded from weighting
C13: Service digitalization | F13: =AVERAGE(F14:F16) -> 38.057143 | H13: =AVERAGE(H14:H16) -> 33.3 | N13: =IFERROR(AVERAGE(N14:N16),"") -> 11.1 | Q13: =IFERROR(AVERAGE(Q14:Q16),"") -> 22.2 | T13: =AVERAGE(T14:T16) -> 66.6 | W13: =AVERAGE(W14:W16) -> 33.3 | Z13: =AVERAGE(Z14:Z16) -> 33.3 | AC13: =AVERAGE(AC14:AC16) -> 66.6 | AF13: =AVERAGE(T13,Q13,N13) -> 33.3 | AH13: =AVERAGE(W13,Z13) -> 33.3 | AJ13: =AVERAGE(Z13,W13,T13,Q13,N13,K13) -> 33.3 | AL13: =AVERAGE(Z13,W13,T13,Q13,N13,K13) -> 33.3 | AO13: =H13*$H$3+N13*$N$4+Q13*$Q$4+T13*$T$4+W13*$W$4+Z13*$Z$4 -> 33.3 | AP13: MDDT excluded from weighting
D14: Share of digital services | F14: =AVERAGE(H14,K14,N14,Q14,T14,W14,Z14,AC14) -> 38.057143 | H14: =(I14-1)*33.3 -> 33.3 | I14: 2 | K14: n/a | N14: =IF(O14=0,"",(O14-1)*33.3) -> 0 | O14: 1 | Q14: =IF(R14=0,"",(R14-1)*33.3) -> 33.3 | R14: 2 | T14: =(U14-1)*33.3 -> 66.6 | U14: 3 | W14: =(X14-1)*33.3 -> 33.3 | X14: 2 | Z14: =(AA14-1)*33.3 -> 33.3 | AA14: 2 | AC14: =(AD14-1)*33.3 -> 66.6 | AD14: 3 | AF14: =AVERAGE(T14,Q14,N14) -> 33.3 | AH14: =AVERAGE(W14,Z14) -> 33.3 | AJ14: =AVERAGE(Z14,W14,T14,Q14,N14,K14) -> 33.3 | AL14: =AVERAGE(Z14,W14,T14,Q14,N14,K14) -> 33.3 | AO14: =H14*$H$3+N14*$N$4+Q14*$Q$4+T14*$T$4+W14*$W$4+Z14*$Z$4 -> 33.3 | AP14: MDDT excluded from weighting
D15: Automation level | F15: =AVERAGE(H15,K15,N15,Q15,T15,W15,Z15,AC15) -> 33.3 | H15: =(I15-1)*33.3 -> 33.3 | I15: 2 | K15: n/a | N15: =IF(O15=0,"",(O15-1)*33.3) -> 0 | O15: 1 | Q15: =IF(R15=0,"",(R15-1)*33.3) -> 0 | R15: 1 | T15: =(U15-1)*33.3 -> 66.6 | U15: 3 | W15: =(X15-1)*33.3 -> 33.3 | X15: 2 | Z15: =(AA15-1)*33.3 -> 33.3 | AA15: 2 | AC15: =(AD15-1)*33.3 -> 66.6 | AD15: 3 | AF15: =AVERAGE(T15,Q15,N15) -> 22.2 | AH15: =AVERAGE(W15,Z15) -> 33.3 | AJ15: =AVERAGE(Z15,W15,T15,Q15,N15,K15) -> 26.64 | AL15: =AVERAGE(Z15,W15,T15,Q15,N15,K15) -> 26.64 | AO15: =H15*$H$3+N15*$N$4+Q15*$Q$4+T15*$T$4+W15*$W$4+Z15*$Z$4 -> 29.97 | AP15: MDDT excluded from weighting
D16: Service quality and reliability | F16: =AVERAGE(H16,K16,N16,Q16,T16,W16,Z16,AC16) -> 42.814286 | H16: =(I16-1)*33.3 -> 33.3 | I16: 2 | K16: n/a | N16: =IF(O16=0,"",(O16-1)*33.3) -> 33.3 | O16: 2 | Q16: =IF(R16=0,"",(R16-1)*33.3) -> 33.3 | R16: 2 | T16: =(U16-1)*33.3 -> 66.6 | U16: 3 | W16: =(X16-1)*33.3 -> 33.3 | X16: 2 | Z16: =(AA16-1)*33.3 -> 33.3 | AA16: 2 | AC16: =(AD16-1)*33.3 -> 66.6 | AD16: 3 | AF16: =AVERAGE(T16,Q16,N16) -> 44.4 | AH16: =AVERAGE(W16,Z16) -> 33.3 | AJ16: =AVERAGE(Z16,W16,T16,Q16,N16,K16) -> 39.96 | AL16: =AVERAGE(Z16,W16,T16,Q16,N16,K16) -> 39.96 | AO16: =H16*$H$3+N16*$N$4+Q16*$Q$4+T16*$T$4+W16*$W$4+Z16*$Z$4 -> 36.63 | AP16: MDDT excluded from weighting
C17: User experience | F17: =AVERAGE(H17,K17,N17,Q17,T17,W17,Z17,AC17) -> 31.714286 | H17: =AVERAGE(H18:H20) -> 44.4 | N17: =IFERROR(AVERAGE(N18:N20),"") -> 11.1 | Q17: =IFERROR(AVERAGE(Q18:Q20),"") -> 0 | T17: =AVERAGE(T18:T20) -> 44.4 | W17: =AVERAGE(W18:W20) -> 33.3 | Z17: =AVERAGE(Z18:Z20) -> 33.3 | AC17: =AVERAGE(AC18:AC20) -> 55.5 | AF17: =AVERAGE(T17,Q17,N17) -> 18.5 | AH17: =AVERAGE(W17,Z17) -> 33.3 | AJ17: =AVERAGE(Z17,W17,T17,Q17,N17,K17) -> 24.42 | AL17: =AVERAGE(Z17,W17,T17,Q17,N17,K17) -> 24.42 | AO17: =H17*$H$3+N17*$N$4+Q17*$Q$4+T17*$T$4+W17*$W$4+Z17*$Z$4 -> 34.41 | AP17: MDDT excluded from weighting
D18: Access channels | F18: =AVERAGE(H18,K18,N18,Q18,T18,W18,Z18,AC18) -> 42.814286 | H18: =(I18-1)*33.3 -> 33.3 | I18: 2 | K18: n/a | N18: =IF(O18=0,"",(O18-1)*33.3) -> 33.3 | O18: 2 | Q18: =IF(R18=0,"",(R18-1)*33.3) -> 0 | R18: 1 | T18: =(U18-1)*33.3 -> 66.6 | U18: 3 | W18: =(X18-1)*33.3 -> 33.3 | X18: 2 | Z18: =(AA18-1)*33.3 -> 66.6 | AA18: 3 | AC18: =(AD18-1)*33.3 -> 66.6 | AD18: 3 | AF18: =AVERAGE(T18,Q18,N18) -> 33.3 | AH18: =AVERAGE(W18,Z18) -> 49.95 | AJ18: =AVERAGE(Z18,W18,T18,Q18,N18,K18) -> 39.96 | AL18: =AVERAGE(Z18,W18,T18,Q18,N18,K18) -> 39.96 | AO18: =H18*$H$3+N18*$N$4+Q18*$Q$4+T18*$T$4+W18*$W$4+Z18*$Z$4 -> 36.63 | AP18: MDDT excluded from weighting
D19: Citizen journey | F19: =AVERAGE(H19,K19,N19,Q19,T19,W19,Z19,AC19) -> 42.814286 | H19: =(I19-1)*33.3 -> 66.6 | I19: 3 | K19: n/a | N19: =IF(O19=0,"",(O19-1)*33.3) -> 0 | O19: 1 | Q19: =IF(R19=0,"",(R19-1)*33.3) -> 0 | R19: 1 | T19: =(U19-1)*33.3 -> 66.6 | U19: 3 | W19: =(X19-1)*33.3 -> 66.6 | X19: 3 | Z19: =(AA19-1)*33.3 -> 33.3 | AA19: 2 | AC19: =(AD19-1)*33.3 -> 66.6 | AD19: 3 | AF19: =AVERAGE(T19,Q19,N19) -> 22.2 | AH19: =AVERAGE(W19,Z19) -> 49.95 | AJ19: =AVERAGE(Z19,W19,T19,Q19,N19,K19) -> 33.3 | AL19: =AVERAGE(Z19,W19,T19,Q19,N19,K19) -> 33.3 | AO19: =H19*$H$3+N19*$N$4+Q19*$Q$4+T19*$T$4+W19*$W$4+Z19*$Z$4 -> 49.95 | AP19: MDDT excluded from weighting
D20: Accessibility and inclusion | F20: =AVERAGE(H20,K20,N20,Q20,T20,W20,Z20,AC20) -> 9.5142857 | H20: =(I20-1)*33.3 -> 33.3 | I20: 2 | K20: n/a | N20: =IF(O20=0,"",(O20-1)*33.3) -> 0 | O20: 1 | Q20: =IF(R20=0,"",(R20-1)*33.3) -> 0 | R20: 1 | T20: =(U20-1)*33.3 -> 0 | U20: 1 | W20: =(X20-1)*33.3 -> 0 | X20: 1 | Z20: =(AA20-1)*33.3 -> 0 | AA20: 1 | AC20: =(AD20-1)*33.3 -> 33.3 | AD20: 2 | AF20: =AVERAGE(T20,Q20,N20) -> 0 | AH20: =AVERAGE(W20,Z20) -> 0 | AJ20: =AVERAGE(Z20,W20,T20,Q20,N20,K20) -> 0 | AL20: =AVERAGE(Z20,W20,T20,Q20,N20,K20) -> 0 | AO20: =H20*$H$3+N20*$N$4+Q20*$Q$4+T20*$T$4+W20*$W$4+Z20*$Z$4 -> 16.65 | AP20: MDDT excluded from weighting
C21: New services development | F21: =AVERAGE(H21,K21,N21,Q21,T21,W21,Z21,AC21) -> 30.128571 | H21: =AVERAGE(H22:H24) -> 44.4 | N21: =IFERROR(AVERAGE(N22:N24),"") -> 11.1 | Q21: =IFERROR(AVERAGE(Q22:Q24),"") -> 0 | T21: =AVERAGE(T22:T24) -> 33.3 | W21: =AVERAGE(W22:W24) -> 33.3 | Z21: =AVERAGE(Z22:Z24) -> 33.3 | AC21: =AVERAGE(AC22:AC24) -> 55.5 | AF21: =AVERAGE(T21,Q21,N21) -> 14.8 | AG21: =(K5+N5+Q5+T5+W5+Z5)/6 -> 7.5176535 | AH21: =AVERAGE(W21,Z21) -> 33.3 | AJ21: =AVERAGE(Z21,W21,T21,Q21,N21,K21) -> 22.2 | AL21: =AVERAGE(Z21,W21,T21,Q21,N21,K21) -> 22.2 | AO21: =H21*$H$3+N21*$N$4+Q21*$Q$4+T21*$T$4+W21*$W$4+Z21*$Z$4 -> 33.3 | AP21: MDDT excluded from weighting
D22: Digital service lifecycle | F22: =AVERAGE(H22,K22,N22,Q22,T22,W22,Z22,AC22) -> 33.3 | H22: =(I22-1)*33.3 -> 66.6 | I22: 3 | K22: n/a | N22: =IF(O22=0,"",(O22-1)*33.3) -> 0 | O22: 1 | Q22: =IF(R22=0,"",(R22-1)*33.3) -> 0 | R22: 1 | T22: =(U22-1)*33.3 -> 33.3 | U22: 2 | W22: =(X22-1)*33.3 -> 33.3 | X22: 2 | Z22: =(AA22-1)*33.3 -> 33.3 | AA22: 2 | AC22: =(AD22-1)*33.3 -> 66.6 | AD22: 3 | AF22: =AVERAGE(T22,Q22,N22) -> 11.1 | AH22: =AVERAGE(W22,Z22) -> 33.3 | AJ22: =AVERAGE(Z22,W22,T22,Q22,N22,K22) -> 19.98 | AL22: =AVERAGE(Z22,W22,T22,Q22,N22,K22) -> 19.98 | AO22: =H22*$H$3+N22*$N$4+Q22*$Q$4+T22*$T$4+W22*$W$4+Z22*$Z$4 -> 43.29 | AP22: MDDT excluded from weighting
D23: Service creation/enhancement | F23: =AVERAGE(H23,K23,N23,Q23,T23,W23,Z23,AC23) -> 23.785714 | H23: =(I23-1)*33.3 -> 33.3 | I23: 2 | K23: n/a | N23: =IF(O23=0,"",(O23-1)*33.3) -> 0 | O23: 1 | Q23: =IF(R23=0,"",(R23-1)*33.3) -> 0 | R23: 1 | T23: =(U23-1)*33.3 -> 33.3 | U23: 2 | W23: =(X23-1)*33.3 -> 33.3 | X23: 2 | Z23: =(AA23-1)*33.3 -> 33.3 | AA23: 2 | AC23: =(AD23-1)*33.3 -> 33.3 | AD23: 2 | AF23: =AVERAGE(T23,Q23,N23) -> 11.1 | AH23: =AVERAGE(W23,Z23) -> 33.3 | AJ23: =AVERAGE(Z23,W23,T23,Q23,N23,K23) -> 19.98 | AL23: =AVERAGE(Z23,W23,T23,Q23,N23,K23) -> 19.98 | AO23: =H23*$H$3+N23*$N$4+Q23*$Q$4+T23*$T$4+W23*$W$4+Z23*$Z$4 -> 26.64 | AP23: MDDT excluded from weighting
D24: Testing and rollout strategies | F24: =AVERAGE(H24,K24,N24,Q24,T24,W24,Z24,AC24) -> 33.3 | H24: =(I24-1)*33.3 -> 33.3 | I24: 2 | K24: n/a | N24: =IF(O24=0,"",(O24-1)*33.3) -> 33.3 | O24: 2 | Q24: =IF(R24=0,"",(R24-1)*33.3) -> 0 | R24: 1 | T24: =(U24-1)*33.3 -> 33.3 | U24: 2 | W24: =(X24-1)*33.3 -> 33.3 | X24: 2 | Z24: =(AA24-1)*33.3 -> 33.3 | AA24: 2 | AC24: =(AD24-1)*33.3 -> 66.6 | AD24: 3 | AF24: =AVERAGE(T24,Q24,N24) -> 22.2 | AH24: =AVERAGE(W24,Z24) -> 33.3 | AJ24: =AVERAGE(Z24,W24,T24,Q24,N24,K24) -> 26.64 | AL24: =AVERAGE(Z24,W24,T24,Q24,N24,K24) -> 26.64 | AO24: =H24*$H$3+N24*$N$4+Q24*$Q$4+T24*$T$4+W24*$W$4+Z24*$Z$4 -> 29.97 | AP24: MDDT excluded from weighting
B25: Capabilities | F25: =AVERAGE(F27:F29,F31:F33,F35:F37,F39:F41,F43:F46,F48:F50) -> 26.070395 | H25: =AVERAGE(H27:H29,H31:H33,H35:H37,H39:H41,H43:H46,H48:H50) -> 40.310526 | K25: =AVERAGE(K27:K29,K31:K33,K35:K37,K39:K41,K43:K46,K48:K50) -> 14.021053 | N25: =IFERROR(AVERAGE(N26,N30,N34,N38,N42,N47),"") -> 18.5 | Q25: =IFERROR(AVERAGE(Q26,Q30,Q34,Q38,Q42,Q47),"") -> 10.175 | T25: =AVERAGE(T27:T29,T31:T33,T35:T37,T39:T41,T43:T46,T48:T50) -> 45.568421 | W25: =AVERAGE(W27:W29,W31:W33,W35:W37,W39:W41,W43:W46,W48:W50) -> 24.536842 | Z25: =AVERAGE(Z27:Z29,Z31:Z33,Z35:Z37,Z39:Z41,Z43:Z46,Z48:Z50) -> 24.536842 | AC25: =AVERAGE(AC27:AC29,AC31:AC33,AC35:AC37,AC39:AC41,AC43:AC46,AC48:AC50) -> 29.794737 | AF25: =AVERAGE(T25,Q25,N25) -> 24.747807 | AH25: =AVERAGE(W25,Z25) -> 24.536842 | AJ25: =AVERAGE(Z25,W25,T25,Q25,N25,K25) -> 22.889693 | AL25: =AVERAGE(Z25,W25,T25,Q25,N25,K25) -> 22.889693 | AO25: =H25*$H$3+N25*$N$3+Q25*$Q$3+T25*$T$3+W25*$W$3+Z25*$Z$3 -> 30.431689
C26: Architecture & infrastructure | F26: =AVERAGE(H26,K26,N26,Q26,T26,W26,Z26,AC26) -> 34.6875 | H26: =AVERAGE(H27:H29) -> 66.6 | K26: =AVERAGE(K27:K29) -> 11.1 | N26: =IFERROR(AVERAGE(N27:N29),"") -> 22.2 | Q26: =IFERROR(AVERAGE(Q27:Q29),"") -> 0 | T26: =AVERAGE(T27:T29) -> 66.6 | W26: =AVERAGE(W27:W29) -> 22.2 | Z26: =AVERAGE(Z27:Z29) -> 33.3 | AC26: =AVERAGE(AC27:AC29) -> 55.5 | AF26: =AVERAGE(T26,Q26,N26) -> 29.6 | AH26: =AVERAGE(W26,Z26) -> 27.75 | AJ26: =AVERAGE(Z26,W26,T26,Q26,N26,K26) -> 25.9 | AL26: =AVERAGE(Z26,W26,T26,Q26,N26,K26) -> 25.9 | AO26: =H26*$H$3+N26*$N$3+Q26*$Q$3+T26*$T$3+W26*$W$3+Z26*$Z$3 -> 45.325
D27: Architecture & Infrastructure | F27: =AVERAGE(H27,K27,N27,Q27,T27,W27,Z27,AC27) -> 37.4625 | H27: =(I27-1)*33.3 -> 66.6 | I27: 3 | K27: =(L27-1)*33.3 -> 0 | L27: 1 | N27: =IF(O27=0,"",(O27-1)*33.3) -> 66.6 | O27: 3 | Q27: =IF(R27=0,"",(R27-1)*33.3) -> 0 | R27: 1 | T27: =(U27-1)*33.3 -> 66.6 | U27: 3 | W27: =(X27-1)*33.3 -> 0 | X27: 1 | Z27: =(AA27-1)*33.3 -> 33.3 | AA27: 2 | AC27: =(AD27-1)*33.3 -> 66.6 | AD27: 3 | AF27: =AVERAGE(T27,Q27,N27) -> 44.4 | AH27: =AVERAGE(W27,Z27) -> 16.65 | AJ27: =AVERAGE(Z27,W27,T27,Q27,N27,K27) -> 27.75 | AL27: =AVERAGE(Z27,W27,T27,Q27,N27,K27) -> 27.75 | AO27: =H27*$H$3+N27*$N$3+Q27*$Q$3+T27*$T$3+W27*$W$3+Z27*$Z$3 -> 47.175
D28: Cloud adoption | F28: =AVERAGE(H28,K28,N28,Q28,T28,W28,Z28,AC28) -> 33.3 | H28: =(I28-1)*33.3 -> 66.6 | I28: 3 | K28: =(L28-1)*33.3 -> 33.3 | L28: 2 | N28: =IF(O28=0,"",(O28-1)*33.3) -> 0 | O28: 1 | Q28: =IF(R28=0,"",(R28-1)*33.3) -> 0 | R28: 1 | T28: =(U28-1)*33.3 -> 66.6 | U28: 3 | W28: =(X28-1)*33.3 -> 33.3 | X28: 2 | Z28: =(AA28-1)*33.3 -> 33.3 | AA28: 2 | AC28: =(AD28-1)*33.3 -> 33.3 | AD28: 2 | AF28: =AVERAGE(T28,Q28,N28) -> 22.2 | AH28: =AVERAGE(W28,Z28) -> 33.3 | AJ28: =AVERAGE(Z28,W28,T28,Q28,N28,K28) -> 27.75 | AL28: =AVERAGE(Z28,W28,T28,Q28,N28,K28) -> 27.75 | AO28: =H28*$H$3+N28*$N$3+Q28*$Q$3+T28*$T$3+W28*$W$3+Z28*$Z$3 -> 44.4
D29: Performance management | F29: =AVERAGE(H29,K29,N29,Q29,T29,W29,Z29,AC29) -> 33.3 | H29: =(I29-1)*33.3 -> 66.6 | I29: 3 | K29: =(L29-1)*33.3 -> 0 | L29: 1 | N29: =IF(O29=0,"",(O29-1)*33.3) -> 0 | O29: 1 | Q29: =IF(R29=0,"",(R29-1)*33.3) -> 0 | R29: 1 | T29: =(U29-1)*33.3 -> 66.6 | U29: 3 | W29: =(X29-1)*33.3 -> 33.3 | X29: 2 | Z29: =(AA29-1)*33.3 -> 33.3 | AA29: 2 | AC29: =(AD29-1)*33.3 -> 66.6 | AD29: 3 | AF29: =AVERAGE(T29,Q29,N29) -> 22.2 | AH29: =AVERAGE(W29,Z29) -> 33.3 | AJ29: =AVERAGE(Z29,W29,T29,Q29,N29,K29) -> 22.2 | AL29: =AVERAGE(Z29,W29,T29,Q29,N29,K29) -> 22.2 | AO29: =H29*$H$3+N29*$N$3+Q29*$Q$3+T29*$T$3+W29*$W$3+Z29*$Z$3 -> 44.4
C30: Analytics & AI | F30: =AVERAGE(F31:F33) -> 24.975 | H30: =AVERAGE(H31:H33) -> 44.4 | K30: =AVERAGE(K31:K33) -> 22.2 | N30: =IFERROR(AVERAGE(N31:N33),"") -> 0 | Q30: =IFERROR(AVERAGE(Q31:Q33),"") -> 11.1 | T30: =AVERAGE(T31:T33) -> 55.5 | W30: =AVERAGE(W31:W33) -> 22.2 | Z30: =AVERAGE(Z31:Z33) -> 22.2 | AC30: =AVERAGE(AC31:AC33) -> 22.2 | AF30: =AVERAGE(T30,Q30,N30) -> 22.2 | AH30: =AVERAGE(W30,Z30) -> 22.2 | AJ30: =AVERAGE(Z30,W30,T30,Q30,N30,K30) -> 22.2 | AL30: =AVERAGE(Z30,W30,T30,Q30,N30,K30) -> 22.2 | AO30: =H30*$H$3+N30*$N$3+Q30*$Q$3+T30*$T$3+W30*$W$3+Z30*$Z$3 -> 31.45
D31: Data availability | F31: =AVERAGE(H31,K31,N31,Q31,T31,W31,Z31,AC31) -> 24.975 | H31: =(I31-1)*33.3 -> 33.3 | I31: 2 | K31: =(L31-1)*33.3 -> 0 | L31: 1 | N31: =IF(O31=0,"",(O31-1)*33.3) -> 0 | O31: 1 | Q31: =IF(R31=0,"",(R31-1)*33.3) -> 33.3 | R31: 2 | T31: =(U31-1)*33.3 -> 33.3 | U31: 2 | W31: =(X31-1)*33.3 -> 33.3 | X31: 2 | Z31: =(AA31-1)*33.3 -> 33.3 | AA31: 2 | AC31: =(AD31-1)*33.3 -> 33.3 | AD31: 2 | AF31: =AVERAGE(T31,Q31,N31) -> 22.2 | AH31: =AVERAGE(W31,Z31) -> 33.3 | AJ31: =AVERAGE(Z31,W31,T31,Q31,N31,K31) -> 22.2 | AL31: =AVERAGE(Z31,W31,T31,Q31,N31,K31) -> 22.2 | AO31: =H31*$H$3+N31*$N$3+Q31*$Q$3+T31*$T$3+W31*$W$3+Z31*$Z$3 -> 27.75
D32: Advanced analytics tools | F32: =AVERAGE(H32,K32,N32,Q32,T32,W32,Z32,AC32) -> 24.975 | H32: =(I32-1)*33.3 -> 33.3 | I32: 2 | K32: =(L32-1)*33.3 -> 33.3 | L32: 2 | N32: =IF(O32=0,"",(O32-1)*33.3) -> 0 | O32: 1 | Q32: =IF(R32=0,"",(R32-1)*33.3) -> 0 | R32: 1 | T32: =(U32-1)*33.3 -> 66.6 | U32: 3 | W32: =(X32-1)*33.3 -> 33.3 | X32: 2 | Z32: =(AA32-1)*33.3 -> 0 | AA32: 1 | AC32: =(AD32-1)*33.3 -> 33.3 | AD32: 2 | AF32: =AVERAGE(T32,Q32,N32) -> 22.2 | AH32: =AVERAGE(W32,Z32) -> 16.65 | AJ32: =AVERAGE(Z32,W32,T32,Q32,N32,K32) -> 22.2 | AL32: =AVERAGE(Z32,W32,T32,Q32,N32,K32) -> 22.2 | AO32: =H32*$H$3+N32*$N$3+Q32*$Q$3+T32*$T$3+W32*$W$3+Z32*$Z$3 -> 24.975
D33: Cross-department integration | F33: =AVERAGE(H33,K33,N33,Q33,T33,W33,Z33,AC33) -> 24.975 | H33: =(I33-1)*33.3 -> 66.6 | I33: 3 | K33: =(L33-1)*33.3 -> 33.3 | L33: 2 | N33: =IF(O33=0,"",(O33-1)*33.3) -> 0 | O33: 1 | Q33: =IF(R33=0,"",(R33-1)*33.3) -> 0 | R33: 1 | T33: =(U33-1)*33.3 -> 66.6 | U33: 3 | W33: =(X33-1)*33.3 -> 0 | X33: 1 | Z33: =(AA33-1)*33.3 -> 33.3 | AA33: 2 | AC33: =(AD33-1)*33.3 -> 0 | AD33: 1 | AF33: =AVERAGE(T33,Q33,N33) -> 22.2 | AH33: =AVERAGE(W33,Z33) -> 16.65 | AJ33: =AVERAGE(Z33,W33,T33,Q33,N33,K33) -> 22.2 | AL33: =AVERAGE(Z33,W33,T33,Q33,N33,K33) -> 22.2 | AO33: =H33*$H$3+N33*$N$3+Q33*$Q$3+T33*$T$3+W33*$W$3+Z33*$Z$3 -> 41.625
C34: Data governance | F34: =AVERAGE(F35:F37) -> 16.65 | H34: =AVERAGE(H35:H37) -> 33.3 | K34: =AVERAGE(K35:K37) -> 11.1 | N34: =IFERROR(AVERAGE(N35:N37),"") -> 11.1 | Q34: =IFERROR(AVERAGE(Q35:Q37),"") -> 11.1 | T34: =AVERAGE(T35:T37) -> 33.3 | W34: =AVERAGE(W35:W37) -> 11.1 | Z34: =AVERAGE(Z35:Z37) -> 11.1 | AC34: =AVERAGE(AC35:AC37) -> 11.1 | AF34: =AVERAGE(T34,Q34,N34) -> 18.5 | AH34: =AVERAGE(W34,Z34) -> 11.1 | AJ34: =AVERAGE(Z34,W34,T34,Q34,N34,K34) -> 14.8 | AL34: =AVERAGE(Z34,W34,T34,Q34,N34,K34) -> 14.8 | AO34: =H34*$H$3+N34*$N$3+Q34*$Q$3+T34*$T$3+W34*$W$3+Z34*$Z$3 -> 23.125
D35: Data policies and management | F35: =AVERAGE(H35,K35,N35,Q35,T35,W35,Z35,AC35) -> 12.4875 | H35: =(I35-1)*33.3 -> 33.3 | I35: 2 | K35: =(L35-1)*33.3 -> 0 | L35: 1 | N35: =IF(O35=0,"",(O35-1)*33.3) -> 0 | O35: 1 | Q35: =IF(R35=0,"",(R35-1)*33.3) -> 33.3 | R35: 2 | T35: =(U35-1)*33.3 -> 0 | U35: 1 | W35: =(X35-1)*33.3 -> 33.3 | X35: 2 | Z35: =(AA35-1)*33.3 -> 0 | AA35: 1 | AC35: =(AD35-1)*33.3 -> 0 | AD35: 1 | AF35: =AVERAGE(T35,Q35,N35) -> 11.1 | AH35: =AVERAGE(W35,Z35) -> 16.65 | AJ35: =AVERAGE(Z35,W35,T35,Q35,N35,K35) -> 11.1 | AL35: =AVERAGE(Z35,W35,T35,Q35,N35,K35) -> 11.1 | AO35: =H35*$H$3+N35*$N$3+Q35*$Q$3+T35*$T$3+W35*$W$3+Z35*$Z$3 -> 22.2
D36: Data model & architecture | F36: =AVERAGE(H36,K36,N36,Q36,T36,W36,Z36,AC36) -> 24.975 | H36: =(I36-1)*33.3 -> 33.3 | I36: 2 | K36: =(L36-1)*33.3 -> 33.3 | L36: 2 | N36: =IF(O36=0,"",(O36-1)*33.3) -> 33.3 | O36: 2 | Q36: =IF(R36=0,"",(R36-1)*33.3) -> 0 | R36: 1 | T36: =(U36-1)*33.3 -> 33.3 | U36: 2 | W36: =(X36-1)*33.3 -> 0 | X36: 1 | Z36: =(AA36-1)*33.3 -> 33.3 | AA36: 2 | AC36: =(AD36-1)*33.3 -> 33.3 | AD36: 2 | AF36: =AVERAGE(T36,Q36,N36) -> 22.2 | AH36: =AVERAGE(W36,Z36) -> 16.65 | AJ36: =AVERAGE(Z36,W36,T36,Q36,N36,K36) -> 22.2 | AL36: =AVERAGE(Z36,W36,T36,Q36,N36,K36) -> 22.2 | AO36: =H36*$H$3+N36*$N$3+Q36*$Q$3+T36*$T$3+W36*$W$3+Z36*$Z$3 -> 24.975
D37: Data-driven culture | F37: =AVERAGE(H37,K37,N37,Q37,T37,W37,Z37,AC37) -> 12.4875 | H37: =(I37-1)*33.3 -> 33.3 | I37: 2 | K37: =(L37-1)*33.3 -> 0 | L37: 1 | N37: =IF(O37=0,"",(O37-1)*33.3) -> 0 | O37: 1 | Q37: =IF(R37=0,"",(R37-1)*33.3) -> 0 | R37: 1 | T37: =(U37-1)*33.3 -> 66.6 | U37: 3 | W37: =(X37-1)*33.3 -> 0 | X37: 1 | Z37: =(AA37-1)*33.3 -> 0 | AA37: 1 | AC37: =(AD37-1)*33.3 -> 0 | AD37: 1 | AF37: =AVERAGE(T37,Q37,N37) -> 22.2 | AH37: =AVERAGE(W37,Z37) -> 0 | AJ37: =AVERAGE(Z37,W37,T37,Q37,N37,K37) -> 11.1 | AL37: =AVERAGE(Z37,W37,T37,Q37,N37,K37) -> 11.1 | AO37: =H37*$H$3+N37*$N$3+Q37*$Q$3+T37*$T$3+W37*$W$3+Z37*$Z$3 -> 22.2
C38: Integration & partner ecosystem | F38: =AVERAGE(F39:F41) -> 26.3625 | H38: =AVERAGE(H39:H41) -> 22.2 | K38: =AVERAGE(K39:K41) -> 22.2 | N38: =IFERROR(AVERAGE(N39:N41),"") -> 11.1 | Q38: =IFERROR(AVERAGE(Q39:Q41),"") -> 11.1 | T38: =AVERAGE(T39:T41) -> 55.5 | W38: =AVERAGE(W39:W41) -> 22.2 | Z38: =AVERAGE(Z39:Z41) -> 22.2 | AC38: =AVERAGE(AC39:AC41) -> 44.4 | AF38: =AVERAGE(T38,Q38,N38) -> 25.9 | AH38: =AVERAGE(W38,Z38) -> 22.2 | AJ38: =AVERAGE(Z38,W38,T38,Q38,N38,K38) -> 24.05 | AL38: =AVERAGE(Z38,W38,T38,Q38,N38,K38) -> 24.05 | AO38: =H38*$H$3+N38*$N$3+Q38*$Q$3+T38*$T$3+W38*$W$3+Z38*$Z$3 -> 21.275
D39: Partner integration | F39: =AVERAGE(H39,K39,N39,Q39,T39,W39,Z39,AC39) -> 24.975 | H39: =(I39-1)*33.3 -> 33.3 | I39: 2 | K39: =(L39-1)*33.3 -> 33.3 | L39: 2 | N39: =IF(O39=0,"",(O39-1)*33.3) -> 0 | O39: 1 | Q39: =IF(R39=0,"",(R39-1)*33.3) -> 33.3 | R39: 2 | T39: =(U39-1)*33.3 -> 33.3 | U39: 2 | W39: =(X39-1)*33.3 -> 0 | X39: 1 | Z39: =(AA39-1)*33.3 -> 33.3 | AA39: 2 | AC39: =(AD39-1)*33.3 -> 33.3 | AD39: 2 | AF39: =AVERAGE(T39,Q39,N39) -> 22.2 | AH39: =AVERAGE(W39,Z39) -> 16.65 | AJ39: =AVERAGE(Z39,W39,T39,Q39,N39,K39) -> 22.2 | AL39: =AVERAGE(Z39,W39,T39,Q39,N39,K39) -> 22.2 | AO39: =H39*$H$3+N39*$N$3+Q39*$Q$3+T39*$T$3+W39*$W$3+Z39*$Z$3 -> 24.975
D40: Open protocols/data exchange | F40: =AVERAGE(H40,K40,N40,Q40,T40,W40,Z40,AC40) -> 33.3 | H40: =(I40-1)*33.3 -> 33.3 | I40: 2 | K40: =(L40-1)*33.3 -> 0 | L40: 1 | N40: =IF(O40=0,"",(O40-1)*33.3) -> 33.3 | O40: 2 | Q40: =IF(R40=0,"",(R40-1)*33.3) -> 0 | R40: 1 | T40: =(U40-1)*33.3 -> 66.6 | U40: 3 | W40: =(X40-1)*33.3 -> 33.3 | X40: 2 | Z40: =(AA40-1)*33.3 -> 33.3 | AA40: 2 | AC40: =(AD40-1)*33.3 -> 66.6 | AD40: 3 | AF40: =AVERAGE(T40,Q40,N40) -> 33.3 | AH40: =AVERAGE(W40,Z40) -> 33.3 | AJ40: =AVERAGE(Z40,W40,T40,Q40,N40,K40) -> 27.75 | AL40: =AVERAGE(Z40,W40,T40,Q40,N40,K40) -> 27.75 | AO40: =H40*$H$3+N40*$N$3+Q40*$Q$3+T40*$T$3+W40*$W$3+Z40*$Z$3 -> 30.525
D41: Outsourcing capability | F41: =AVERAGE(H41,K41,N41,Q41,T41,W41,Z41,AC41) -> 20.8125 | H41: =(I41-1)*33.3 -> 0 | I41: 1 | K41: =(L41-1)*33.3 -> 33.3 | L41: 2 | N41: =IF(O41=0,"",(O41-1)*33.3) -> 0 | O41: 1 | Q41: =IF(R41=0,"",(R41-1)*33.3) -> 0 | R41: 1 | T41: =(U41-1)*33.3 -> 66.6 | U41: 3 | W41: =(X41-1)*33.3 -> 33.3 | X41: 2 | Z41: =(AA41-1)*33.3 -> 0 | AA41: 1 | AC41: =(AD41-1)*33.3 -> 33.3 | AD41: 2 | AF41: =AVERAGE(T41,Q41,N41) -> 22.2 | AH41: =AVERAGE(W41,Z41) -> 16.65 | AJ41: =AVERAGE(Z41,W41,T41,Q41,N41,K41) -> 22.2 | AL41: =AVERAGE(Z41,W41,T41,Q41,N41,K41) -> 22.2 | AO41: =H41*$H$3+N41*$N$3+Q41*$Q$3+T41*$T$3+W41*$W$3+Z41*$Z$3 -> 8.325
C42: Cyber risk mitigation | F42: =AVERAGE(F43:F46) -> 23.934375 | H42: =AVERAGE(H43:H46) -> 33.3 | K42: 33 | N42: =IFERROR(AVERAGE(N43:N46),"") -> 33.3 | Q42: =IFERROR(AVERAGE(Q43:Q46),"") -> 16.65 | T42: =AVERAGE(T43:T46) -> 16.65 | W42: =AVERAGE(W43:W46) -> 41.625 | Z42: =AVERAGE(Z43:Z46) -> 16.65 | AC42: =AVERAGE(AC43:AC46) -> 16.65 | AF42: =AVERAGE(T42,Q42,N42) -> 22.2 | AH42: =AVERAGE(W42,Z42) -> 29.1375 | AJ42: =AVERAGE(Z42,W42,T42,Q42,N42,K42) -> 26.3125 | AL42: =AVERAGE(Z42,W42,T42,Q42,N42,K42) -> 26.3125 | AO42: =H42*$H$3+N42*$N$3+Q42*$Q$3+T42*$T$3+W42*$W$3+Z42*$Z$3 -> 27.05625
D43: Risk model & strategy | F43: =AVERAGE(H43,K43,N43,Q43,T43,W43,Z43,AC43) -> 12.4875 | H43: =(I43-1)*33.3 -> 33.3 | I43: 2 | K43: =(L43-1)*33.3 -> 0 | L43: 1 | N43: =IF(O43=0,"",(O43-1)*33.3) -> 0 | O43: 1 | Q43: =IF(R43=0,"",(R43-1)*33.3) -> 0 | R43: 1 | T43: =(U43-1)*33.3 -> 33.3 | U43: 2 | W43: =(X43-1)*33.3 -> 33.3 | X43: 2 | Z43: =(AA43-1)*33.3 -> 0 | AA43: 1 | AC43: =(AD43-1)*33.3 -> 0 | AD43: 1 | AF43: =AVERAGE(T43,Q43,N43) -> 11.1 | AH43: =AVERAGE(W43,Z43) -> 16.65 | AJ43: =AVERAGE(Z43,W43,T43,Q43,N43,K43) -> 11.1 | AL43: =AVERAGE(Z43,W43,T43,Q43,N43,K43) -> 11.1 | AO43: =H43*$H$3+N43*$N$3+Q43*$Q$3+T43*$T$3+W43*$W$3+Z43*$Z$3 -> 22.2
D44: Prevention & crisis management | F44: =AVERAGE(H44,K44,N44,Q44,T44,W44,Z44,AC44) -> 33.3 | H44: =(I44-1)*33.3 -> 33.3 | I44: 2 | K44: =(L44-1)*33.3 -> 33.3 | L44: 2 | N44: =IF(O44=0,"",(O44-1)*33.3) -> 66.6 | O44: 3 | Q44: =IF(R44=0,"",(R44-1)*33.3) -> 33.3 | R44: 2 | T44: =(U44-1)*33.3 -> 33.3 | U44: 2 | W44: =(X44-1)*33.3 -> 33.3 | X44: 2 | Z44: =(AA44-1)*33.3 -> 0 | AA44: 1 | AC44: =(AD44-1)*33.3 -> 33.3 | AD44: 2 | AF44: =AVERAGE(T44,Q44,N44) -> 44.4 | AH44: =AVERAGE(W44,Z44) -> 16.65 | AJ44: =AVERAGE(Z44,W44,T44,Q44,N44,K44) -> 33.3 | AL44: =AVERAGE(Z44,W44,T44,Q44,N44,K44) -> 33.3 | AO44: =H44*$H$3+N44*$N$3+Q44*$Q$3+T44*$T$3+W44*$W$3+Z44*$Z$3 -> 30.525
D45: Cybersecurity tools | F45: =AVERAGE(H45,K45,N45,Q45,T45,W45,Z45,AC45) -> 24.975 | H45: =(I45-1)*33.3 -> 33.3 | I45: 2 | K45: =(L45-1)*33.3 -> 0 | L45: 1 | N45: =IF(O45=0,"",(O45-1)*33.3) -> 33.3 | O45: 2 | Q45: =IF(R45=0,"",(R45-1)*33.3) -> 0 | R45: 1 | T45: =(U45-1)*33.3 -> 0 | U45: 1 | W45: =(X45-1)*33.3 -> 66.6 | X45: 3 | Z45: =(AA45-1)*33.3 -> 33.3 | AA45: 2 | AC45: =(AD45-1)*33.3 -> 33.3 | AD45: 2 | AF45: =AVERAGE(T45,Q45,N45) -> 11.1 | AH45: =AVERAGE(W45,Z45) -> 49.95 | AJ45: =AVERAGE(Z45,W45,T45,Q45,N45,K45) -> 22.2 | AL45: =AVERAGE(Z45,W45,T45,Q45,N45,K45) -> 22.2 | AO45: =H45*$H$3+N45*$N$3+Q45*$Q$3+T45*$T$3+W45*$W$3+Z45*$Z$3 -> 27.75
D46: Security & resilience trainings | F46: =AVERAGE(H46,K46,N46,Q46,T46,W46,Z46,AC46) -> 24.975 | H46: =(I46-1)*33.3 -> 33.3 | I46: 2 | K46: =(L46-1)*33.3 -> 33.3 | L46: 2 | N46: =IF(O46=0,"",(O46-1)*33.3) -> 33.3 | O46: 2 | Q46: =IF(R46=0,"",(R46-1)*33.3) -> 33.3 | R46: 2 | T46: =(U46-1)*33.3 -> 0 | U46: 1 | W46: =(X46-1)*33.3 -> 33.3 | X46: 2 | Z46: =(AA46-1)*33.3 -> 33.3 | AA46: 2 | AC46: =(AD46-1)*33.3 -> 0 | AD46: 1 | AF46: =AVERAGE(T46,Q46,N46) -> 22.2 | AH46: =AVERAGE(W46,Z46) -> 33.3 | AJ46: =AVERAGE(Z46,W46,T46,Q46,N46,K46) -> 27.75 | AL46: =AVERAGE(Z46,W46,T46,Q46,N46,K46) -> 27.75 | AO46: =H46*$H$3+N46*$N$3+Q46*$Q$3+T46*$T$3+W46*$W$3+Z46*$Z$3 -> 27.75
C47: Automation of Internal Processes | F47: =AVERAGE(F48:F50) -> 30.525 | H47: =AVERAGE(H48:H50) -> 44.4 | K47: =AVERAGE(K48:K50) -> 0 | N47: =IFERROR(AVERAGE(N48:N50),"") -> 33.3 | Q47: =IFERROR(AVERAGE(Q48:Q50),"") -> 11.1 | T47: =AVERAGE(T48:T50) -> 55.5 | W47: =AVERAGE(W48:W50) -> 22.2 | Z47: =AVERAGE(Z48:Z50) -> 44.4 | AC47: =AVERAGE(AC48:AC50) -> 33.3 | AF47: =AVERAGE(T47,Q47,N47) -> 33.3 | AH47: =AVERAGE(W47,Z47) -> 33.3 | AJ47: =AVERAGE(Z47,W47,T47,Q47,N47,K47) -> 27.75 | AL47: =AVERAGE(Z47,W47,T47,Q47,N47,K47) -> 27.75 | AO47: =H47*$H$3+N47*$N$3+Q47*$Q$3+T47*$T$3+W47*$W$3+Z47*$Z$3 -> 36.075
D48: Automation and integration of processes | F48: =AVERAGE(H48,K48,N48,Q48,T48,W48,Z48,AC48) -> 20.8125 | H48: =(I48-1)*33.3 -> 33.3 | I48: 2 | K48: =(L48-1)*33.3 -> 0 | L48: 1 | N48: =IF(O48=0,"",(O48-1)*33.3) -> 33.3 | O48: 2 | Q48: =IF(R48=0,"",(R48-1)*33.3) -> 0 | R48: 1 | T48: =(U48-1)*33.3 -> 33.3 | U48: 2 | W48: =(X48-1)*33.3 -> 0 | X48: 1 | Z48: =(AA48-1)*33.3 -> 33.3 | AA48: 2 | AC48: =(AD48-1)*33.3 -> 33.3 | AD48: 2 | AF48: =AVERAGE(T48,Q48,N48) -> 22.2 | AH48: =AVERAGE(W48,Z48) -> 16.65 | AJ48: =AVERAGE(Z48,W48,T48,Q48,N48,K48) -> 16.65 | AL48: =AVERAGE(Z48,W48,T48,Q48,N48,K48) -> 16.65 | AO48: =H48*$H$3+N48*$N$3+Q48*$Q$3+T48*$T$3+W48*$W$3+Z48*$Z$3 -> 24.975
D49: Digital identification | F49: =AVERAGE(H49,K49,N49,Q49,T49,W49,Z49,AC49) -> 37.4625 | H49: =(I49-1)*33.3 -> 66.6 | I49: 3 | K49: =(L49-1)*33.3 -> 0 | L49: 1 | N49: =IF(O49=0,"",(O49-1)*33.3) -> 33.3 | O49: 2 | Q49: =IF(R49=0,"",(R49-1)*33.3) -> 0 | R49: 1 | T49: =(U49-1)*33.3 -> 66.6 | U49: 3 | W49: =(X49-1)*33.3 -> 33.3 | X49: 2 | Z49: =(AA49-1)*33.3 -> 66.6 | AA49: 3 | AC49: =(AD49-1)*33.3 -> 33.3 | AD49: 2 | AF49: =AVERAGE(T49,Q49,N49) -> 33.3 | AH49: =AVERAGE(W49,Z49) -> 49.95 | AJ49: =AVERAGE(Z49,W49,T49,Q49,N49,K49) -> 33.3 | AL49: =AVERAGE(Z49,W49,T49,Q49,N49,K49) -> 33.3 | AO49: =H49*$H$3+N49*$N$3+Q49*$Q$3+T49*$T$3+W49*$W$3+Z49*$Z$3 -> 49.95
D50: Level of usage of digital documents by citizens/business | F50: =AVERAGE(H50,K50,N50,Q50,T50,W50,Z50,AC50) -> 33.3 | H50: =(I50-1)*33.3 -> 33.3 | I50: 2 | K50: =(L50-1)*33.3 -> 0 | L50: 1 | N50: =IF(O50=0,"",(O50-1)*33.3) -> 33.3 | O50: 2 | Q50: =IF(R50=0,"",(R50-1)*33.3) -> 33.3 | R50: 2 | T50: =(U50-1)*33.3 -> 66.6 | U50: 3 | W50: =(X50-1)*33.3 -> 33.3 | X50: 2 | Z50: =(AA50-1)*33.3 -> 33.3 | AA50: 2 | AC50: =(AD50-1)*33.3 -> 33.3 | AD50: 2 | AF50: =AVERAGE(T50,Q50,N50) -> 44.4 | AH50: =AVERAGE(W50,Z50) -> 33.3 | AJ50: =AVERAGE(Z50,W50,T50,Q50,N50,K50) -> 33.3 | AL50: =AVERAGE(Z50,W50,T50,Q50,N50,K50) -> 33.3 | AO50: =H50*$H$3+N50*$N$3+Q50*$Q$3+T50*$T$3+W50*$W$3+Z50*$Z$3 -> 33.3
B51: Operating model | F51: =AVERAGE(F53:F55,F57:F59,F61:F63) -> 25.9 | H51: =AVERAGE(H53:H55,H57:H59,H61:H63) -> 51.8 | K51: =AVERAGE(K53:K55,K57:K59,K61:K63) -> 22.2 | N51: =IFERROR(AVERAGE(N52,N56,N60),"") -> 29.6 | Q51: =IFERROR(AVERAGE(Q52,Q56,Q60),"") -> 7.4 | T51: =AVERAGE(T53:T55,T57:T59,T61:T63) -> 25.9 | W51: =AVERAGE(W53:W55,W57:W59,W61:W63) -> 22.2 | Z51: =AVERAGE(Z53:Z55,Z57:Z59,Z61:Z63) -> 25.9 | AC51: =AVERAGE(AC53:AC55,AC57:AC59,AC61:AC63) -> 22.2 | AF51: =AVERAGE(T51,Q51,N51) -> 20.966667 | AH51: =AVERAGE(W51,Z51) -> 24.05 | AJ51: =AVERAGE(Z51,W51,T51,Q51,N51,K51) -> 22.2 | AL51: =AVERAGE(Z51,W51,T51,Q51,N51,K51) -> 22.2 | AO51: =H51*$H$3+N51*$N$3+Q51*$Q$3+T51*$T$3+W51*$W$3+Z51*$Z$3 -> 35.15
C52: Organizational structure | F52: =AVERAGE(F53:F55) -> 27.75 | H52: =AVERAGE(H53:H55) -> 66.6 | K52: =AVERAGE(K53:K55) -> 0 | N52: =IFERROR(AVERAGE(N53:N55),"") -> 33.3 | Q52: =IFERROR(AVERAGE(Q53:Q55),"") -> 22.2 | T52: =AVERAGE(T53:T55) -> 33.3 | W52: =AVERAGE(W53:W55) -> 11.1 | Z52: =AVERAGE(Z53:Z55) -> 33.3 | AC52: =AVERAGE(AC53:AC55) -> 22.2 | AF52: =AVERAGE(T52,Q52,N52) -> 29.6 | AH52: =AVERAGE(W52,Z52) -> 22.2 | AJ52: =AVERAGE(Z52,W52,T52,Q52,N52,K52) -> 22.2 | AL52: =AVERAGE(Z52,W52,T52,Q52,N52,K52) -> 22.2 | AO52: =H52*$H$3+N52*$N$3+Q52*$Q$3+T52*$T$3+W52*$W$3+Z52*$Z$3 -> 44.4
D53: Digital & data departments | F53: =AVERAGE(H53,K53,N53,Q53,T53,W53,Z53,AC53) -> 45.7875 | H53: =(I53-1)*33.3 -> 66.6 | I53: 3 | K53: =(L53-1)*33.3 -> 0 | L53: 1 | N53: =IF(O53=0,"",(O53-1)*33.3) -> 66.6 | O53: 3 | Q53: =IF(R53=0,"",(R53-1)*33.3) -> 33.3 | R53: 2 | T53: =(U53-1)*33.3 -> 66.6 | U53: 3 | W53: =(X53-1)*33.3 -> 33.3 | X53: 2 | Z53: =(AA53-1)*33.3 -> 33.3 | AA53: 2 | AC53: =(AD53-1)*33.3 -> 66.6 | AD53: 3 | AF53: =AVERAGE(T53,Q53,N53) -> 55.5 | AH53: =AVERAGE(W53,Z53) -> 33.3 | AJ53: =AVERAGE(Z53,W53,T53,Q53,N53,K53) -> 38.85 | AL53: =AVERAGE(Z53,W53,T53,Q53,N53,K53) -> 38.85 | AO53: =H53*$H$3+N53*$N$3+Q53*$Q$3+T53*$T$3+W53*$W$3+Z53*$Z$3 -> 52.725
D54: Agile methodologies | F54: =AVERAGE(H54,K54,N54,Q54,T54,W54,Z54,AC54) -> 12.4875 | H54: =(I54-1)*33.3 -> 66.6 | I54: 3 | K54: =(L54-1)*33.3 -> 0 | L54: 1 | N54: =IF(O54=0,"",(O54-1)*33.3) -> 0 | O54: 1 | Q54: =IF(R54=0,"",(R54-1)*33.3) -> 0 | R54: 1 | T54: =(U54-1)*33.3 -> 0 | U54: 1 | W54: =(X54-1)*33.3 -> 0 | X54: 1 | Z54: =(AA54-1)*33.3 -> 33.3 | AA54: 2 | AC54: =(AD54-1)*33.3 -> 0 | AD54: 1 | AF54: =AVERAGE(T54,Q54,N54) -> 0 | AH54: =AVERAGE(W54,Z54) -> 16.65 | AJ54: =AVERAGE(Z54,W54,T54,Q54,N54,K54) -> 5.55 | AL54: =AVERAGE(Z54,W54,T54,Q54,N54,K54) -> 5.55 | AO54: =H54*$H$3+N54*$N$3+Q54*$Q$3+T54*$T$3+W54*$W$3+Z54*$Z$3 -> 36.075
D55: x-department collaboration | F55: =AVERAGE(H55,K55,N55,Q55,T55,W55,Z55,AC55) -> 24.975 | H55: =(I55-1)*33.3 -> 66.6 | I55: 3 | K55: =(L55-1)*33.3 -> 0 | L55: 1 | N55: =IF(O55=0,"",(O55-1)*33.3) -> 33.3 | O55: 2 | Q55: =IF(R55=0,"",(R55-1)*33.3) -> 33.3 | R55: 2 | T55: =(U55-1)*33.3 -> 33.3 | U55: 2 | W55: =(X55-1)*33.3 -> 0 | X55: 1 | Z55: =(AA55-1)*33.3 -> 33.3 | AA55: 2 | AC55: =(AD55-1)*33.3 -> 0 | AD55: 1 | AF55: =AVERAGE(T55,Q55,N55) -> 33.3 | AH55: =AVERAGE(W55,Z55) -> 16.65 | AJ55: =AVERAGE(Z55,W55,T55,Q55,N55,K55) -> 22.2 | AL55: =AVERAGE(Z55,W55,T55,Q55,N55,K55) -> 22.2 | AO55: =H55*$H$3+N55*$N$3+Q55*$Q$3+T55*$T$3+W55*$W$3+Z55*$Z$3 -> 44.4
C56: Skills & People | F56: =AVERAGE(F57:F59) -> 22.2 | H56: =AVERAGE(H57:H59) -> 44.4 | K56: =AVERAGE(K57:K59) -> 33.3 | N56: =IFERROR(AVERAGE(N57:N59),"") -> 33.3 | Q56: =IFERROR(AVERAGE(Q57:Q59),"") -> 0 | T56: =AVERAGE(T57:T59) -> 11.1 | W56: =AVERAGE(W57:W59) -> 33.3 | Z56: =AVERAGE(Z57:Z59) -> 11.1 | AC56: =AVERAGE(AC57:AC59) -> 11.1 | AF56: =AVERAGE(T56,Q56,N56) -> 14.8 | AH56: =AVERAGE(W56,Z56) -> 22.2 | AJ56: =AVERAGE(Z56,W56,T56,Q56,N56,K56) -> 20.35 | AL56: =AVERAGE(Z56,W56,T56,Q56,N56,K56) -> 20.35 | AO56: =H56*$H$3+N56*$N$3+Q56*$Q$3+T56*$T$3+W56*$W$3+Z56*$Z$3 -> 29.6
D57: Digital literacy | F57: =AVERAGE(H57,K57,N57,Q57,T57,W57,Z57,AC57) -> 20.8125 | H57: =(I57-1)*33.3 -> 33.3 | I57: 2 | K57: =(L57-1)*33.3 -> 33.3 | L57: 2 | N57: =IF(O57=0,"",(O57-1)*33.3) -> 33.3 | O57: 2 | Q57: =IF(R57=0,"",(R57-1)*33.3) -> 0 | R57: 1 | T57: =(U57-1)*33.3 -> 0 | U57: 1 | W57: =(X57-1)*33.3 -> 33.3 | X57: 2 | Z57: =(AA57-1)*33.3 -> 0 | AA57: 1 | AC57: =(AD57-1)*33.3 -> 33.3 | AD57: 2 | AF57: =AVERAGE(T57,Q57,N57) -> 11.1 | AH57: =AVERAGE(W57,Z57) -> 16.65 | AJ57: =AVERAGE(Z57,W57,T57,Q57,N57,K57) -> 16.65 | AL57: =AVERAGE(Z57,W57,T57,Q57,N57,K57) -> 16.65 | AO57: =H57*$H$3+N57*$N$3+Q57*$Q$3+T57*$T$3+W57*$W$3+Z57*$Z$3 -> 22.2
D58: Tech roles and staffing | F58: =AVERAGE(H58,K58,N58,Q58,T58,W58,Z58,AC58) -> 20.8125 | H58: =(I58-1)*33.3 -> 33.3 | I58: 2 | K58: =(L58-1)*33.3 -> 33.3 | L58: 2 | N58: =IF(O58=0,"",(O58-1)*33.3) -> 33.3 | O58: 2 | Q58: =IF(R58=0,"",(R58-1)*33.3) -> 0 | R58: 1 | T58: =(U58-1)*33.3 -> 33.3 | U58: 2 | W58: =(X58-1)*33.3 -> 33.3 | X58: 2 | Z58: =(AA58-1)*33.3 -> 0 | AA58: 1 | AC58: =(AD58-1)*33.3 -> 0 | AD58: 1 | AF58: =AVERAGE(T58,Q58,N58) -> 22.2 | AH58: =AVERAGE(W58,Z58) -> 16.65 | AJ58: =AVERAGE(Z58,W58,T58,Q58,N58,K58) -> 22.2 | AL58: =AVERAGE(Z58,W58,T58,Q58,N58,K58) -> 22.2 | AO58: =H58*$H$3+N58*$N$3+Q58*$Q$3+T58*$T$3+W58*$W$3+Z58*$Z$3 -> 24.975
D59: Learning & Development | F59: =AVERAGE(H59,K59,N59,Q59,T59,W59,Z59,AC59) -> 24.975 | H59: =(I59-1)*33.3 -> 66.6 | I59: 3 | K59: =(L59-1)*33.3 -> 33.3 | L59: 2 | N59: =IF(O59=0,"",(O59-1)*33.3) -> 33.3 | O59: 2 | Q59: =IF(R59=0,"",(R59-1)*33.3) -> 0 | R59: 1 | T59: =(U59-1)*33.3 -> 0 | U59: 1 | W59: =(X59-1)*33.3 -> 33.3 | X59: 2 | Z59: =(AA59-1)*33.3 -> 33.3 | AA59: 2 | AC59: =(AD59-1)*33.3 -> 0 | AD59: 1 | AF59: =AVERAGE(T59,Q59,N59) -> 11.1 | AH59: =AVERAGE(W59,Z59) -> 33.3 | AJ59: =AVERAGE(Z59,W59,T59,Q59,N59,K59) -> 22.2 | AL59: =AVERAGE(Z59,W59,T59,Q59,N59,K59) -> 22.2 | AO59: =H59*$H$3+N59*$N$3+Q59*$Q$3+T59*$T$3+W59*$W$3+Z59*$Z$3 -> 41.625
C60: Legal capability | F60: =AVERAGE(F61:F63) -> 27.75 | H60: =AVERAGE(H61:H63) -> 44.4 | K60: =AVERAGE(K61:K63) -> 33.3 | N60: =IFERROR(AVERAGE(N61:N63),"") -> 22.2 | Q60: =IFERROR(AVERAGE(Q61:Q63),"") -> 0 | T60: =AVERAGE(T61:T63) -> 33.3 | W60: =AVERAGE(W61:W63) -> 22.2 | Z60: =AVERAGE(Z61:Z63) -> 33.3 | AC60: =AVERAGE(AC61:AC63) -> 33.3 | AF60: =AVERAGE(T60,Q60,N60) -> 18.5 | AH60: =AVERAGE(W60,Z60) -> 27.75 | AJ60: =AVERAGE(Z60,W60,T60,Q60,N60,K60) -> 24.05 | AL60: =AVERAGE(Z60,W60,T60,Q60,N60,K60) -> 24.05 | AO60: =H60*$H$3+N60*$N$3+Q60*$Q$3+T60*$T$3+W60*$W$3+Z60*$Z$3 -> 31.45
D61: Legal/regulatory requirements | F61: =AVERAGE(H61,K61,N61,Q61,T61,W61,Z61,AC61) -> 24.975 | H61: =(I61-1)*33.3 -> 33.3 | I61: 2 | K61: =(L61-1)*33.3 -> 33.3 | L61: 2 | N61: =IF(O61=0,"",(O61-1)*33.3) -> 33.3 | O61: 2 | Q61: =IF(R61=0,"",(R61-1)*33.3) -> 0 | R61: 1 | T61: =(U61-1)*33.3 -> 33.3 | U61: 2 | W61: =(X61-1)*33.3 -> 33.3 | X61: 2 | Z61: =(AA61-1)*33.3 -> 0 | AA61: 1 | AC61: =(AD61-1)*33.3 -> 33.3 | AD61: 2 | AF61: =AVERAGE(T61,Q61,N61) -> 22.2 | AH61: =AVERAGE(W61,Z61) -> 16.65 | AJ61: =AVERAGE(Z61,W61,T61,Q61,N61,K61) -> 22.2 | AL61: =AVERAGE(Z61,W61,T61,Q61,N61,K61) -> 22.2 | AO61: =H61*$H$3+N61*$N$3+Q61*$Q$3+T61*$T$3+W61*$W$3+Z61*$Z$3 -> 24.975
D62: Legal regulatory framework change capacity | F62: =AVERAGE(H62,K62,N62,Q62,T62,W62,Z62,AC62) -> 24.975 | H62: =(I62-1)*33.3 -> 33.3 | I62: 2 | K62: =(L62-1)*33.3 -> 33.3 | L62: 2 | N62: =IF(O62=0,"",(O62-1)*33.3) -> 0 | O62: 1 | Q62: =IF(R62=0,"",(R62-1)*33.3) -> 0 | R62: 1 | T62: =(U62-1)*33.3 -> 33.3 | U62: 2 | W62: =(X62-1)*33.3 -> 33.3 | X62: 2 | Z62: =(AA62-1)*33.3 -> 33.3 | AA62: 2 | AC62: =(AD62-1)*33.3 -> 33.3 | AD62: 2 | AF62: =AVERAGE(T62,Q62,N62) -> 11.1 | AH62: =AVERAGE(W62,Z62) -> 33.3 | AJ62: =AVERAGE(Z62,W62,T62,Q62,N62,K62) -> 22.2 | AL62: =AVERAGE(Z62,W62,T62,Q62,N62,K62) -> 22.2 | AO62: =H62*$H$3+N62*$N$3+Q62*$Q$3+T62*$T$3+W62*$W$3+Z62*$Z$3 -> 24.975
D63: IDDA IT system registration | F63: =AVERAGE(H63,K63,N63,Q63,T63,W63,Z63,AC63) -> 33.3 | H63: =(I63-1)*33.3 -> 66.6 | I63: 3 | K63: =(L63-1)*33.3 -> 33.3 | L63: 2 | N63: =IF(O63=0,"",(O63-1)*33.3) -> 33.3 | O63: 2 | Q63: =IF(R63=0,"",(R63-1)*33.3) -> 0 | R63: 1 | T63: =(U63-1)*33.3 -> 33.3 | U63: 2 | W63: =(X63-1)*33.3 -> 0 | X63: 1 | Z63: =(AA63-1)*33.3 -> 66.6 | AA63: 3 | AC63: =(AD63-1)*33.3 -> 33.3 | AD63: 2 | AF63: =AVERAGE(T63,Q63,N63) -> 22.2 | AH63: =AVERAGE(W63,Z63) -> 33.3 | AJ63: =AVERAGE(Z63,W63,T63,Q63,N63,K63) -> 27.75 | AL63: =AVERAGE(Z63,W63,T63,Q63,N63,K63) -> 27.75 | AO63: =H63*$H$3+N63*$N$3+Q63*$Q$3+T63*$T$3+W63*$W$3+Z63*$Z$3 -> 44.4

Sheet DMA_Scores_Roman
B2: DMA | F2: Across topics | H2: IDDA | K2: MDDT | N2: Maritime | Q2: Aviation | T2: AYNA | W2: ESS | Z2: ICTA | AC2: MoJ
K3: Still incomplete | T3: Still incomplete
B4: Pillars | C4: Domains | D4: Capabilities | F4: =AVERAGE(F7:F10,F13:F15,F17:F19,F21:F23,F26:F28,F30:F32,F34:F36,F38:F40,F42:F45,F47:F49,F52:F54,F56:F58,F60:F62,) -> 17.34375 | H4: =AVERAGE(H7:H10,H13:H15,H17:H19,H21:H23,H26:H28,H30:H32,H34:H36,H38:H40,H42:H45,H47:H49,H52:H54,H56:H58,H60:H62,) -> 41.228571 | K4: =AVERAGE(K7:K10,K13:K15,K17:K19,K21:K23,K26:K28,K30:K32,K34:K36,K38:K40,K42:K45,K47:K49,K52:K54,K56:K58,K60:K62,) -> -2.3785714 | N4: =AVERAGE(N7:N10,N13:N15,N17:N19,N21:N23,N26:N28,N30:N32,N34:N36,N38:N40,N42:N45,N47:N49,N52:N54,N56:N58,N60:N62,) -> 23.785714 | Q4: =AVERAGE(Q7:Q10,Q13:Q15,Q17:Q19,Q21:Q23,Q26:Q28,Q30:Q32,Q34:Q36,Q38:Q40,Q42:Q45,Q47:Q49,Q52:Q54,Q56:Q58,Q60:Q62,) -> 11.892857 | T4: =AVERAGE(T7:T10,T13:T15,T17:T19,T21:T23,T26:T28,T30:T32,T34:T36,T38:T40,T42:T45,T47:T49,T52:T54,T56:T58,T60:T62,) -> -0.79285714 | W4: =AVERAGE(W7:W10,W13:W15,W17:W19,W21:W23,W26:W28,W30:W32,W34:W36,W38:W40,W42:W45,W47:W49,W52:W54,W56:W58,W60:W62,) -> 22.2 | Z4: =AVERAGE(Z7:Z10,Z13:Z15,Z17:Z19,Z21:Z23,Z26:Z28,Z30:Z32,Z34:Z36,Z38:Z40,Z42:Z45,Z47:Z49,Z52:Z54,Z56:Z58,Z60:Z62,) -> 24.578571 | AC4: =AVERAGE(AC7:AC10,AC13:AC15,AC17:AC19,AC21:AC23,AC26:AC28,AC30:AC32,AC34:AC36,AC38:AC40,AC42:AC45,AC47:AC49,AC52:AC54,AC56:AC58,AC60:AC62,) -> 18.235714
B5: Strategy | F5: =F6 -> 19.771875 | H5: =H6 -> 41.625 | K5: =K6 -> 16.65 | N5: =N6 -> 24.975 | Q5: =Q6 -> 0 | T5: =T6 -> 24.975 | W5: =W6 -> 16.65 | Z5: =Z6 -> 8.325 | AC5: =AC6 -> 24.975
C6: Vision and roadmap | F6: =AVERAGE(F7:F10) -> 19.771875 | H6: =AVERAGE(H7:H10) -> 41.625 | K6: =AVERAGE(K7:K10) -> 16.65 | N6: =IFERROR(AVERAGE(N7:N10),"") -> 24.975 | Q6: =IFERROR(AVERAGE(Q7:Q10),"") -> 0 | T6: =AVERAGE(T7:T10) -> 24.975 | W6: =AVERAGE(W7:W10) -> 16.65 | Z6: =AVERAGE(Z7:Z10) -> 8.325 | AC6: =AVERAGE(AC7:AC10) -> 24.975
D7: Target state definition | F7: =AVERAGE(H7,K7,N7,Q7,T7,W7,Z7,AC7) -> 33.3 | H7: =(I7-1)*33.3 -> 66.6 | I7: 3 | K7: =(L7-1)*33.3 -> 33.3 | L7: 2 | N7: =IF(O7=0,"",(O7-1)*33.3) -> 33.3 | O7: =INDEX(Maritime!$G:$G,MATCH($D7,Maritime!$D:$D,0)) -> 2 | Q7: =IF(R7=0,"",(R7-1)*33.3) -> 0 | R7: =INDEX(Aviation!$G:$G,MATCH($D7,Aviation!$D:$D,0)) -> 1 | T7: =(U7-1)*33.3 -> 33.3 | U7: 2 | W7: =(X7-1)*33.3 -> 33.3 | X7: 2 | Z7: =(AA7-1)*33.3 -> 33.3 | AA7: 2 | AC7: =(AD7-1)*33.3 -> 33.3 | AD7: 2
D8: Engagement & communication | F8: =AVERAGE(H8,K8,N8,Q8,T8,W8,Z8,AC8) -> 8.325 | H8: =(I8-1)*33.3 -> 33.3 | I8: 2 | K8: =(L8-1)*33.3 -> 0 | L8: 1 | N8: =IF(O8=0,"",(O8-1)*33.3) -> 0 | O8: =INDEX(Maritime!$G:$G,MATCH($D8,Maritime!$D:$D,0)) -> 1 | Q8: =IF(R8=0,"",(R8-1)*33.3) -> 0 | R8: =INDEX(Aviation!$G:$G,MATCH($D8,Aviation!$D:$D,0)) -> 1 | T8: =(U8-1)*33.3 -> 33.3 | U8: 2 | W8: =(X8-1)*33.3 -> 0 | X8: 1 | Z8: =(AA8-1)*33.3 -> 0 | AA8: 1 | AC8: =(AD8-1)*33.3 -> 0 | AD8: 1
D9: Implementation roadmap | F9: =AVERAGE(H9,K9,N9,Q9,T9,W9,Z9,AC9) -> 20.8125 | H9: =(I9-1)*33.3 -> 33.3 | I9: 2 | K9: =(L9-1)*33.3 -> 33.3 | L9: 2 | N9: =IF(O9=0,"",(O9-1)*33.3) -> 33.3 | O9: =INDEX(Maritime!$G:$G,MATCH($D9,Maritime!$D:$D,0)) -> 2 | Q9: =IF(R9=0,"",(R9-1)*33.3) -> 0 | R9: =INDEX(Aviation!$G:$G,MATCH($D9,Aviation!$D:$D,0)) -> 1 | T9: =(U9-1)*33.3 -> 0 | U9: 1 | W9: =(X9-1)*33.3 -> 33.3 | X9: 2 | Z9: =(AA9-1)*33.3 -> 0 | AA9: 1 | AC9: =(AD9-1)*33.3 -> 33.3 | AD9: 2
D10: Digital related KPIs | F10: =AVERAGE(H10,K10,N10,Q10,T10,W10,Z10,AC10) -> 16.65 | H10: =(I10-1)*33.3 -> 33.3 | I10: 2 | K10: =(L10-1)*33.3 -> 0 | L10: 1 | N10: =IF(O10=0,"",(O10-1)*33.3) -> 33.3 | O10: =INDEX(Maritime!$G:$G,MATCH($D10,Maritime!$D:$D,0)) -> 2 | Q10: =IF(R10=0,"",(R10-1)*33.3) -> 0 | R10: =INDEX(Aviation!$G:$G,MATCH($D10,Aviation!$D:$D,0)) -> 1 | T10: =(U10-1)*33.3 -> 33.3 | U10: 2 | W10: =(X10-1)*33.3 -> 0 | X10: 1 | Z10: =(AA10-1)*33.3 -> 0 | AA10: 1 | AC10: =(AD10-1)*33.3 -> 33.3 | AD10: 2
B11: Services provided | F11: =AVERAGE(F13:F15,F17:F19,F21:F23) -> 30.0625 | H11: =AVERAGE(H13:H15,H17:H19,H21:H23) -> 51.8 | K11: =AVERAGE(K13:K15,K17:K19,K21:K23) -> 25.9 | N11: =IFERROR(AVERAGE(N12,N16,N20),"") -> 33.3 | Q11: =IFERROR(AVERAGE(Q12,Q16,Q20),"") -> 11.1 | T11: =AVERAGE(T13:T15,T17:T19,T21:T23) -> 29.6 | W11: =AVERAGE(W13:W15,W17:W19,W21:W23) -> 25.9 | Z11: =AVERAGE(Z13:Z15,Z17:Z19,Z21:Z23) -> 33.3 | AC11: =AVERAGE(AC13:AC15,AC17:AC19,AC21:AC23) -> 29.6
C12: Service digitalization | F12: =AVERAGE(F13:F15) -> 31.9125 | H12: =AVERAGE(H13:H15) -> 55.5 | K12: =AVERAGE(K13:K15) -> 33.3 | N12: =IFERROR(AVERAGE(N13:N15),"") -> 33.3 | Q12: =IFERROR(AVERAGE(Q13:Q15),"") -> 22.2 | T12: =AVERAGE(T13:T15) -> 22.2 | W12: =AVERAGE(W13:W15) -> 33.3 | Z12: =AVERAGE(Z13:Z15) -> 33.3 | AC12: =AVERAGE(AC13:AC15) -> 22.2
D13: Share of digital services | F13: =AVERAGE(H13,K13,N13,Q13,T13,W13,Z13,AC13) -> 33.3 | H13: =(I13-1)*33.3 -> 66.6 | I13: 3 | K13: =(L13-1)*33.3 -> 33.3 | L13: 2 | N13: =IF(O13=0,"",(O13-1)*33.3) -> 33.3 | O13: =INDEX(Maritime!$G:$G,MATCH($D13,Maritime!$D:$D,0)) -> 2 | Q13: =IF(R13=0,"",(R13-1)*33.3) -> 33.3 | R13: =INDEX(Aviation!$G:$G,MATCH($D13,Aviation!$D:$D,0)) -> 2 | T13: =(U13-1)*33.3 -> 0 | U13: 1 | W13: =(X13-1)*33.3 -> 33.3 | X13: 2 | Z13: =(AA13-1)*33.3 -> 33.3 | AA13: 2 | AC13: =(AD13-1)*33.3 -> 33.3 | AD13: 2
D14: Automation level | F14: =AVERAGE(H14,K14,N14,Q14,T14,W14,Z14,AC14) -> 29.1375 | H14: =(I14-1)*33.3 -> 66.6 | I14: 3 | K14: =(L14-1)*33.3 -> 33.3 | L14: 2 | N14: =IF(O14=0,"",(O14-1)*33.3) -> 33.3 | O14: =INDEX(Maritime!$G:$G,MATCH($D14,Maritime!$D:$D,0)) -> 2 | Q14: =IF(R14=0,"",(R14-1)*33.3) -> 0 | R14: =INDEX(Aviation!$G:$G,MATCH($D14,Aviation!$D:$D,0)) -> 1 | T14: =(U14-1)*33.3 -> 33.3 | U14: 2 | W14: =(X14-1)*33.3 -> 33.3 | X14: 2 | Z14: =(AA14-1)*33.3 -> 33.3 | AA14: 2 | AC14: =(AD14-1)*33.3 -> 0 | AD14: 1
D15: Service quality and reliability | F15: =AVERAGE(H15,K15,N15,Q15,T15,W15,Z15,AC15) -> 33.3 | H15: =(I15-1)*33.3 -> 33.3 | I15: 2 | K15: =(L15-1)*33.3 -> 33.3 | L15: 2 | N15: =IF(O15=0,"",(O15-1)*33.3) -> 33.3 | O15: =INDEX(Maritime!$G:$G,MATCH($D15,Maritime!$D:$D,0)) -> 2 | Q15: =IF(R15=0,"",(R15-1)*33.3) -> 33.3 | R15: =INDEX(Aviation!$G:$G,MATCH($D15,Aviation!$D:$D,0)) -> 2 | T15: =(U15-1)*33.3 -> 33.3 | U15: 2 | W15: =(X15-1)*33.3 -> 33.3 | X15: 2 | Z15: =(AA15-1)*33.3 -> 33.3 | AA15: 2 | AC15: =(AD15-1)*33.3 -> 33.3 | AD15: 2
C16: User experience | F16: =AVERAGE(H16,K16,N16,Q16,T16,W16,Z16,AC16) -> 29.1375 | H16: =AVERAGE(H17:H19) -> 44.4 | K16: =AVERAGE(K17:K19) -> 22.2 | N16: =IFERROR(AVERAGE(N17:N19),"") -> 33.3 | Q16: =IFERROR(AVERAGE(Q17:Q19),"") -> 11.1 | T16: =AVERAGE(T17:T19) -> 44.4 | W16: =AVERAGE(W17:W19) -> 11.1 | Z16: =AVERAGE(Z17:Z19) -> 33.3 | AC16: =AVERAGE(AC17:AC19) -> 33.3
D17: Access channels | F17: =AVERAGE(H17,K17,N17,Q17,T17,W17,Z17,AC17) -> 33.3 | H17: =(I17-1)*33.3 -> 33.3 | I17: 2 | K17: =(L17-1)*33.3 -> 0 | L17: 1 | N17: =IF(O17=0,"",(O17-1)*33.3) -> 33.3 | O17: =INDEX(Maritime!$G:$G,MATCH($D17,Maritime!$D:$D,0)) -> 2 | Q17: =IF(R17=0,"",(R17-1)*33.3) -> 0 | R17: =INDEX(Aviation!$G:$G,MATCH($D17,Aviation!$D:$D,0)) -> 1 | T17: =(U17-1)*33.3 -> 66.6 | U17: 3 | W17: =(X17-1)*33.3 -> 33.3 | X17: 2 | Z17: =(AA17-1)*33.3 -> 66.6 | AA17: 3 | AC17: =(AD17-1)*33.3 -> 33.3 | AD17: 2
D18: Citizen journey | F18: =AVERAGE(H18,K18,N18,Q18,T18,W18,Z18,AC18) -> 33.3 | H18: =(I18-1)*33.3 -> 66.6 | I18: 3 | K18: =(L18-1)*33.3 -> 33.3 | L18: 2 | N18: =IF(O18=0,"",(O18-1)*33.3) -> 33.3 | O18: =INDEX(Maritime!$G:$G,MATCH($D18,Maritime!$D:$D,0)) -> 2 | Q18: =IF(R18=0,"",(R18-1)*33.3) -> 33.3 | R18: =INDEX(Aviation!$G:$G,MATCH($D18,Aviation!$D:$D,0)) -> 2 | T18: =(U18-1)*33.3 -> 33.3 | U18: 2 | W18: =(X18-1)*33.3 -> 0 | X18: 1 | Z18: =(AA18-1)*33.3 -> 33.3 | AA18: 2 | AC18: =(AD18-1)*33.3 -> 33.3 | AD18: 2
D19: Accessibility and inclusion | F19: =AVERAGE(H19,K19,N19,Q19,T19,W19,Z19,AC19) -> 20.8125 | H19: =(I19-1)*33.3 -> 33.3 | I19: 2 | K19: =(L19-1)*33.3 -> 33.3 | L19: 2 | N19: =IF(O19=0,"",(O19-1)*33.3) -> 33.3 | O19: =INDEX(Maritime!$G:$G,MATCH($D19,Maritime!$D:$D,0)) -> 2 | Q19: =IF(R19=0,"",(R19-1)*33.3) -> 0 | R19: =INDEX(Aviation!$G:$G,MATCH($D19,Aviation!$D:$D,0)) -> 1 | T19: =(U19-1)*33.3 -> 33.3 | U19: 2 | W19: =(X19-1)*33.3 -> 0 | X19: 1 | Z19: =(AA19-1)*33.3 -> 0 | AA19: 1 | AC19: =(AD19-1)*33.3 -> 33.3 | AD19: 2
C20: New services development | F20: =AVERAGE(H20,K20,N20,Q20,T20,W20,Z20,AC20) -> 29.1375 | H20: =AVERAGE(H21:H23) -> 55.5 | K20: =AVERAGE(K21:K23) -> 22.2 | N20: =IFERROR(AVERAGE(N21:N23),"") -> 33.3 | Q20: =IFERROR(AVERAGE(Q21:Q23),"") -> 0 | T20: =AVERAGE(T21:T23) -> 22.2 | W20: =AVERAGE(W21:W23) -> 33.3 | Z20: =AVERAGE(Z21:Z23) -> 33.3 | AC20: =AVERAGE(AC21:AC23) -> 33.3
D21: Digital service lifecycle | F21: =AVERAGE(H21,K21,N21,Q21,T21,W21,Z21,AC21) -> 33.3 | H21: =(I21-1)*33.3 -> 66.6 | I21: 3 | K21: =(L21-1)*33.3 -> 33.3 | L21: 2 | N21: =IF(O21=0,"",(O21-1)*33.3) -> 33.3 | O21: =INDEX(Maritime!$G:$G,MATCH($D21,Maritime!$D:$D,0)) -> 2 | Q21: =IF(R21=0,"",(R21-1)*33.3) -> 0 | R21: =INDEX(Aviation!$G:$G,MATCH($D21,Aviation!$D:$D,0)) -> 1 | T21: =(U21-1)*33.3 -> 33.3 | U21: 2 | W21: =(X21-1)*33.3 -> 33.3 | X21: 2 | Z21: =(AA21-1)*33.3 -> 33.3 | AA21: 2 | AC21: =(AD21-1)*33.3 -> 33.3 | AD21: 2
D22: Service creation/enhancement | F22: =AVERAGE(H22,K22,N22,Q22,T22,W22,Z22,AC22) -> 29.1375 | H22: =(I22-1)*33.3 -> 33.3 | I22: 2 | K22: =(L22-1)*33.3 -> 33.3 | L22: 2 | N22: =IF(O22=0,"",(O22-1)*33.3) -> 33.3 | O22: =INDEX(Maritime!$G:$G,MATCH($D22,Maritime!$D:$D,0)) -> 2 | Q22: =IF(R22=0,"",(R22-1)*33.3) -> 0 | R22: =INDEX(Aviation!$G:$G,MATCH($D22,Aviation!$D:$D,0)) -> 1 | T22: =(U22-1)*33.3 -> 33.3 | U22: 2 | W22: =(X22-1)*33.3 -> 33.3 | X22: 2 | Z22: =(AA22-1)*33.3 -> 33.3 | AA22: 2 | AC22: =(AD22-1)*33.3 -> 33.3 | AD22: 2
D23: Testing and rollout strategies | F23: =AVERAGE(H23,K23,N23,Q23,T23,W23,Z23,AC23) -> 24.975 | H23: =(I23-1)*33.3 -> 66.6 | I23: 3 | K23: =(L23-1)*33.3 -> 0 | L23: 1 | N23: =IF(O23=0,"",(O23-1)*33.3) -> 33.3 | O23: =INDEX(Maritime!$G:$G,MATCH($D23,Maritime!$D:$D,0)) -> 2 | Q23: =IF(R23=0,"",(R23-1)*33.3) -> 0 | R23: =INDEX(Aviation!$G:$G,MATCH($D23,Aviation!$D:$D,0)) -> 1 | T23: =(U23-1)*33.3 -> 0 | U23: 1 | W23: =(X23-1)*33.3 -> 33.3 | X23: 2 | Z23: =(AA23-1)*33.3 -> 33.3 | AA23: 2 | AC23: =(AD23-1)*33.3 -> 33.3 | AD23: 2
B24: Capabilities | F24: =AVERAGE(F26:F28,F30:F32,F34:F36,F38:F40,F42:F45,F47:F49) -> 8.1059211 | H24: =AVERAGE(H26:H28,H30:H32,H34:H36,H38:H40,H42:H45,H47:H49) -> 35.052632 | K24: =AVERAGE(K26:K28,K30:K32,K34:K36,K38:K40,K42:K45,K47:K49) -> -33.3 | N24: =IFERROR(AVERAGE(N25,N29,N33,N37,N41,N46),"") -> 20.35 | Q24: =IFERROR(AVERAGE(Q25,Q29,Q33,Q37,Q41,Q46),"") -> 15.725 | T24: =AVERAGE(T26:T28,T30:T32,T34:T36,T38:T40,T42:T45,T47:T49) -> -33.3 | W24: =AVERAGE(W26:W28,W30:W32,W34:W36,W38:W40,W42:W45,W47:W49) -> 21.031579 | Z24: =AVERAGE(Z26:Z28,Z30:Z32,Z34:Z36,Z38:Z40,Z42:Z45,Z47:Z49) -> 24.536842 | AC24: =AVERAGE(AC26:AC28,AC30:AC32,AC34:AC36,AC38:AC40,AC42:AC45,AC47:AC49) -> 14.021053
C25: Architecture & infrastructure | F25: =AVERAGE(H25,K25,N25,Q25,T25,W25,Z25,AC25) -> 15.2625 | H25: =AVERAGE(H26:H28) -> 44.4 | K25: =AVERAGE(K26:K28) -> -33.3 | N25: =IFERROR(AVERAGE(N26:N28),"") -> 33.3 | Q25: =IFERROR(AVERAGE(Q26:Q28),"") -> 33.3 | T25: =AVERAGE(T26:T28) -> -33.3 | W25: =AVERAGE(W26:W28) -> 22.2 | Z25: =AVERAGE(Z26:Z28) -> 33.3 | AC25: =AVERAGE(AC26:AC28) -> 22.2
D26: Architecture & Infrastructure | F26: =AVERAGE(H26,K26,N26,Q26,T26,W26,Z26,AC26) -> 20.8125 | H26: =(I26-1)*33.3 -> 33.3 | I26: 2 | K26: =(L26-1)*33.3 -> -33.3 | N26: =IF(O26=0,"",(O26-1)*33.3) -> 66.6 | O26: 3 | Q26: =IF(R26=0,"",(R26-1)*33.3) -> 66.6 | R26: 3 | T26: =(U26-1)*33.3 -> -33.3 | W26: =(X26-1)*33.3 -> 0 | X26: 1 | Z26: =(AA26-1)*33.3 -> 33.3 | AA26: 2 | AC26: =(AD26-1)*33.3 -> 33.3 | AD26: 2
D27: Cloud adoption | F27: =AVERAGE(H27,K27,N27,Q27,T27,W27,Z27,AC27) -> 16.65 | H27: =(I27-1)*33.3 -> 66.6 | I27: 3 | K27: =(L27-1)*33.3 -> -33.3 | N27: =IF(O27=0,"",(O27-1)*33.3) -> 0 | O27: 1 | Q27: =IF(R27=0,"",(R27-1)*33.3) -> 33.3 | R27: 2 | T27: =(U27-1)*33.3 -> -33.3 | W27: =(X27-1)*33.3 -> 33.3 | X27: 2 | Z27: =(AA27-1)*33.3 -> 33.3 | AA27: 2 | AC27: =(AD27-1)*33.3 -> 33.3 | AD27: 2
D28: Performance management | F28: =AVERAGE(H28,K28,N28,Q28,T28,W28,Z28,AC28) -> 8.325 | H28: =(I28-1)*33.3 -> 33.3 | I28: 2 | K28: =(L28-1)*33.3 -> -33.3 | N28: =IF(O28=0,"",(O28-1)*33.3) -> 33.3 | O28: 2 | Q28: =IF(R28=0,"",(R28-1)*33.3) -> 0 | R28: 1 | T28: =(U28-1)*33.3 -> -33.3 | W28: =(X28-1)*33.3 -> 33.3 | X28: 2 | Z28: =(AA28-1)*33.3 -> 33.3 | AA28: 2 | AC28: =(AD28-1)*33.3 -> 0 | AD28: 1
C29: Analytics & AI | F29: =AVERAGE(F30:F32) -> 5.55 | H29: =AVERAGE(H30:H32) -> 44.4 | K29: =AVERAGE(K30:K32) -> -33.3 | N29: =IFERROR(AVERAGE(N30:N32),"") -> 0 | Q29: =IFERROR(AVERAGE(Q30:Q32),"") -> 11.1 | T29: =AVERAGE(T30:T32) -> -33.3 | W29: =AVERAGE(W30:W32) -> 22.2 | Z29: =AVERAGE(Z30:Z32) -> 22.2 | AC29: =AVERAGE(AC30:AC32) -> 11.1
D30: Data availability | F30: =AVERAGE(H30,K30,N30,Q30,T30,W30,Z30,AC30) -> 8.325 | H30: =(I30-1)*33.3 -> 33.3 | I30: 2 | K30: =(L30-1)*33.3 -> -33.3 | N30: =IF(O30=0,"",(O30-1)*33.3) -> 0 | O30: 1 | Q30: =IF(R30=0,"",(R30-1)*33.3) -> 33.3 | R30: 2 | T30: =(U30-1)*33.3 -> -33.3 | W30: =(X30-1)*33.3 -> 33.3 | X30: 2 | Z30: =(AA30-1)*33.3 -> 33.3 | AA30: 2 | AC30: =(AD30-1)*33.3 -> 0 | AD30: 1
D31: Advanced analytics tools | F31: =AVERAGE(H31,K31,N31,Q31,T31,W31,Z31,AC31) -> 4.1625 | H31: =(I31-1)*33.3 -> 33.3 | I31: 2 | K31: =(L31-1)*33.3 -> -33.3 | N31: =IF(O31=0,"",(O31-1)*33.3) -> 0 | O31: 1 | Q31: =IF(R31=0,"",(R31-1)*33.3) -> 0 | R31: 1 | T31: =(U31-1)*33.3 -> -33.3 | W31: =(X31-1)*33.3 -> 33.3 | X31: 2 | Z31: =(AA31-1)*33.3 -> 0 | AA31: 1 | AC31: =(AD31-1)*33.3 -> 33.3 | AD31: 2
D32: Cross-department integration | F32: =AVERAGE(H32,K32,N32,Q32,T32,W32,Z32,AC32) -> 4.1625 | H32: =(I32-1)*33.3 -> 66.6 | I32: 3 | K32: =(L32-1)*33.3 -> -33.3 | N32: =IF(O32=0,"",(O32-1)*33.3) -> 0 | O32: 1 | Q32: =IF(R32=0,"",(R32-1)*33.3) -> 0 | R32: 1 | T32: =(U32-1)*33.3 -> -33.3 | W32: =(X32-1)*33.3 -> 0 | X32: 1 | Z32: =(AA32-1)*33.3 -> 33.3 | AA32: 2 | AC32: =(AD32-1)*33.3 -> 0 | AD32: 1
C33: Data governance | F33: =AVERAGE(F34:F36) -> 1.3875 | H33: =AVERAGE(H34:H36) -> 33.3 | K33: =AVERAGE(K34:K36) -> -33.3 | N33: =IFERROR(AVERAGE(N34:N36),"") -> 11.1 | Q33: =IFERROR(AVERAGE(Q34:Q36),"") -> 11.1 | T33: =AVERAGE(T34:T36) -> -33.3 | W33: =AVERAGE(W34:W36) -> 0 | Z33: =AVERAGE(Z34:Z36) -> 11.1 | AC33: =AVERAGE(AC34:AC36) -> 11.1
D34: Data policies and management | F34: =AVERAGE(H34,K34,N34,Q34,T34,W34,Z34,AC34) -> 0 | H34: =(I34-1)*33.3 -> 33.3 | I34: 2 | K34: =(L34-1)*33.3 -> -33.3 | N34: =IF(O34=0,"",(O34-1)*33.3) -> 0 | O34: 1 | Q34: =IF(R34=0,"",(R34-1)*33.3) -> 33.3 | R34: 2 | T34: =(U34-1)*33.3 -> -33.3 | W34: =(X34-1)*33.3 -> 0 | X34: 1 | Z34: =(AA34-1)*33.3 -> 0 | AA34: 1 | AC34: =(AD34-1)*33.3 -> 0 | AD34: 1
D35: Data model & architecture | F35: =AVERAGE(H35,K35,N35,Q35,T35,W35,Z35,AC35) -> 8.325 | H35: =(I35-1)*33.3 -> 33.3 | I35: 2 | K35: =(L35-1)*33.3 -> -33.3 | N35: =IF(O35=0,"",(O35-1)*33.3) -> 33.3 | O35: 2 | Q35: =IF(R35=0,"",(R35-1)*33.3) -> 0 | R35: 1 | T35: =(U35-1)*33.3 -> -33.3 | W35: =(X35-1)*33.3 -> 0 | X35: 1 | Z35: =(AA35-1)*33.3 -> 33.3 | AA35: 2 | AC35: =(AD35-1)*33.3 -> 33.3 | AD35: 2
D36: Data-driven culture | F36: =AVERAGE(H36,K36,N36,Q36,T36,W36,Z36,AC36) -> -4.1625 | H36: =(I36-1)*33.3 -> 33.3 | I36: 2 | K36: =(L36-1)*33.3 -> -33.3 | N36: =IF(O36=0,"",(O36-1)*33.3) -> 0 | O36: 1 | Q36: =IF(R36=0,"",(R36-1)*33.3) -> 0 | R36: 1 | T36: =(U36-1)*33.3 -> -33.3 | W36: =(X36-1)*33.3 -> 0 | X36: 1 | Z36: =(AA36-1)*33.3 -> 0 | AA36: 1 | AC36: =(AD36-1)*33.3 -> 0 | AD36: 1
C37: Integration & partner ecosystem | F37: =AVERAGE(F38:F40) -> 2.775 | H37: =AVERAGE(H38:H40) -> 22.2 | K37: =AVERAGE(K38:K40) -> -33.3 | N37: =IFERROR(AVERAGE(N38:N40),"") -> 11.1 | Q37: =IFERROR(AVERAGE(Q38:Q40),"") -> 11.1 | T37: =AVERAGE(T38:T40) -> -33.3 | W37: =AVERAGE(W38:W40) -> 11.1 | Z37: =AVERAGE(Z38:Z40) -> 22.2 | AC37: =AVERAGE(AC38:AC40) -> 11.1
D38: Partner integration | F38: =AVERAGE(H38,K38,N38,Q38,T38,W38,Z38,AC38) -> 4.1625 | H38: =(I38-1)*33.3 -> 33.3 | I38: 2 | K38: =(L38-1)*33.3 -> -33.3 | N38: =IF(O38=0,"",(O38-1)*33.3) -> 0 | O38: 1 | Q38: =IF(R38=0,"",(R38-1)*33.3) -> 33.3 | R38: 2 | T38: =(U38-1)*33.3 -> -33.3 | W38: =(X38-1)*33.3 -> 0 | X38: 1 | Z38: =(AA38-1)*33.3 -> 33.3 | AA38: 2 | AC38: =(AD38-1)*33.3 -> 0 | AD38: 1
D39: Open protocols/data exchange | F39: =AVERAGE(H39,K39,N39,Q39,T39,W39,Z39,AC39) -> 12.4875 | H39: =(I39-1)*33.3 -> 33.3 | I39: 2 | K39: =(L39-1)*33.3 -> -33.3 | N39: =IF(O39=0,"",(O39-1)*33.3) -> 33.3 | O39: 2 | Q39: =IF(R39=0,"",(R39-1)*33.3) -> 0 | R39: 1 | T39: =(U39-1)*33.3 -> -33.3 | W39: =(X39-1)*33.3 -> 33.3 | X39: 2 | Z39: =(AA39-1)*33.3 -> 33.3 | AA39: 2 | AC39: =(AD39-1)*33.3 -> 33.3 | AD39: 2
D40: Outsourcing capability | F40: =AVERAGE(H40,K40,N40,Q40,T40,W40,Z40,AC40) -> -8.325 | H40: =(I40-1)*33.3 -> 0 | I40: 1 | K40: =(L40-1)*33.3 -> -33.3 | N40: =IF(O40=0,"",(O40-1)*33.3) -> 0 | O40: 1 | Q40: =IF(R40=0,"",(R40-1)*33.3) -> 0 | R40: 1 | T40: =(U40-1)*33.3 -> -33.3 | W40: =(X40-1)*33.3 -> 0 | X40: 1 | Z40: =(AA40-1)*33.3 -> 0 | AA40: 1 | AC40: =(AD40-1)*33.3 -> 0 | AD40: 1
C41: Cyber risk mitigation | F41: =AVERAGE(F42:F45) -> 9.365625 | H41: =AVERAGE(H42:H45) -> 24.975 | K41: =AVERAGE(K42:K45) -> -33.3 | N41: =IFERROR(AVERAGE(N42:N45),"") -> 33.3 | Q41: =IFERROR(AVERAGE(Q42:Q45),"") -> 16.65 | T41: =AVERAGE(T42:T45) -> -33.3 | W41: =AVERAGE(W42:W45) -> 41.625 | Z41: =AVERAGE(Z42:Z45) -> 16.65 | AC41: =AVERAGE(AC42:AC45) -> 8.325
D42: Risk model & strategy | F42: =AVERAGE(H42,K42,N42,Q42,T42,W42,Z42,AC42) -> 0 | H42: =(I42-1)*33.3 -> 33.3 | I42: 2 | K42: =(L42-1)*33.3 -> -33.3 | N42: =IF(O42=0,"",(O42-1)*33.3) -> 0 | O42: 1 | Q42: =IF(R42=0,"",(R42-1)*33.3) -> 0 | R42: 1 | T42: =(U42-1)*33.3 -> -33.3 | W42: =(X42-1)*33.3 -> 33.3 | X42: 2 | Z42: =(AA42-1)*33.3 -> 0 | AA42: 1 | AC42: =(AD42-1)*33.3 -> 0 | AD42: 1
D43: Prevention & crisis management | F43: =AVERAGE(H43,K43,N43,Q43,T43,W43,Z43,AC43) -> 12.4875 | H43: =(I43-1)*33.3 -> 0 | I43: 1 | K43: =(L43-1)*33.3 -> -33.3 | N43: =IF(O43=0,"",(O43-1)*33.3) -> 66.6 | O43: 3 | Q43: =IF(R43=0,"",(R43-1)*33.3) -> 33.3 | R43: 2 | T43: =(U43-1)*33.3 -> -33.3 | W43: =(X43-1)*33.3 -> 33.3 | X43: 2 | Z43: =(AA43-1)*33.3 -> 0 | AA43: 1 | AC43: =(AD43-1)*33.3 -> 33.3 | AD43: 2
D44: Cybersecurity tools | F44: =AVERAGE(H44,K44,N44,Q44,T44,W44,Z44,AC44) -> 12.4875 | H44: =(I44-1)*33.3 -> 33.3 | I44: 2 | K44: =(L44-1)*33.3 -> -33.3 | N44: =IF(O44=0,"",(O44-1)*33.3) -> 33.3 | O44: 2 | Q44: =IF(R44=0,"",(R44-1)*33.3) -> 0 | R44: 1 | T44: =(U44-1)*33.3 -> -33.3 | W44: =(X44-1)*33.3 -> 66.6 | X44: 3 | Z44: =(AA44-1)*33.3 -> 33.3 | AA44: 2 | AC44: =(AD44-1)*33.3 -> 0 | AD44: 1
D45: Security & resilience trainings | F45: =AVERAGE(H45,K45,N45,Q45,T45,W45,Z45,AC45) -> 12.4875 | H45: =(I45-1)*33.3 -> 33.3 | I45: 2 | K45: =(L45-1)*33.3 -> -33.3 | N45: =IF(O45=0,"",(O45-1)*33.3) -> 33.3 | O45: 2 | Q45: =IF(R45=0,"",(R45-1)*33.3) -> 33.3 | R45: 2 | T45: =(U45-1)*33.3 -> -33.3 | W45: =(X45-1)*33.3 -> 33.3 | X45: 2 | Z45: =(AA45-1)*33.3 -> 33.3 | AA45: 2 | AC45: =(AD45-1)*33.3 -> 0 | AD45: 1
C46: Automation of Internal Processes | F46: =AVERAGE(F47:F49) -> 13.875 | H46: =AVERAGE(H47:H49) -> 44.4 | K46: =AVERAGE(K47:K49) -> -33.3 | N46: =IFERROR(AVERAGE(N47:N49),"") -> 33.3 | Q46: =IFERROR(AVERAGE(Q47:Q49),"") -> 11.1 | T46: =AVERAGE(T47:T49) -> -33.3 | W46: =AVERAGE(W47:W49) -> 22.2 | Z46: =AVERAGE(Z47:Z49) -> 44.4 | AC46: =AVERAGE(AC47:AC49) -> 22.2
D47: Automation and integration of processes | F47: =AVERAGE(H47,K47,N47,Q47,T47,W47,Z47,AC47) -> 4.1625 | H47: =(I47-1)*33.3 -> 33.3 | I47: 2 | K47: =(L47-1)*33.3 -> -33.3 | N47: =IF(O47=0,"",(O47-1)*33.3) -> 33.3 | O47: 2 | Q47: =IF(R47=0,"",(R47-1)*33.3) -> 0 | R47: 1 | T47: =(U47-1)*33.3 -> -33.3 | W47: =(X47-1)*33.3 -> 0 | X47: 1 | Z47: =(AA47-1)*33.3 -> 33.3 | AA47: 2 | AC47: =(AD47-1)*33.3 -> 0 | AD47: 1
D48: Digital identification | F48: =AVERAGE(H48,K48,N48,Q48,T48,W48,Z48,AC48) -> 16.65 | H48: =(I48-1)*33.3 -> 33.3 | I48: 2 | K48: =(L48-1)*33.3 -> -33.3 | N48: =IF(O48=0,"",(O48-1)*33.3) -> 33.3 | O48: 2 | Q48: =IF(R48=0,"",(R48-1)*33.3) -> 0 | R48: 1 | T48: =(U48-1)*33.3 -> -33.3 | W48: =(X48-1)*33.3 -> 33.3 | X48: 2 | Z48: =(AA48-1)*33.3 -> 66.6 | AA48: 3 | AC48: =(AD48-1)*33.3 -> 33.3 | AD48: 2
D49: Level of usage of digital documents by citizens/business | F49: =AVERAGE(H49,K49,N49,Q49,T49,W49,Z49,AC49) -> 20.8125 | H49: =(I49-1)*33.3 -> 66.6 | I49: 3 | K49: =(L49-1)*33.3 -> -33.3 | N49: =IF(O49=0,"",(O49-1)*33.3) -> 33.3 | O49: 2 | Q49: =IF(R49=0,"",(R49-1)*33.3) -> 33.3 | R49: 2 | T49: =(U49-1)*33.3 -> -33.3 | W49: =(X49-1)*33.3 -> 33.3 | X49: 2 | Z49: =(AA49-1)*33.3 -> 33.3 | AA49: 2 | AC49: =(AD49-1)*33.3 -> 33.3 | AD49: 2
B50: Operating model | F50: =AVERAGE(F52:F54,F56:F58,F60:F62) -> 24.975 | H50: =AVERAGE(H52:H54,H56:H58,H60:H62) -> 48.1 | K50: =AVERAGE(K52:K54,K56:K58,K60:K62) -> 25.9 | N50: =IFERROR(AVERAGE(N51,N55,N59),"") -> 22.2 | Q50: =IFERROR(AVERAGE(Q51,Q55,Q59),"") -> 11.1 | T50: =AVERAGE(T52:T54,T56:T58,T60:T62) -> 25.9 | W50: =AVERAGE(W52:W54,W56:W58,W60:W62) -> 25.9 | Z50: =AVERAGE(Z52:Z54,Z56:Z58,Z60:Z62) -> 25.9 | AC50: =AVERAGE(AC52:AC54,AC56:AC58,AC60:AC62) -> 14.8
C51: Organizational structure | F51: =AVERAGE(F52:F54) -> 29.1375 | H51: =AVERAGE(H52:H54) -> 66.6 | K51: =AVERAGE(K52:K54) -> 33.3 | N51: =IFERROR(AVERAGE(N52:N54),"") -> 22.2 | Q51: =IFERROR(AVERAGE(Q52:Q54),"") -> 22.2 | T51: =AVERAGE(T52:T54) -> 33.3 | W51: =AVERAGE(W52:W54) -> 11.1 | Z51: =AVERAGE(Z52:Z54) -> 33.3 | AC51: =AVERAGE(AC52:AC54) -> 11.1
D52: Digital & data departments | F52: =AVERAGE(H52,K52,N52,Q52,T52,W52,Z52,AC52) -> 41.625 | H52: =(I52-1)*33.3 -> 66.6 | I52: 3 | K52: =(L52-1)*33.3 -> 33.3 | L52: 2 | N52: =IF(O52=0,"",(O52-1)*33.3) -> 33.3 | O52: =INDEX(Maritime!$G:$G,MATCH($D52,Maritime!$D:$D,0)) -> 2 | Q52: =IF(R52=0,"",(R52-1)*33.3) -> 33.3 | R52: =INDEX(Aviation!$G:$G,MATCH($D52,Aviation!$D:$D,0)) -> 2 | T52: =(U52-1)*33.3 -> 66.6 | U52: 3 | W52: =(X52-1)*33.3 -> 33.3 | X52: 2 | Z52: =(AA52-1)*33.3 -> 33.3 | AA52: 2 | AC52: =(AD52-1)*33.3 -> 33.3 | AD52: 2
D53: Agile methodologies | F53: =AVERAGE(H53,K53,N53,Q53,T53,W53,Z53,AC53) -> 20.8125 | H53: =(I53-1)*33.3 -> 66.6 | I53: 3 | K53: =(L53-1)*33.3 -> 66.6 | L53: 3 | N53: =IF(O53=0,"",(O53-1)*33.3) -> 0 | O53: =INDEX(Maritime!$G:$G,MATCH($D53,Maritime!$D:$D,0)) -> 1 | Q53: =IF(R53=0,"",(R53-1)*33.3) -> 0 | R53: =INDEX(Aviation!$G:$G,MATCH($D53,Aviation!$D:$D,0)) -> 1 | T53: =(U53-1)*33.3 -> 0 | U53: 1 | W53: =(X53-1)*33.3 -> 0 | X53: 1 | Z53: =(AA53-1)*33.3 -> 33.3 | AA53: 2 | AC53: =(AD53-1)*33.3 -> 0 | AD53: 1
D54: x-department collaboration | F54: =AVERAGE(H54,K54,N54,Q54,T54,W54,Z54,AC54) -> 24.975 | H54: =(I54-1)*33.3 -> 66.6 | I54: 3 | K54: =(L54-1)*33.3 -> 0 | L54: 1 | N54: =IF(O54=0,"",(O54-1)*33.3) -> 33.3 | O54: =INDEX(Maritime!$G:$G,MATCH($D54,Maritime!$D:$D,0)) -> 2 | Q54: =IF(R54=0,"",(R54-1)*33.3) -> 33.3 | R54: =INDEX(Aviation!$G:$G,MATCH($D54,Aviation!$D:$D,0)) -> 2 | T54: =(U54-1)*33.3 -> 33.3 | U54: 2 | W54: =(X54-1)*33.3 -> 0 | X54: 1 | Z54: =(AA54-1)*33.3 -> 33.3 | AA54: 2 | AC54: =(AD54-1)*33.3 -> 0 | AD54: 1
C55: Skills & People | F55: =AVERAGE(F56:F58) -> 22.2 | H55: =AVERAGE(H56:H58) -> 44.4 | K55: =AVERAGE(K56:K58) -> 22.2 | N55: =IFERROR(AVERAGE(N56:N58),"") -> 33.3 | Q55: =IFERROR(AVERAGE(Q56:Q58),"") -> 11.1 | T55: =AVERAGE(T56:T58) -> 11.1 | W55: =AVERAGE(W56:W58) -> 33.3 | Z55: =AVERAGE(Z56:Z58) -> 11.1 | AC55: =AVERAGE(AC56:AC58) -> 11.1
D56: Digital literacy | F56: =AVERAGE(H56,K56,N56,Q56,T56,W56,Z56,AC56) -> 20.8125 | H56: =(I56-1)*33.3 -> 33.3 | I56: 2 | K56: =(L56-1)*33.3 -> 33.3 | L56: 2 | N56: =IF(O56=0,"",(O56-1)*33.3) -> 33.3 | O56: =INDEX(Maritime!$G:$G,MATCH($D56,Maritime!$D:$D,0)) -> 2 | Q56: =IF(R56=0,"",(R56-1)*33.3) -> 0 | R56: =INDEX(Aviation!$G:$G,MATCH($D56,Aviation!$D:$D,0)) -> 1 | T56: =(U56-1)*33.3 -> 0 | U56: 1 | W56: =(X56-1)*33.3 -> 33.3 | X56: 2 | Z56: =(AA56-1)*33.3 -> 0 | AA56: 1 | AC56: =(AD56-1)*33.3 -> 33.3 | AD56: 2
D57: Tech roles and staffing | F57: =AVERAGE(H57,K57,N57,Q57,T57,W57,Z57,AC57) -> 24.975 | H57: =(I57-1)*33.3 -> 33.3 | I57: 2 | K57: =(L57-1)*33.3 -> 33.3 | L57: 2 | N57: =IF(O57=0,"",(O57-1)*33.3) -> 33.3 | O57: =INDEX(Maritime!$G:$G,MATCH($D57,Maritime!$D:$D,0)) -> 2 | Q57: =IF(R57=0,"",(R57-1)*33.3) -> 33.3 | R57: =INDEX(Aviation!$G:$G,MATCH($D57,Aviation!$D:$D,0)) -> 2 | T57: =(U57-1)*33.3 -> 33.3 | U57: 2 | W57: =(X57-1)*33.3 -> 33.3 | X57: 2 | Z57: =(AA57-1)*33.3 -> 0 | AA57: 1 | AC57: =(AD57-1)*33.3 -> 0 | AD57: 1
D58: Learning & Development | F58: =AVERAGE(H58,K58,N58,Q58,T58,W58,Z58,AC58) -> 20.8125 | H58: =(I58-1)*33.3 -> 66.6 | I58: 3 | K58: =(L58-1)*33.3 -> 0 | L58: 1 | N58: =IF(O58=0,"",(O58-1)*33.3) -> 33.3 | O58: =INDEX(Maritime!$G:$G,MATCH($D58,Maritime!$D:$D,0)) -> 2 | Q58: =IF(R58=0,"",(R58-1)*33.3) -> 0 | R58: =INDEX(Aviation!$G:$G,MATCH($D58,Aviation!$D:$D,0)) -> 1 | T58: =(U58-1)*33.3 -> 0 | U58: 1 | W58: =(X58-1)*33.3 -> 33.3 | X58: 2 | Z58: =(AA58-1)*33.3 -> 33.3 | AA58: 2 | AC58: =(AD58-1)*33.3 -> 0 | AD58: 1
C59: Legal capability | F59: =AVERAGE(F60:F62) -> 23.5875 | H59: =AVERAGE(H60:H62) -> 33.3 | K59: =AVERAGE(K60:K62) -> 22.2 | N59: =IFERROR(AVERAGE(N60:N62),"") -> 11.1 | Q59: =IFERROR(AVERAGE(Q60:Q62),"") -> 0 | T59: =AVERAGE(T60:T62) -> 33.3 | W59: =AVERAGE(W60:W62) -> 33.3 | Z59: =AVERAGE(Z60:Z62) -> 33.3 | AC59: =AVERAGE(AC60:AC62) -> 22.2
D60: Legal/regulatory requirements | F60: =AVERAGE(H60,K60,N60,Q60,T60,W60,Z60,AC60) -> 12.4875 | H60: =(I60-1)*33.3 -> 33.3 | I60: 2 | K60: =(L60-1)*33.3 -> 0 | L60: 1 | N60: =IF(O60=0,"",(O60-1)*33.3) -> 0 | O60: =INDEX(Maritime!$G:$G,MATCH($D60,Maritime!$D:$D,0)) -> 1 | Q60: =IF(R60=0,"",(R60-1)*33.3) -> 0 | R60: =INDEX(Aviation!$G:$G,MATCH($D60,Aviation!$D:$D,0)) -> 1 | T60: =(U60-1)*33.3 -> 33.3 | U60: 2 | W60: =(X60-1)*33.3 -> 33.3 | X60: 2 | Z60: =(AA60-1)*33.3 -> 0 | AA60: 1 | AC60: =(AD60-1)*33.3 -> 0 | AD60: 1
D61: Legal regulatory framework change capacity | F61: =AVERAGE(H61,K61,N61,Q61,T61,W61,Z61,AC61) -> 24.975 | H61: =(I61-1)*33.3 -> 33.3 | I61: 2 | K61: =(L61-1)*33.3 -> 33.3 | L61: 2 | N61: =IF(O61=0,"",(O61-1)*33.3) -> 0 | O61: =INDEX(Maritime!$G:$G,MATCH($D61,Maritime!$D:$D,0)) -> 1 | Q61: =IF(R61=0,"",(R61-1)*33.3) -> 0 | R61: =INDEX(Aviation!$G:$G,MATCH($D61,Aviation!$D:$D,0)) -> 1 | T61: =(U61-1)*33.3 -> 33.3 | U61: 2 | W61: =(X61-1)*33.3 -> 33.3 | X61: 2 | Z61: =(AA61-1)*33.3 -> 33.3 | AA61: 2 | AC61: =(AD61-1)*33.3 -> 33.3 | AD61: 2
D62: IDDA IT system registration | F62: =AVERAGE(H62,K62,N62,Q62,T62,W62,Z62,AC62) -> 33.3 | H62: =(I62-1)*33.3 -> 33.3 | I62: 2 | K62: =(L62-1)*33.3 -> 33.3 | L62: 2 | N62: =IF(O62=0,"",(O62-1)*33.3) -> 33.3 | O62: =INDEX(Maritime!$G:$G,MATCH($D62,Maritime!$D:$D,0)) -> 2 | Q62: =IF(R62=0,"",(R62-1)*33.3) -> 0 | R62: 1 | T62: =(U62-1)*33.3 -> 33.3 | U62: 2 | W62: =(X62-1)*33.3 -> 33.3 | X62: 2 | Z62: =(AA62-1)*33.3 -> 66.6 | AA62: 3 | AC62: =(AD62-1)*33.3 -> 33.3 | AD62: 2

Sheet Capabilities_AYNA MDDT
F1: Nadya | L1: Rinat
A2: DMA | D2: MDDT | F2: Justification | G2: AYNA | I2: Justification | J2: MDDT | L2: Justification | M2: AYNA | O2: Justification
D3: Still incomplete | G3: Still incomplete | J3: Still incomplete | M3: Still incomplete
A4: Pillars | B4: Domains | C4: Capabilities | D4: =AVERAGE(D7:D11,D14:D16,D18:D20,D22:D24,D27:D29,D31:D33,D35:D37,D39:D41,D43:D46,D48:D50,D53:D55,D57:D59,D61:D63,) -> 24.861404 | G4: =AVERAGE(G7:G11,G14:G16,G18:G20,G22:G24,G27:G29,G31:G33,G35:G37,G39:G41,G43:G46,G48:G50,G53:G55,G57:G59,G61:G63,) -> 26.927005 | J4: =AVERAGE(J7:J11,J14:J16,J18:J20,J22:J24,J27:J29,J31:J33,J35:J37,J39:J41,J43:J46,J48:J50,J53:J55,J57:J59,J61:J63,) -> 23.753838 | M4: =AVERAGE(M7:M11,M14:M16,M18:M20,M22:M24,M27:M29,M31:M33,M35:M37,M39:M41,M43:M46,M48:M50,M53:M55,M57:M59,M61:M63,) -> 28.298857
A5: Strategy | D5: =D6 -> 16.65 | G5: =G6 -> 24.975 | J5: =J6 -> 16.65 | M5: =M6 -> 24.975
B6: Vision and roadmap | D6: =AVERAGE(D7:D10) -> 16.65 | G6: =AVERAGE(G7:G10) -> 24.975 | J6: =AVERAGE(J7:J10) -> 16.65 | M6: =AVERAGE(M7:M10) -> 24.975
C7: Target state definition | D7: =(E7-1)*33.3 -> 33.3 | E7: 2 | G7: =(H7-1)*33.3 -> 33.3 | H7: 2 | J7: =(K7-1)*33.3 -> 33.3 | K7: 2 | M7: =(N7-1)*33.3 -> 33.3 | N7: 2
C8: Engagement & communication | D8: =(E8-1)*33.3 -> 0 | E8: 1 | G8: =(H8-1)*33.3 -> 33.3 | H8: 2 | J8: =(K8-1)*33.3 -> 0 | K8: 1 | M8: =(N8-1)*33.3 -> 33.3 | N8: 2
C9: Implementation roadmap | D9: =(E9-1)*33.3 -> 33.3 | E9: 2 | G9: =(H9-1)*33.3 -> 0 | H9: 1 | J9: =(K9-1)*33.3 -> 33.3 | K9: 2 | M9: =(N9-1)*33.3 -> 0 | N9: 1
C10: Digital related KPIs | D10: =(E10-1)*33.3 -> 0 | E10: 1 | G10: =(H10-1)*33.3 -> 33.3 | H10: 2 | J10: =(K10-1)*33.3 -> 0 | K10: 1 | M10: =(N10-1)*33.3 -> 33.3 | N10: 2
A11: Services provided | D11: =AVERAGE(D13:D15,D17:D19,D21:D22) -> 27.457895 | G11: =AVERAGE(G13:G15,G17:G19,G21:G22) -> 31.693421 | J11: =AVERAGE(J13:J15,J17:J19,J21:J22) -> 27.384868 | M11: =AVERAGE(M13:M15,M17:M19,M21:M22) -> 31.766447
B12: Service digitalization | D12: =AVERAGE(D14:D16,D18:D20,D22:D24) -> 26.841228 | G12: =AVERAGE(G14:G16,G18:G20,G22:G24) -> 29.535088 | J12: =AVERAGE(J14:J16,J18:J20,J22:J24) -> 26.614035 | M12: =AVERAGE(M14:M16,M18:M20,M22:M24) -> 29.762281
C13: Share of digital services | D13: =(E13-1)*33.3 -> 33.3 | E13: 2 | G13: =(H13-1)*33.3 -> 0 | H13: 1 | J13: =(K13-1)*33.3 -> 33.3 | K13: 2 | M13: =(N13-1)*33.3 -> 0 | N13: 1
C14: Automation level | D14: =(E14-1)*33.3 -> 33.3 | E14: 2 | G14: =(H14-1)*33.3 -> 33.3 | H14: 2 | J14: =(K14-1)*33.3 -> 33.3 | K14: 2 | M14: =(N14-1)*33.3 -> 33.3 | N14: 2
C15: Service quality and reliability | D15: =(E15-1)*33.3 -> 33.3 | E15: 2 | G15: =(H15-1)*33.3 -> 33.3 | H15: 2 | J15: =(K15-1)*33.3 -> 33.3 | K15: 2 | M15: =(N15-1)*33.3 -> 33.3 | N15: 2
B16: User experience | D16: =AVERAGE(D17:D19) -> 22.2 | G16: =AVERAGE(G17:G19) -> 44.4 | J16: =AVERAGE(J17:J19) -> 22.2 | M16: =AVERAGE(M17:M19) -> 44.4
C17: Access channels | D17: =(E17-1)*33.3 -> 0 | E17: 1 | G17: =(H17-1)*33.3 -> 66.6 | H17: 3 | J17: =(K17-1)*33.3 -> 0 | K17: 1 | M17: =(N17-1)*33.3 -> 66.6 | N17: 3
C18: Citizen journey | D18: =(E18-1)*33.3 -> 33.3 | E18: 2 | G18: =(H18-1)*33.3 -> 33.3 | H18: 2 | J18: =(K18-1)*33.3 -> 33.3 | K18: 2 | M18: =(N18-1)*33.3 -> 33.3 | N18: 2
C19: Accessibility and inclusion | D19: =(E19-1)*33.3 -> 33.3 | E19: 2 | G19: =(H19-1)*33.3 -> 33.3 | H19: 2 | J19: =(K19-1)*33.3 -> 33.3 | K19: 2 | M19: =(N19-1)*33.3 -> 33.3 | N19: 2
B20: New services development | D20: =AVERAGE(D21:D22) -> 26.581579 | G20: =AVERAGE(G21:G22) -> 26.873684 | J20: =AVERAGE(J21:J22) -> 26.289474 | M20: =AVERAGE(M21:M22) -> 27.165789
C21: Digital service lifecycle | D21: =AVERAGE(D22:D24) -> 19.863158 | E21: 2 | G21: =AVERAGE(G22:G24) -> 20.447368 | H21: 2 | J21: =AVERAGE(J22:J24) -> 19.278947 | K21: 2 | M21: =AVERAGE(M22:M24) -> 21.031579 | N21: 2
C22: Service creation/enhancement | D22: =(E22-1)*33.3 -> 33.3 | E22: 2 | G22: =(H22-1)*33.3 -> 33.3 | H22: 2 | J22: =(K22-1)*33.3 -> 33.3 | K22: 2 | M22: =(N22-1)*33.3 -> 33.3 | N22: 2
C23: Testing and rollout strategies | D23: =(E23-1)*33.3 -> 0 | E23: 1 | G23: =(H23-1)*33.3 -> 0 | H23: 1 | J23: =(K23-1)*33.3 -> 0 | K23: 1 | M23: =(N23-1)*33.3 -> 0 | N23: 1
A24: Capabilities | D24: =AVERAGE(D26:D28,D30:D32,D34:D36,D38:D40,D42:D45,D47:D49) -> 26.289474 | G24: =AVERAGE(G26:G28,G30:G32,G34:G36,G38:G40,G42:G45,G47:G49) -> 28.042105 | J24: =AVERAGE(J26:J28,J30:J32,J34:J36,J38:J40,J42:J45,J47:J49) -> 24.536842 | M24: =AVERAGE(M26:M28,M30:M32,M34:M36,M38:M40,M42:M45,M47:M49) -> 29.794737
B25: Architecture & infrastructure | D25: =AVERAGE(D26:D28) -> 22.2 | G25: =AVERAGE(G26:G28) -> 44.4 | J25: =AVERAGE(J26:J28) -> 22.2 | M25: =AVERAGE(M26:M28) -> 33.3
C26: Architecture & Infrastructure | D26: =(E26-1)*33.3 -> 33.3 | E26: 2 | F26: between 2 and 3 | G26: =(H26-1)*33.3 -> 33.3 | H26: 2 | I26: Potentially 3, but need to ask additional questions to clarify | J26: =(K26-1)*33.3 -> 33.3 | K26: 2 | L26: Very limited systems landscape (the main system is documents management system | M26: =(N26-1)*33.3 -> 33.3 | N26: 2 | O26: Architectural decisions are made by subcontractors. There is no dedicated supervision of the AYNA's core system. Almost half of the systems in AYNA system are still in development
C27: Cloud adoption | D27: =(E27-1)*33.3 -> 33.3 | E27: 2 | F27: Basic G-Cloud adoption | G27: =(H27-1)*33.3 -> 66.6 | H27: 3 | I27: all systems are under G-cloud | J27: =(K27-1)*33.3 -> 33.3 | K27: 2 | M27: =(N27-1)*33.3 -> 66.6 | N27: 3 | O27: Everything is on g cloud
C28: Performance management | D28: =(E28-1)*33.3 -> 0 | E28: 1 | F28: Currently no established performance management tools. Imitiated limited Jira integration 1 month ago, currently in trial and testing period. | G28: =(H28-1)*33.3 -> 33.3 | H28: 2 | I28: No performance monitoring in place atm, but plan to introduce it once hire more people | J28: =(K28-1)*33.3 -> 0 | K28: 1 | M28: =(N28-1)*33.3 -> 0 | N28: 1 | O28: No monitoring, no SLAs
B29: Analytics & AI | D29: =AVERAGE(D30:D32) -> 44.4 | G29: =AVERAGE(G30:G32) -> 22.2 | J29: =AVERAGE(J30:J32) -> 44.4 | M29: =AVERAGE(M30:M32) -> 44.4
C30: Data availability | D30: =(E30-1)*33.3 -> 33.3 | E30: 2 | F30: data is stored by agencies, MDDT statistical division collects it, cleans up and analyzes | G30: =(H30-1)*33.3 -> 33.3 | H30: 2 | I30: Potentially 3, but need to ask additional questions to clarify | J30: =(K30-1)*33.3 -> 33.3 | K30: 2 | M30: =(N30-1)*33.3 -> 33.3 | N30: 2 | O30: Maybe 3, but need to clarify if the data across various modules of AYNA's system is integrated and accessible
C31: Advanced analytics tools | D31: =(E31-1)*33.3 -> 66.6 | E31: 3 | F31: statistical development division uses power BI | G31: =(H31-1)*33.3 -> 0 | H31: 1 | I31: tableau, power BI used by MDDT, no advanced analysis and decisoin making based on collected data, no AI driven tools no AI team | J31: =(K31-1)*33.3 -> 66.6 | K31: 3 | L31: Maybe even 2, because BI use is limited to statistics unit only | M31: =(N31-1)*33.3 -> 66.6 | N31: 3 | O31: Very limited data-driven decision-making and the usage of analytics tools (BI)
C32: Cross-department integration | D32: =(E32-1)*33.3 -> 33.3 | E32: 2 | F32: G-cloud and e-document circulation is adopted, but not in full. 3 years ago were exclusively working on paper. | G32: =(H32-1)*33.3 -> 33.3 | H32: 2 | I32: Limited collaborative projects are in place e-document circulation, data bridge use | J32: =(K32-1)*33.3 -> 33.3 | K32: 2 | M32: =(N32-1)*33.3 -> 33.3 | N32: 2
B33: Data governance | D33: =AVERAGE(D34:D36) -> 22.2 | G33: =AVERAGE(G34:G36) -> 22.2 | J33: =AVERAGE(J34:J36) -> 22.2 | M33: =AVERAGE(M34:M36) -> 22.2
C34: Data policies and management | D34: =(E34-1)*33.3 -> 0 | E34: 1 | F34: no policies | G34: =(H34-1)*33.3 -> 0 | H34: 1 | I34: No policies in place | J34: =(K34-1)*33.3 -> 0 | K34: 1 | M34: =(N34-1)*33.3 -> 0 | N34: 1
C35: Data model & architecture | D35: =(E35-1)*33.3 -> 66.6 | E35: 3 | F35: this is debatable. their statistical division does source data from all subordinate agencies and prepares reports based on it. | G35: =(H35-1)*33.3 -> 33.3 | H35: 2 | I35: There is some level of data integration between 11 systems. Need additional insight. | J35: =(K35-1)*33.3 -> 33.3 | K35: 2 | L35: Need to talk to statistics unit if they have a proper data model and repository | M35: =(N35-1)*33.3 -> 33.3 | N35: 2
C36: Data-driven culture | D36: =(E36-1)*33.3 -> 0 | E36: 1 | F36: some processes are still documented on paper (e.g. HR relevant requests) | G36: =(H36-1)*33.3 -> 33.3 | H36: 2 | I36: The process in integrating digital PM systems has started, planning to expand | J36: =(K36-1)*33.3 -> 33.3 | K36: 2 | M36: =(N36-1)*33.3 -> 33.3 | N36: 2
B37: Integration & partner ecosystem | D37: =AVERAGE(D38:D40) -> 44.4 | G37: =AVERAGE(G38:G40) -> 33.3 | J37: =AVERAGE(J38:J40) -> 33.3 | M37: =AVERAGE(M38:M40) -> 33.3
C38: Partner integration | D38: =(E38-1)*33.3 -> 33.3 | E38: 2 | F38: with plans to establish and monitor a joint repository of all software and tools, including PM dashboards | G38: =(H38-1)*33.3 -> 33.3 | H38: 2 | I38: Collaborration with MDDT, international partners (Turkey) | J38: =(K38-1)*33.3 -> 33.3 | K38: 2 | M38: =(N38-1)*33.3 -> 33.3 | N38: 2
C39: Open protocols/data exchange | D39: =(E39-1)*33.3 -> 66.6 | E39: 3 | F39: Collect data via government bridge, but do not publish yet. Head of strategy commented that opendata.az is a dead projects with interoperability issues, little to no informationa and low adoption | G39: =(H39-1)*33.3 -> 66.6 | H39: 3 | I39: Use e-circulation system and digital bridge. Need to clarify to what extend G-cloud and digital brdge are used. Also need to ask if they have any APIs published on opendata.az | J39: =(K39-1)*33.3 -> 33.3 | K39: 2 | M39: =(N39-1)*33.3 -> 33.3 | N39: 2 | O39: Communication with external entities is via e-circulation system.
C40: Outsourcing capability | D40: =(E40-1)*33.3 -> 33.3 | E40: 2 | F40: No vendor risk assessment or other established due diligence procedures in place | G40: =(H40-1)*33.3 -> 0 | H40: 1 | I40: No risk assessment for vendors | J40: =(K40-1)*33.3 -> 33.3 | K40: 2 | M40: =(N40-1)*33.3 -> 33.3 | N40: 2 | O40: Extensive use of outsourcers
B41: Cyber risk mitigation | D41: =AVERAGE(D42:D45) -> 16.65 | G41: =AVERAGE(G42:G45) -> 8.325 | J41: =AVERAGE(J42:J45) -> 16.65 | M41: =AVERAGE(M42:M45) -> 8.325
C42: Risk model & strategy | D42: =(E42-1)*33.3 -> 33.3 | E42: 2 | F42: No CS strategy or policy is in place | G42: =(H42-1)*33.3 -> 0 | H42: 1 | I42: No strategy in place | J42: =(K42-1)*33.3 -> 33.3 | K42: 2 | M42: =(N42-1)*33.3 -> 0 | N42: 1
C43: Prevention & crisis management | D43: =(E43-1)*33.3 -> 0 | E43: 1 | F43: No risk prevention or mitigation in place | G43: =(H43-1)*33.3 -> 0 | H43: 1 | I43: cs mitigation plan - no plan, no department, no employees | J43: =(K43-1)*33.3 -> 0 | K43: 1 | M43: =(N43-1)*33.3 -> 0 | N43: 1
C44: Cybersecurity tools | D44: =(E44-1)*33.3 -> 33.3 | E44: 2 | F44: Basic tools like antivirus and password update one in 6 months or so are in place | G44: =(H44-1)*33.3 -> 0 | H44: 1 | I44: no specific tools. need to specify if they have any basic quardrails like antivirus, password update, etc | J44: =(K44-1)*33.3 -> 33.3 | K44: 2 | M44: =(N44-1)*33.3 -> 0 | N44: 1
C45: Security & resilience trainings | D45: =(E45-1)*33.3 -> 0 | E45: 1 | F45: Between 1 and 2. Conduct mandatory CS awareness trainings once every 2-3 years, don;t have an established schedule. This year no mandatory trainings are planned, they don't know why | G45: =(H45-1)*33.3 -> 33.3 | H45: 2 | I45: twice a year organized basic IT trainings for all employees, once is a mandatory | J45: =(K45-1)*33.3 -> 0 | K45: 1 | M45: =(N45-1)*33.3 -> 33.3 | N45: 2
B46: Automation of Internal Processes | D46: =AVERAGE(D47:D49) -> 11.1 | G46: =AVERAGE(G47:G49) -> 44.4 | J46: =AVERAGE(J47:J49) -> 11.1 | M46: =AVERAGE(M47:M49) -> 44.4
C47: Automation and integration of processes | D47: =(E47-1)*33.3 -> 33.3 | E47: 2 | F47: USe e-document circulation system, however in some part still rely on paper documentation. Internal automation and integration is limited/on as needed basis. | G47: =(H47-1)*33.3 -> 33.3 | H47: 2 | I47: use e-circulation system and digital bridge. Need to clarify to what extend G-cloud and digital brdge are used. Integration with other agencies goes through ASAN bidge Also need to ask if they have any APIs published on opendata.az | J47: =(K47-1)*33.3 -> 33.3 | K47: 2 | M47: =(N47-1)*33.3 -> 33.3 | N47: 2 | O47: Limitied automation (sometime JIRA is used)
C48: Digital identification | D48: =(E48-1)*33.3 -> 0 | E48: 1 | F48: MDDT does not provide citizen services that would reqiuire digital ID | G48: =(H48-1)*33.3 -> 66.6 | H48: 3 | I48: Website allows the use of digital IDs to access main services | J48: =(K48-1)*33.3 -> 0 | K48: 1 | L48: N\a | M48: =(N48-1)*33.3 -> 66.6 | N48: 3
C49: Level of usage of digital documents by citizens/business | D49: =(E49-1)*33.3 -> 0 | E49: 1 | F49: N/A for MDDT activities, as they are mosty a policy entity. Agencies under MDDT provide citizen/business facing services. | G49: =(H49-1)*33.3 -> 33.3 | H49: 2 | J49: =(K49-1)*33.3 -> 0 | K49: 1 | L49: N\a | M49: =(N49-1)*33.3 -> 33.3 | N49: 2 | O49: Internally, everything is digital. Some people still ask for printed receipts even when they pay digitally. It’s a cultural issue. But we are moving to fully digital.
A50: Operating model | D50: =AVERAGE(D52:D54,D56:D58,D60:D62) -> 25.9 | G50: =AVERAGE(G52:G54,G56:G58,G60:G62) -> 25.9 | J50: =AVERAGE(J52:J54,J56:J58,J60:J62) -> 25.9 | M50: =AVERAGE(M52:M54,M56:M58,M60:M62) -> 25.9
B51: Organizational structure | D51: =AVERAGE(D52:D54) -> 33.3 | G51: =AVERAGE(G52:G54) -> 33.3 | J51: =AVERAGE(J52:J54) -> 33.3 | M51: =AVERAGE(M52:M54) -> 33.3
C52: Digital & data departments | D52: =(E52-1)*33.3 -> 33.3 | E52: 2 | G52: =(H52-1)*33.3 -> 66.6 | H52: 3 | J52: =(K52-1)*33.3 -> 33.3 | K52: 2 | M52: =(N52-1)*33.3 -> 66.6 | N52: 3
C53: Agile methodologies | D53: =(E53-1)*33.3 -> 66.6 | E53: 3 | G53: =(H53-1)*33.3 -> 0 | H53: 1 | J53: =(K53-1)*33.3 -> 66.6 | K53: 3 | M53: =(N53-1)*33.3 -> 0 | N53: 1
C54: x-department collaboration | D54: =(E54-1)*33.3 -> 0 | E54: 1 | G54: =(H54-1)*33.3 -> 33.3 | H54: 2 | J54: =(K54-1)*33.3 -> 0 | K54: 1 | M54: =(N54-1)*33.3 -> 33.3 | N54: 2
B55: Skills & People | D55: =AVERAGE(D56:D58) -> 22.2 | G55: =AVERAGE(G56:G58) -> 11.1 | J55: =AVERAGE(J56:J58) -> 22.2 | M55: =AVERAGE(M56:M58) -> 11.1
C56: Digital literacy | D56: =(E56-1)*33.3 -> 33.3 | E56: 2 | G56: =(H56-1)*33.3 -> 0 | H56: 1 | J56: =(K56-1)*33.3 -> 33.3 | K56: 2 | M56: =(N56-1)*33.3 -> 0 | N56: 1
C57: Tech roles and staffing | D57: =(E57-1)*33.3 -> 33.3 | E57: 2 | G57: =(H57-1)*33.3 -> 33.3 | H57: 2 | J57: =(K57-1)*33.3 -> 33.3 | K57: 2 | M57: =(N57-1)*33.3 -> 33.3 | N57: 2
C58: Learning & Development | D58: =(E58-1)*33.3 -> 0 | E58: 1 | G58: =(H58-1)*33.3 -> 0 | H58: 1 | J58: =(K58-1)*33.3 -> 0 | K58: 1 | M58: =(N58-1)*33.3 -> 0 | N58: 1
B59: Legal capability | D59: =AVERAGE(D60:D62) -> 22.2 | G59: =AVERAGE(G60:G62) -> 33.3 | J59: =AVERAGE(J60:J62) -> 22.2 | M59: =AVERAGE(M60:M62) -> 33.3
C60: Legal/regulatory requirements | D60: =(E60-1)*33.3 -> 0 | E60: 1 | G60: =(H60-1)*33.3 -> 33.3 | H60: 2 | J60: =(K60-1)*33.3 -> 0 | K60: 1 | M60: =(N60-1)*33.3 -> 33.3 | N60: 2
C61: Legal regulatory framework change capacity | D61: =(E61-1)*33.3 -> 33.3 | E61: 2 | G61: =(H61-1)*33.3 -> 33.3 | H61: 2 | J61: =(K61-1)*33.3 -> 33.3 | K61: 2 | M61: =(N61-1)*33.3 -> 33.3 | N61: 2
C62: IDDA IT system registration | D62: =(E62-1)*33.3 -> 33.3 | E62: 2 | G62: =(H62-1)*33.3 -> 33.3 | H62: 2 | J62: =(K62-1)*33.3 -> 33.3 | K62: 2 | M62: =(N62-1)*33.3 -> 33.3 | N62: 2

Sheet DMA_Scores_UPD
A2: 1 | C2: DMA | G2: Across | I2: IDDA | L2: MDDT | O2: Maritime | R2: Aviation | U2: AYNA | X2: ESS | AA2: ICTA | AD2: MoJ
A3: 2
A4: 3
A5: 4 | C5: Pillars | D5: Domains | E5: Capabilities | G5: =AVERAGE(G8:G11,G14:G16,G18:G20,G22:G24,G27:G29,G31:G33,G35:G37,G39:G41,G43:G46,G48:G50,G53:G55,G57:G59,G61:G63) -> 33.909146 | I5: =AVERAGE(I8:I11,I14:I16,I18:I20,I22:I24,I27:I29,I31:I33,I35:I37,I39:I41,I43:I46,I48:I50,I53:I55,I57:I59,I61:I63) -> 53.604878 | L5: =AVERAGE(L8:L11,L14:L16,L18:L20,L22:L24,L27:L29,L31:L33,L35:L37,L39:L41,L43:L46,L48:L50,L53:L55,L57:L59,L61:L63) -> 17.868293 | O5: =AVERAGE(O8:O11,O14:O16,O18:O20,O22:O24,O27:O29,O31:O33,O35:O37,O39:O41,O43:O46,O48:O50,O53:O55,O57:O59,O61:O63) -> 23.553659 | R5: =AVERAGE(R8:R11,R14:R16,R18:R20,R22:R24,R27:R29,R31:R33,R35:R37,R39:R41,R43:R46,R48:R50,R53:R55,R57:R59,R61:R63) -> 10.558537 | U5: =AVERAGE(U8:U11,U14:U16,U18:U20,U22:U24,U27:U29,U31:U33,U35:U37,U39:U41,U43:U46,U48:U50,U53:U55,U57:U59,U61:U63) -> 44.670732 | X5: =AVERAGE(X8:X11,X14:X16,X18:X20,X22:X24,X27:X29,X31:X33,X35:X37,X39:X41,X43:X46,X48:X50,X53:X55,X57:X59,X61:X63) -> 21.117073 | AA5: =AVERAGE(AA8:AA11,AA14:AA16,AA18:AA20,AA22:AA24,AA27:AA29,AA31:AA33,AA35:AA37,AA39:AA41,AA43:AA46,AA48:AA50,AA53:AA55,AA57:AA59,AA61:AA63) -> 60.102439 | AD5: =AVERAGE(AD8:AD11,AD14:AD16,AD18:AD20,AD22:AD24,AD27:AD29,AD31:AD33,AD35:AD37,AD39:AD41,AD43:AD46,AD48:AD50,AD53:AD55,AD57:AD59,AD61:AD63) -> 39.797561
A6: 5 | C6: Strategy | G6: =G7 -> 30.178125 | I6: =I7 -> 58.275 | L6: =L7 -> 16.65 | O6: =O7 -> 24.975 | R6: =R7 -> 0 | U6: =U7 -> 41.625 | X6: =X7 -> 0 | AA6: =AA7 -> 66.6 | AD6: =AD7 -> 33.3
A7: 6 | D7: Vision and roadmap | G7: =AVERAGE(G8:G11) -> 30.178125 | I7: =AVERAGE(I8:I11) -> 58.275 | L7: =AVERAGE(L8:L11) -> 16.65 | O7: =IFERROR(AVERAGE(O8:O11),"") -> 24.975 | R7: =IFERROR(AVERAGE(R8:R11),"") -> 0 | U7: =AVERAGE(U8:U11) -> 41.625 | X7: =AVERAGE(X8:X11) -> 0 | AA7: =AVERAGE(AA8:AA11) -> 66.6 | AD7: =AVERAGE(AD8:AD11) -> 33.3
A8: 7 | E8: Target state definition | G8: =AVERAGE(I8,L8,O8,R8,U8,X8,AA8,AD8) -> 29.1375 | I8: =(J8-1)*33.3 -> 66.6 | J8: {=INDIRECT(I$2&"!G"&$A8)} -> 3 | L8: =(M8-1)*33.3 -> 0 | M8: {=INDIRECT(L$2&"!G"&$A8)} -> 1 | O8: =IF(P8=0,"",(P8-1)*33.3) -> 33.3 | P8: {=INDIRECT(O$2&"!G"&$A8)} -> 2 | R8: =IF(S8=0,"",(S8-1)*33.3) -> 0 | S8: {=INDIRECT(R$2&"!G"&$A8)} -> 1 | U8: =(V8-1)*33.3 -> 33.3 | V8: {=INDIRECT(U$2&"!G"&$A9)} -> 2 | X8: =(Y8-1)*33.3 -> 0 | Y8: {=INDIRECT(X$2&"!G"&$A8)} -> 1 | AA8: =(AB8-1)*33.3 -> 66.6 | AB8: {=INDIRECT(AA$2&"!G"&$A8)} -> 3 | AD8: =(AE8-1)*33.3 -> 33.3 | AE8: {=INDIRECT(AD$2&"!G"&$A8)} -> 2
A9: 8 | E9: Engagement & communication | G9: =AVERAGE(I9,L9,O9,R9,U9,X9,AA9,AD9) -> 29.1375 | I9: =(J9-1)*33.3 -> 66.6 | J9: {=INDIRECT(I$2&"!G"&$A9)} -> 3 | L9: =(M9-1)*33.3 -> 33.3 | M9: {=INDIRECT(L$2&"!G"&$A9)} -> 2 | O9: =IF(P9=0,"",(P9-1)*33.3) -> 0 | P9: {=INDIRECT(O$2&"!G"&$A9)} -> 1 | R9: =IF(S9=0,"",(S9-1)*33.3) -> 0 | S9: {=INDIRECT(R$2&"!G"&$A9)} -> 1 | U9: =(V9-1)*33.3 -> 33.3 | V9: {=INDIRECT(U$2&"!G"&$A10)} -> 2 | X9: =(Y9-1)*33.3 -> 0 | Y9: {=INDIRECT(X$2&"!G"&$A9)} -> 1 | AA9: =(AB9-1)*33.3 -> 66.6 | AB9: {=INDIRECT(AA$2&"!G"&$A9)} -> 3 | AD9: =(AE9-1)*33.3 -> 33.3 | AE9: {=INDIRECT(AD$2&"!G"&$A9)} -> 2
A10: 9 | E10: Implementation roadmap | G10: =AVERAGE(I10,L10,O10,R10,U10,X10,AA10,AD10) -> 29.1375 | I10: =(J10-1)*33.3 -> 33.3 | J10: {=INDIRECT(I$2&"!G"&$A10)} -> 2 | L10: =(M10-1)*33.3 -> 0 | M10: {=INDIRECT(L$2&"!G"&$A10)} -> 1 | O10: =IF(P10=0,"",(P10-1)*33.3) -> 33.3 | P10: {=INDIRECT(O$2&"!G"&$A10)} -> 2 | R10: =IF(S10=0,"",(S10-1)*33.3) -> 0 | S10: {=INDIRECT(R$2&"!G"&$A10)} -> 1 | U10: =(V10-1)*33.3 -> 66.6 | V10: {=INDIRECT(U$2&"!G"&$A11)} -> 3 | X10: =(Y10-1)*33.3 -> 0 | Y10: {=INDIRECT(X$2&"!G"&$A10)} -> 1 | AA10: =(AB10-1)*33.3 -> 66.6 | AB10: {=INDIRECT(AA$2&"!G"&$A10)} -> 3 | AD10: =(AE10-1)*33.3 -> 33.3 | AE10: {=INDIRECT(AD$2&"!G"&$A10)} -> 2
A11: 10 | E11: Digital related KPIs | G11: =AVERAGE(I11,L11,O11,R11,U11,X11,AA11,AD11) -> 33.3 | I11: =(J11-1)*33.3 -> 66.6 | J11: {=INDIRECT(I$2&"!G"&$A11)} -> 3 | L11: =(M11-1)*33.3 -> 33.3 | M11: {=INDIRECT(L$2&"!G"&$A11)} -> 2 | O11: =IF(P11=0,"",(P11-1)*33.3) -> 33.3 | P11: {=INDIRECT(O$2&"!G"&$A11)} -> 2 | R11: =IF(S11=0,"",(S11-1)*33.3) -> 0 | S11: {=INDIRECT(R$2&"!G"&$A11)} -> 1 | U11: =(V11-1)*33.3 -> 33.3 | V11: {=INDIRECT(U$2&"!G"&$A12)} -> 2 | X11: =(Y11-1)*33.3 -> 0 | Y11: {=INDIRECT(X$2&"!G"&$A11)} -> 1 | AA11: =(AB11-1)*33.3 -> 66.6 | AB11: {=INDIRECT(AA$2&"!G"&$A11)} -> 3 | AD11: =(AE11-1)*33.3 -> 33.3 | AE11: {=INDIRECT(AD$2&"!G"&$A11)} -> 2
A12: 11 | C12: Services provided | G12: =AVERAGE(G14:G16,G18:G20,G22:G24) -> 38.85 | I12: =AVERAGE(I14:I16,I18:I20,I22:I24) -> 51.8 | L12: =AVERAGE(L14:L16,L18:L20,L22:L24) -> 14.8 | O12: =AVERAGE(O14:O16,O18:O20,O22:O24) -> 33.3 | R12: =IFERROR(AVERAGE(R13,R17,R21),"") -> 11.1 | U12: =AVERAGE(U14:U16,U18:U20,U22:U24) -> 44.4 | X12: =AVERAGE(X14:X16,X18:X20,X22:X24) -> 29.6 | AA12: =AVERAGE(AA14:AA16,AA18:AA20,AA22:AA24) -> 66.6 | AD12: =AVERAGE(AD14:AD16,AD18:AD20,AD22:AD24) -> 59.2
A13: 12 | D13: Service digitalization | G13: =AVERAGE(G14:G16) -> 44.4 | I13: =AVERAGE(I14:I16) -> 44.4 | L13: =IFERROR(AVERAGE(L14:L16),"") -> 22.2 | O13: =IFERROR(AVERAGE(O14:O16),"") -> 33.3 | R13: =IFERROR(AVERAGE(R14:R16),"") -> 22.2 | U13: =AVERAGE(U14:U16) -> 55.5 | X13: =AVERAGE(X14:X16) -> 33.3 | AA13: =AVERAGE(AA14:AA16) -> 77.7 | AD13: =AVERAGE(AD14:AD16) -> 66.6
A14: 13 | E14: Share of digital services | G14: =AVERAGE(I14,L14,O14,R14,U14,X14,AA14,AD14) -> 49.95 | I14: =(J14-1)*33.3 -> 66.6 | J14: {=INDIRECT(I$2&"!G"&$A14)} -> 3 | L14: =(M14-1)*33.3 -> 0 | M14: {=INDIRECT(L$2&"!G"&$A14)} -> 1 | O14: =IF(P14=0,"",(P14-1)*33.3) -> 33.3 | P14: {=INDIRECT(O$2&"!G"&$A14)} -> 2 | R14: =IF(S14=0,"",(S14-1)*33.3) -> 33.3 | S14: {=INDIRECT(R$2&"!G"&$A14)} -> 2 | U14: =(V14-1)*33.3 -> 66.6 | V14: {=INDIRECT(U$2&"!G"&$A15)} -> 3 | X14: =(Y14-1)*33.3 -> 33.3 | Y14: {=INDIRECT(X$2&"!G"&$A14)} -> 2 | AA14: =(AB14-1)*33.3 -> 99.9 | AB14: {=INDIRECT(AA$2&"!G"&$A14)} -> 4 | AD14: =(AE14-1)*33.3 -> 66.6 | AE14: {=INDIRECT(AD$2&"!G"&$A14)} -> 3
A15: 14 | E15: Automation level | G15: =AVERAGE(I15,L15,O15,R15,U15,X15,AA15,AD15) -> 37.4625 | I15: =(J15-1)*33.3 -> 33.3 | J15: {=INDIRECT(I$2&"!G"&$A15)} -> 2 | L15: =(M15-1)*33.3 -> 33.3 | M15: {=INDIRECT(L$2&"!G"&$A15)} -> 2 | O15: =IF(P15=0,"",(P15-1)*33.3) -> 33.3 | P15: {=INDIRECT(O$2&"!G"&$A15)} -> 2 | R15: =IF(S15=0,"",(S15-1)*33.3) -> 0 | S15: {=INDIRECT(R$2&"!G"&$A15)} -> 1 | U15: =(V15-1)*33.3 -> 33.3 | V15: {=INDIRECT(U$2&"!G"&$A16)} -> 2 | X15: =(Y15-1)*33.3 -> 33.3 | Y15: {=INDIRECT(X$2&"!G"&$A15)} -> 2 | AA15: =(AB15-1)*33.3 -> 66.6 | AB15: {=INDIRECT(AA$2&"!G"&$A15)} -> 3 | AD15: =(AE15-1)*33.3 -> 66.6 | AE15: {=INDIRECT(AD$2&"!G"&$A15)} -> 3
A16: 15 | E16: Service quality and reliability | G16: =AVERAGE(I16,L16,O16,R16,U16,X16,AA16,AD16) -> 45.7875 | I16: =(J16-1)*33.3 -> 33.3 | J16: {=INDIRECT(I$2&"!G"&$A16)} -> 2 | L16: =(M16-1)*33.3 -> 33.3 | M16: {=INDIRECT(L$2&"!G"&$A16)} -> 2 | O16: =IF(P16=0,"",(P16-1)*33.3) -> 33.3 | P16: {=INDIRECT(O$2&"!G"&$A16)} -> 2 | R16: =IF(S16=0,"",(S16-1)*33.3) -> 33.3 | S16: {=INDIRECT(R$2&"!G"&$A16)} -> 2 | U16: =(V16-1)*33.3 -> 66.6 | V16: {=INDIRECT(U$2&"!G"&$A17)} -> 3 | X16: =(Y16-1)*33.3 -> 33.3 | Y16: {=INDIRECT(X$2&"!G"&$A16)} -> 2 | AA16: =(AB16-1)*33.3 -> 66.6 | AB16: {=INDIRECT(AA$2&"!G"&$A16)} -> 3 | AD16: =(AE16-1)*33.3 -> 66.6 | AE16: {=INDIRECT(AD$2&"!G"&$A16)} -> 3
A17: 16 | D17: User experience | G17: =AVERAGE(I17,L17,O17,R17,U17,X17,AA17,AD17) -> 40.2375 | I17: =AVERAGE(I18:I20) -> 66.6 | L17: =IFERROR(AVERAGE(L18:L20),"") -> 22.2 | M17: {=INDIRECT(L$2&"!G"&$A17)} -> 0 | O17: =IFERROR(AVERAGE(O18:O20),"") -> 33.3 | R17: =IFERROR(AVERAGE(R18:R20),"") -> 11.1 | U17: =AVERAGE(U18:U20) -> 44.4 | X17: =AVERAGE(X18:X20) -> 33.3 | AA17: =AVERAGE(AA18:AA20) -> 55.5 | AD17: =AVERAGE(AD18:AD20) -> 55.5
A18: 17 | E18: Access channels | G18: =AVERAGE(I18,L18,O18,R18,U18,X18,AA18,AD18) -> 41.625 | I18: =(J18-1)*33.3 -> 66.6 | J18: {=INDIRECT(I$2&"!G"&$A18)} -> 3 | L18: =(M18-1)*33.3 -> 0 | M18: {=INDIRECT(L$2&"!G"&$A18)} -> 1 | O18: =IF(P18=0,"",(P18-1)*33.3) -> 33.3 | P18: {=INDIRECT(O$2&"!G"&$A18)} -> 2 | R18: =IF(S18=0,"",(S18-1)*33.3) -> 0 | S18: {=INDIRECT(R$2&"!G"&$A18)} -> 1 | U18: =(V18-1)*33.3 -> 66.6 | V18: {=INDIRECT(U$2&"!G"&$A19)} -> 3 | X18: =(Y18-1)*33.3 -> 33.3 | Y18: {=INDIRECT(X$2&"!G"&$A18)} -> 2 | AA18: =(AB18-1)*33.3 -> 66.6 | AB18: {=INDIRECT(AA$2&"!G"&$A18)} -> 3 | AD18: =(AE18-1)*33.3 -> 66.6 | AE18: {=INDIRECT(AD$2&"!G"&$A18)} -> 3
A19: 18 | E19: Citizen journey | G19: =AVERAGE(I19,L19,O19,R19,U19,X19,AA19,AD19) -> 45.7875 | I19: =(J19-1)*33.3 -> 66.6 | J19: {=INDIRECT(I$2&"!G"&$A19)} -> 3 | L19: =(M19-1)*33.3 -> 0 | M19: {=INDIRECT(L$2&"!G"&$A19)} -> 1 | O19: =IF(P19=0,"",(P19-1)*33.3) -> 33.3 | P19: {=INDIRECT(O$2&"!G"&$A19)} -> 2 | R19: =IF(S19=0,"",(S19-1)*33.3) -> 33.3 | S19: {=INDIRECT(R$2&"!G"&$A19)} -> 2 | U19: =(V19-1)*33.3 -> 66.6 | V19: {=INDIRECT(U$2&"!G"&$A20)} -> 3 | X19: =(Y19-1)*33.3 -> 33.3 | Y19: {=INDIRECT(X$2&"!G"&$A19)} -> 2 | AA19: =(AB19-1)*33.3 -> 66.6 | AB19: {=INDIRECT(AA$2&"!G"&$A19)} -> 3 | AD19: =(AE19-1)*33.3 -> 66.6 | AE19: {=INDIRECT(AD$2&"!G"&$A19)} -> 3
A20: 19 | E20: Accessibility and inclusion | G20: =AVERAGE(I20,L20,O20,R20,U20,X20,AA20,AD20) -> 33.3 | I20: =(J20-1)*33.3 -> 66.6 | J20: {=INDIRECT(I$2&"!G"&$A20)} -> 3 | L20: =(M20-1)*33.3 -> 66.6 | M20: {=INDIRECT(L$2&"!G"&$A20)} -> 3 | O20: =IF(P20=0,"",(P20-1)*33.3) -> 33.3 | P20: {=INDIRECT(O$2&"!G"&$A20)} -> 2 | R20: =IF(S20=0,"",(S20-1)*33.3) -> 0 | S20: {=INDIRECT(R$2&"!G"&$A20)} -> 1 | U20: =(V20-1)*33.3 -> 0 | V20: {=INDIRECT(U$2&"!G"&$A21)} -> 1 | X20: =(Y20-1)*33.3 -> 33.3 | Y20: {=INDIRECT(X$2&"!G"&$A20)} -> 2 | AA20: =(AB20-1)*33.3 -> 33.3 | AB20: {=INDIRECT(AA$2&"!G"&$A20)} -> 2 | AD20: =(AE20-1)*33.3 -> 33.3 | AE20: {=INDIRECT(AD$2&"!G"&$A20)} -> 2
A21: 20 | D21: New services development | G21: =AVERAGE(I21,L21,O21,R21,U21,X21,AA21,AD21) -> 31.9125 | I21: =AVERAGE(I22:I24) -> 44.4 | L21: =IFERROR(AVERAGE(L22:L24),"") -> 0 | O21: =IFERROR(AVERAGE(O22:O24),"") -> 33.3 | R21: =IFERROR(AVERAGE(R22:R24),"") -> 0 | U21: =AVERAGE(U22:U24) -> 33.3 | X21: =AVERAGE(X22:X24) -> 22.2 | AA21: =AVERAGE(AA22:AA24) -> 66.6 | AD21: =AVERAGE(AD22:AD24) -> 55.5
A22: 21 | E22: Digital service lifecycle | G22: =AVERAGE(I22,L22,O22,R22,U22,X22,AA22,AD22) -> 37.4625 | I22: =(J22-1)*33.3 -> 66.6 | J22: {=INDIRECT(I$2&"!G"&$A22)} -> 3 | L22: =(M22-1)*33.3 -> 0 | M22: {=INDIRECT(L$2&"!G"&$A22)} -> 1 | O22: =IF(P22=0,"",(P22-1)*33.3) -> 33.3 | P22: {=INDIRECT(O$2&"!G"&$A22)} -> 2 | R22: =IF(S22=0,"",(S22-1)*33.3) -> 0 | S22: {=INDIRECT(R$2&"!G"&$A22)} -> 1 | U22: =(V22-1)*33.3 -> 33.3 | V22: {=INDIRECT(U$2&"!G"&$A23)} -> 2 | X22: =(Y22-1)*33.3 -> 33.3 | Y22: {=INDIRECT(X$2&"!G"&$A22)} -> 2 | AA22: =(AB22-1)*33.3 -> 66.6 | AB22: {=INDIRECT(AA$2&"!G"&$A22)} -> 3 | AD22: =(AE22-1)*33.3 -> 66.6 | AE22: {=INDIRECT(AD$2&"!G"&$A22)} -> 3
A23: 22 | E23: Service creation/enhancement | G23: =AVERAGE(I23,L23,O23,R23,U23,X23,AA23,AD23) -> 33.3 | I23: =(J23-1)*33.3 -> 33.3 | J23: {=INDIRECT(I$2&"!G"&$A23)} -> 2 | L23: =(M23-1)*33.3 -> 0 | M23: {=INDIRECT(L$2&"!G"&$A23)} -> 1 | O23: =IF(P23=0,"",(P23-1)*33.3) -> 33.3 | P23: {=INDIRECT(O$2&"!G"&$A23)} -> 2 | R23: =IF(S23=0,"",(S23-1)*33.3) -> 0 | S23: {=INDIRECT(R$2&"!G"&$A23)} -> 1 | U23: =(V23-1)*33.3 -> 33.3 | V23: {=INDIRECT(U$2&"!G"&$A24)} -> 2 | X23: =(Y23-1)*33.3 -> 33.3 | Y23: {=INDIRECT(X$2&"!G"&$A23)} -> 2 | AA23: =(AB23-1)*33.3 -> 66.6 | AB23: {=INDIRECT(AA$2&"!G"&$A23)} -> 3 | AD23: =(AE23-1)*33.3 -> 66.6 | AE23: {=INDIRECT(AD$2&"!G"&$A23)} -> 3
A24: 23 | E24: Testing and rollout strategies | G24: =AVERAGE(I24,L24,O24,R24,U24,X24,AA24,AD24) -> 24.975 | I24: =(J24-1)*33.3 -> 33.3 | J24: {=INDIRECT(I$2&"!G"&$A24)} -> 2 | L24: =(M24-1)*33.3 -> 0 | M24: {=INDIRECT(L$2&"!G"&$A24)} -> 1 | O24: =IF(P24=0,"",(P24-1)*33.3) -> 33.3 | P24: {=INDIRECT(O$2&"!G"&$A24)} -> 2 | R24: =IF(S24=0,"",(S24-1)*33.3) -> 0 | S24: {=INDIRECT(R$2&"!G"&$A24)} -> 1 | U24: =(V24-1)*33.3 -> 33.3 | V24: {=INDIRECT(U$2&"!G"&$A25)} -> 2 | X24: =(Y24-1)*33.3 -> 0 | Y24: {=INDIRECT(X$2&"!G"&$A24)} -> 1 | AA24: =(AB24-1)*33.3 -> 66.6 | AB24: {=INDIRECT(AA$2&"!G"&$A24)} -> 3 | AD24: =(AE24-1)*33.3 -> 33.3 | AE24: {=INDIRECT(AD$2&"!G"&$A24)} -> 2
A25: 24 | C25: Capabilities | G25: =AVERAGE(G27:G29,G31:G33,G35:G37,G39:G41,G43:G46,G48:G50) -> 32.204605 | I25: =AVERAGE(I27:I29,I31:I33,I35:I37,I39:I41,I43:I46,I48:I50) -> 52.578947 | L25: =AVERAGE(L27:L29,L31:L33,L35:L37,L39:L41,L43:L46,L48:L50) -> 15.773684 | O25: =IFERROR(AVERAGE(O26,O30,O34,O38,O42,O47),"") -> 18.9625 | R25: =IFERROR(AVERAGE(R26,R30,R34,R38,R42,R47),"") -> 11.5625 | U25: =AVERAGE(U27:U29,U31:U33,U35:U37,U39:U41,U43:U46,U48:U50) -> 47.321053 | X25: =AVERAGE(X27:X29,X31:X33,X35:X37,X39:X41,X43:X46,X48:X50) -> 21.031579 | AA25: =AVERAGE(AA27:AA29,AA31:AA33,AA35:AA37,AA39:AA41,AA43:AA46,AA48:AA50) -> 56.084211 | AD25: =AVERAGE(AD27:AD29,AD31:AD33,AD35:AD37,AD39:AD41,AD43:AD46,AD48:AD50) -> 33.3
A26: 25 | D26: Architecture & infrastructure | G26: =AVERAGE(I26,L26,O26,R26,U26,X26,AA26,AD26) -> 36.075 | I26: =AVERAGE(I27:I29) -> 66.6 | L26: =AVERAGE(L27:L29) -> 11.1 | O26: =IFERROR(AVERAGE(O27:O29),"") -> 22.2 | R26: =IFERROR(AVERAGE(R27:R29),"") -> 0 | U26: =AVERAGE(U27:U29) -> 66.6 | X26: =AVERAGE(X27:X29) -> 33.3 | AA26: =AVERAGE(AA27:AA29) -> 55.5 | AD26: =AVERAGE(AD27:AD29) -> 33.3
A27: 26 | E27: Architecture & Infrastructure | G27: =AVERAGE(I27,L27,O27,R27,U27,X27,AA27,AD27) -> 33.3 | I27: =(J27-1)*33.3 -> 66.6 | J27: {=INDIRECT(I$2&"!G"&$A27)} -> 3 | L27: =(M27-1)*33.3 -> 0 | M27: {=INDIRECT(L$2&"!G"&$A27)} -> 1 | O27: =IF(P27=0,"",(P27-1)*33.3) -> 0 | P27: {=INDIRECT(O$2&"!G"&$A27)} -> 1 | R27: =IF(S27=0,"",(S27-1)*33.3) -> 0 | S27: {=INDIRECT(R$2&"!G"&$A27)} -> 1 | U27: =(V27-1)*33.3 -> 66.6 | V27: {=INDIRECT(U$2&"!G"&$A28)} -> 3 | X27: =(Y27-1)*33.3 -> 33.3 | Y27: {=INDIRECT(X$2&"!G"&$A27)} -> 2 | AA27: =(AB27-1)*33.3 -> 66.6 | AB27: {=INDIRECT(AA$2&"!G"&$A27)} -> 3 | AD27: =(AE27-1)*33.3 -> 33.3 | AE27: {=INDIRECT(AD$2&"!G"&$A27)} -> 2
A28: 27 | E28: Cloud adoption | G28: =AVERAGE(I28,L28,O28,R28,U28,X28,AA28,AD28) -> 41.625 | I28: =(J28-1)*33.3 -> 66.6 | J28: {=INDIRECT(I$2&"!G"&$A28)} -> 3 | L28: =(M28-1)*33.3 -> 33.3 | M28: {=INDIRECT(L$2&"!G"&$A28)} -> 2 | O28: =IF(P28=0,"",(P28-1)*33.3) -> 33.3 | P28: {=INDIRECT(O$2&"!G"&$A28)} -> 2 | R28: =IF(S28=0,"",(S28-1)*33.3) -> 0 | S28: {=INDIRECT(R$2&"!G"&$A28)} -> 1 | U28: =(V28-1)*33.3 -> 66.6 | V28: {=INDIRECT(U$2&"!G"&$A29)} -> 3 | X28: =(Y28-1)*33.3 -> 33.3 | Y28: {=INDIRECT(X$2&"!G"&$A28)} -> 2 | AA28: =(AB28-1)*33.3 -> 66.6 | AB28: {=INDIRECT(AA$2&"!G"&$A28)} -> 3 | AD28: =(AE28-1)*33.3 -> 33.3 | AE28: {=INDIRECT(AD$2&"!G"&$A28)} -> 2
A29: 28 | E29: Performance management | G29: =AVERAGE(I29,L29,O29,R29,U29,X29,AA29,AD29) -> 33.3 | I29: =(J29-1)*33.3 -> 66.6 | J29: {=INDIRECT(I$2&"!G"&$A29)} -> 3 | L29: =(M29-1)*33.3 -> 0 | M29: {=INDIRECT(L$2&"!G"&$A29)} -> 1 | O29: =IF(P29=0,"",(P29-1)*33.3) -> 33.3 | P29: {=INDIRECT(O$2&"!G"&$A29)} -> 2 | R29: =IF(S29=0,"",(S29-1)*33.3) -> 0 | S29: {=INDIRECT(R$2&"!G"&$A29)} -> 1 | U29: =(V29-1)*33.3 -> 66.6 | V29: {=INDIRECT(U$2&"!G"&$A30)} -> 3 | X29: =(Y29-1)*33.3 -> 33.3 | Y29: {=INDIRECT(X$2&"!G"&$A29)} -> 2 | AA29: =(AB29-1)*33.3 -> 33.3 | AB29: {=INDIRECT(AA$2&"!G"&$A29)} -> 2 | AD29: =(AE29-1)*33.3 -> 33.3 | AE29: {=INDIRECT(AD$2&"!G"&$A29)} -> 2
A30: 29 | D30: Analytics & AI | G30: =AVERAGE(G31:G33) -> 34.6875 | I30: =AVERAGE(I31:I33) -> 55.5 | L30: =AVERAGE(L31:L33) -> 22.2 | O30: =IFERROR(AVERAGE(O31:O33),"") -> 22.2 | R30: =IFERROR(AVERAGE(R31:R33),"") -> 11.1 | U30: =AVERAGE(U31:U33) -> 55.5 | X30: =AVERAGE(X31:X33) -> 22.2 | AA30: =AVERAGE(AA31:AA33) -> 66.6 | AD30: =AVERAGE(AD31:AD33) -> 22.2
A31: 30 | E31: Data availability | G31: =AVERAGE(I31,L31,O31,R31,U31,X31,AA31,AD31) -> 33.3 | I31: =(J31-1)*33.3 -> 33.3 | J31: {=INDIRECT(I$2&"!G"&$A31)} -> 2 | L31: =(M31-1)*33.3 -> 0 | M31: {=INDIRECT(L$2&"!G"&$A31)} -> 1 | O31: =IF(P31=0,"",(P31-1)*33.3) -> 33.3 | P31: {=INDIRECT(O$2&"!G"&$A31)} -> 2 | R31: =IF(S31=0,"",(S31-1)*33.3) -> 33.3 | S31: {=INDIRECT(R$2&"!G"&$A31)} -> 2 | U31: =(V31-1)*33.3 -> 33.3 | V31: {=INDIRECT(U$2&"!G"&$A32)} -> 2 | X31: =(Y31-1)*33.3 -> 33.3 | Y31: {=INDIRECT(X$2&"!G"&$A31)} -> 2 | AA31: =(AB31-1)*33.3 -> 66.6 | AB31: {=INDIRECT(AA$2&"!G"&$A31)} -> 3 | AD31: =(AE31-1)*33.3 -> 33.3 | AE31: {=INDIRECT(AD$2&"!G"&$A31)} -> 2
A32: 31 | E32: Advanced analytics tools | G32: =AVERAGE(I32,L32,O32,R32,U32,X32,AA32,AD32) -> 37.4625 | I32: =(J32-1)*33.3 -> 66.6 | J32: {=INDIRECT(I$2&"!G"&$A32)} -> 3 | L32: =(M32-1)*33.3 -> 33.3 | M32: {=INDIRECT(L$2&"!G"&$A32)} -> 2 | O32: =IF(P32=0,"",(P32-1)*33.3) -> 0 | P32: {=INDIRECT(O$2&"!G"&$A32)} -> 1 | R32: =IF(S32=0,"",(S32-1)*33.3) -> 0 | S32: {=INDIRECT(R$2&"!G"&$A32)} -> 1 | U32: =(V32-1)*33.3 -> 66.6 | V32: {=INDIRECT(U$2&"!G"&$A33)} -> 3 | X32: =(Y32-1)*33.3 -> 33.3 | Y32: {=INDIRECT(X$2&"!G"&$A32)} -> 2 | AA32: =(AB32-1)*33.3 -> 66.6 | AB32: {=INDIRECT(AA$2&"!G"&$A32)} -> 3 | AD32: =(AE32-1)*33.3 -> 33.3 | AE32: {=INDIRECT(AD$2&"!G"&$A32)} -> 2
A33: 32 | E33: Cross-department integration | G33: =AVERAGE(I33,L33,O33,R33,U33,X33,AA33,AD33) -> 33.3 | I33: =(J33-1)*33.3 -> 66.6 | J33: {=INDIRECT(I$2&"!G"&$A33)} -> 3 | L33: =(M33-1)*33.3 -> 33.3 | M33: {=INDIRECT(L$2&"!G"&$A33)} -> 2 | O33: =IF(P33=0,"",(P33-1)*33.3) -> 33.3 | P33: {=INDIRECT(O$2&"!G"&$A33)} -> 2 | R33: =IF(S33=0,"",(S33-1)*33.3) -> 0 | S33: {=INDIRECT(R$2&"!G"&$A33)} -> 1 | U33: =(V33-1)*33.3 -> 66.6 | V33: {=INDIRECT(U$2&"!G"&$A34)} -> 3 | X33: =(Y33-1)*33.3 -> 0 | Y33: {=INDIRECT(X$2&"!G"&$A33)} -> 1 | AA33: =(AB33-1)*33.3 -> 66.6 | AB33: {=INDIRECT(AA$2&"!G"&$A33)} -> 3 | AD33: =(AE33-1)*33.3 -> 0 | AE33: {=INDIRECT(AD$2&"!G"&$A33)} -> 1
A34: 33 | D34: Data governance | G34: =AVERAGE(G35:G37) -> 18.0375 | I34: =AVERAGE(I35:I37) -> 33.3 | L34: =AVERAGE(L35:L37) -> 11.1 | O34: =IFERROR(AVERAGE(O35:O37),"") -> 0 | R34: =IFERROR(AVERAGE(R35:R37),"") -> 11.1 | U34: =AVERAGE(U35:U37) -> 22.2 | X34: =AVERAGE(X35:X37) -> 0 | AA34: =AVERAGE(AA35:AA37) -> 66.6 | AD34: =AVERAGE(AD35:AD37) -> 0
A35: 34 | E35: Data policies and management | G35: =AVERAGE(I35,L35,O35,R35,U35,X35,AA35,AD35) -> 16.65 | I35: =(J35-1)*33.3 -> 33.3 | J35: {=INDIRECT(I$2&"!G"&$A35)} -> 2 | L35: =(M35-1)*33.3 -> 0 | M35: {=INDIRECT(L$2&"!G"&$A35)} -> 1 | O35: =IF(P35=0,"",(P35-1)*33.3) -> 0 | P35: {=INDIRECT(O$2&"!G"&$A35)} -> 1 | R35: =IF(S35=0,"",(S35-1)*33.3) -> 33.3 | S35: {=INDIRECT(R$2&"!G"&$A35)} -> 2 | U35: =(V35-1)*33.3 -> 0 | V35: {=INDIRECT(U$2&"!G"&$A36)} -> 1 | X35: =(Y35-1)*33.3 -> 0 | Y35: {=INDIRECT(X$2&"!G"&$A35)} -> 1 | AA35: =(AB35-1)*33.3 -> 66.6 | AB35: {=INDIRECT(AA$2&"!G"&$A35)} -> 3 | AD35: =(AE35-1)*33.3 -> 0 | AE35: {=INDIRECT(AD$2&"!G"&$A35)} -> 1
A36: 35 | E36: Data model & architecture | G36: =AVERAGE(I36,L36,O36,R36,U36,X36,AA36,AD36) -> 20.8125 | I36: =(J36-1)*33.3 -> 33.3 | J36: {=INDIRECT(I$2&"!G"&$A36)} -> 2 | L36: =(M36-1)*33.3 -> 33.3 | M36: {=INDIRECT(L$2&"!G"&$A36)} -> 2 | O36: =IF(P36=0,"",(P36-1)*33.3) -> 0 | P36: {=INDIRECT(O$2&"!G"&$A36)} -> 1 | R36: =IF(S36=0,"",(S36-1)*33.3) -> 0 | S36: {=INDIRECT(R$2&"!G"&$A36)} -> 1 | U36: =(V36-1)*33.3 -> 33.3 | V36: {=INDIRECT(U$2&"!G"&$A37)} -> 2 | X36: =(Y36-1)*33.3 -> 0 | Y36: {=INDIRECT(X$2&"!G"&$A36)} -> 1 | AA36: =(AB36-1)*33.3 -> 66.6 | AB36: {=INDIRECT(AA$2&"!G"&$A36)} -> 3 | AD36: =(AE36-1)*33.3 -> 0 | AE36: {=INDIRECT(AD$2&"!G"&$A36)} -> 1
A37: 36 | E37: Data-driven culture | G37: =AVERAGE(I37,L37,O37,R37,U37,X37,AA37,AD37) -> 16.65 | I37: =(J37-1)*33.3 -> 33.3 | J37: {=INDIRECT(I$2&"!G"&$A37)} -> 2 | L37: =(M37-1)*33.3 -> 0 | M37: {=INDIRECT(L$2&"!G"&$A37)} -> 1 | O37: =IF(P37=0,"",(P37-1)*33.3) -> 0 | P37: {=INDIRECT(O$2&"!G"&$A37)} -> 1 | R37: =IF(S37=0,"",(S37-1)*33.3) -> 0 | S37: {=INDIRECT(R$2&"!G"&$A37)} -> 1 | U37: =(V37-1)*33.3 -> 33.3 | V37: {=INDIRECT(U$2&"!G"&$A38)} -> 2 | X37: =(Y37-1)*33.3 -> 0 | Y37: {=INDIRECT(X$2&"!G"&$A37)} -> 1 | AA37: =(AB37-1)*33.3 -> 66.6 | AB37: {=INDIRECT(AA$2&"!G"&$A37)} -> 3 | AD37: =(AE37-1)*33.3 -> 0 | AE37: {=INDIRECT(AD$2&"!G"&$A37)} -> 1
A38: 37 | D38: Integration & partner ecosystem | G38: =AVERAGE(G39:G41) -> 31.9125 | I38: =AVERAGE(I39:I41) -> 22.2 | L38: =AVERAGE(L39:L41) -> 22.2 | O38: =IFERROR(AVERAGE(O39:O41),"") -> 11.1 | R38: =IFERROR(AVERAGE(R39:R41),"") -> 11.1 | U38: =AVERAGE(U39:U41) -> 55.5 | X38: =AVERAGE(X39:X41) -> 22.2 | AA38: =AVERAGE(AA39:AA41) -> 55.5 | AD38: =AVERAGE(AD39:AD41) -> 55.5
A39: 38 | E39: Partner integration | G39: =AVERAGE(I39,L39,O39,R39,U39,X39,AA39,AD39) -> 37.4625 | I39: =(J39-1)*33.3 -> 33.3 | J39: {=INDIRECT(I$2&"!G"&$A39)} -> 2 | L39: =(M39-1)*33.3 -> 33.3 | M39: {=INDIRECT(L$2&"!G"&$A39)} -> 2 | O39: =IF(P39=0,"",(P39-1)*33.3) -> 0 | P39: {=INDIRECT(O$2&"!G"&$A39)} -> 1 | R39: =IF(S39=0,"",(S39-1)*33.3) -> 33.3 | S39: {=INDIRECT(R$2&"!G"&$A39)} -> 2 | U39: =(V39-1)*33.3 -> 66.6 | V39: {=INDIRECT(U$2&"!G"&$A40)} -> 3 | X39: =(Y39-1)*33.3 -> 0 | Y39: {=INDIRECT(X$2&"!G"&$A39)} -> 1 | AA39: =(AB39-1)*33.3 -> 66.6 | AB39: {=INDIRECT(AA$2&"!G"&$A39)} -> 3 | AD39: =(AE39-1)*33.3 -> 66.6 | AE39: {=INDIRECT(AD$2&"!G"&$A39)} -> 3
A40: 39 | E40: Open protocols/data exchange | G40: =AVERAGE(I40,L40,O40,R40,U40,X40,AA40,AD40) -> 37.4625 | I40: =(J40-1)*33.3 -> 33.3 | J40: {=INDIRECT(I$2&"!G"&$A40)} -> 2 | L40: =(M40-1)*33.3 -> 0 | M40: {=INDIRECT(L$2&"!G"&$A40)} -> 1 | O40: =IF(P40=0,"",(P40-1)*33.3) -> 33.3 | P40: {=INDIRECT(O$2&"!G"&$A40)} -> 2 | R40: =IF(S40=0,"",(S40-1)*33.3) -> 0 | S40: {=INDIRECT(R$2&"!G"&$A40)} -> 1 | U40: =(V40-1)*33.3 -> 66.6 | V40: {=INDIRECT(U$2&"!G"&$A41)} -> 3 | X40: =(Y40-1)*33.3 -> 33.3 | Y40: {=INDIRECT(X$2&"!G"&$A40)} -> 2 | AA40: =(AB40-1)*33.3 -> 66.6 | AB40: {=INDIRECT(AA$2&"!G"&$A40)} -> 3 | AD40: =(AE40-1)*33.3 -> 66.6 | AE40: {=INDIRECT(AD$2&"!G"&$A40)} -> 3
A41: 40 | E41: Outsourcing capability | G41: =AVERAGE(I41,L41,O41,R41,U41,X41,AA41,AD41) -> 20.8125 | I41: =(J41-1)*33.3 -> 0 | J41: {=INDIRECT(I$2&"!G"&$A41)} -> 1 | L41: =(M41-1)*33.3 -> 33.3 | M41: {=INDIRECT(L$2&"!G"&$A41)} -> 2 | O41: =IF(P41=0,"",(P41-1)*33.3) -> 0 | P41: {=INDIRECT(O$2&"!G"&$A41)} -> 1 | R41: =IF(S41=0,"",(S41-1)*33.3) -> 0 | S41: {=INDIRECT(R$2&"!G"&$A41)} -> 1 | U41: =(V41-1)*33.3 -> 33.3 | V41: {=INDIRECT(U$2&"!G"&$A42)} -> 2 | X41: =(Y41-1)*33.3 -> 33.3 | Y41: {=INDIRECT(X$2&"!G"&$A41)} -> 2 | AA41: =(AB41-1)*33.3 -> 33.3 | AB41: {=INDIRECT(AA$2&"!G"&$A41)} -> 2 | AD41: =(AE41-1)*33.3 -> 33.3 | AE41: {=INDIRECT(AD$2&"!G"&$A41)} -> 2
A42: 41 | D42: Cyber risk mitigation | G42: =AVERAGE(G43:G46) -> 31.21875 | I42: =AVERAGE(I43:I46) -> 66.6 | L42: 33 | O42: =IFERROR(AVERAGE(O43:O46),"") -> 24.975 | R42: =IFERROR(AVERAGE(R43:R46),"") -> 24.975 | U42: =AVERAGE(U43:U46) -> 33.3 | X42: =AVERAGE(X43:X46) -> 33.3 | AA42: =AVERAGE(AA43:AA46) -> 24.975 | AD42: =AVERAGE(AD43:AD46) -> 24.975
A43: 42 | E43: Risk model & strategy | G43: =AVERAGE(I43,L43,O43,R43,U43,X43,AA43,AD43) -> 24.975 | I43: =(J43-1)*33.3 -> 66.6 | J43: {=INDIRECT(I$2&"!G"&$A43)} -> 3 | L43: =(M43-1)*33.3 -> 0 | M43: {=INDIRECT(L$2&"!G"&$A43)} -> 1 | O43: =IF(P43=0,"",(P43-1)*33.3) -> 0 | P43: {=INDIRECT(O$2&"!G"&$A43)} -> 1 | R43: =IF(S43=0,"",(S43-1)*33.3) -> 0 | S43: {=INDIRECT(R$2&"!G"&$A43)} -> 1 | U43: =(V43-1)*33.3 -> 33.3 | V43: {=INDIRECT(U$2&"!G"&$A44)} -> 2 | X43: =(Y43-1)*33.3 -> 33.3 | Y43: {=INDIRECT(X$2&"!G"&$A43)} -> 2 | AA43: =(AB43-1)*33.3 -> 33.3 | AB43: {=INDIRECT(AA$2&"!G"&$A43)} -> 2 | AD43: =(AE43-1)*33.3 -> 33.3 | AE43: {=INDIRECT(AD$2&"!G"&$A43)} -> 2
A44: 43 | E44: Prevention & crisis management | G44: =AVERAGE(I44,L44,O44,R44,U44,X44,AA44,AD44) -> 29.1375 | I44: =(J44-1)*33.3 -> 33.3 | J44: {=INDIRECT(I$2&"!G"&$A44)} -> 2 | L44: =(M44-1)*33.3 -> 33.3 | M44: {=INDIRECT(L$2&"!G"&$A44)} -> 2 | O44: =IF(P44=0,"",(P44-1)*33.3) -> 33.3 | P44: {=INDIRECT(O$2&"!G"&$A44)} -> 2 | R44: =IF(S44=0,"",(S44-1)*33.3) -> 33.3 | S44: {=INDIRECT(R$2&"!G"&$A44)} -> 2 | U44: =(V44-1)*33.3 -> 33.3 | V44: {=INDIRECT(U$2&"!G"&$A45)} -> 2 | X44: =(Y44-1)*33.3 -> 33.3 | Y44: {=INDIRECT(X$2&"!G"&$A44)} -> 2 | AA44: =(AB44-1)*33.3 -> 0 | AB44: {=INDIRECT(AA$2&"!G"&$A44)} -> 1 | AD44: =(AE44-1)*33.3 -> 33.3 | AE44: {=INDIRECT(AD$2&"!G"&$A44)} -> 2
A45: 44 | E45: Cybersecurity tools | G45: =AVERAGE(I45,L45,O45,R45,U45,X45,AA45,AD45) -> 33.3 | I45: =(J45-1)*33.3 -> 66.6 | J45: {=INDIRECT(I$2&"!G"&$A45)} -> 3 | L45: =(M45-1)*33.3 -> 0 | M45: {=INDIRECT(L$2&"!G"&$A45)} -> 1 | O45: =IF(P45=0,"",(P45-1)*33.3) -> 33.3 | P45: {=INDIRECT(O$2&"!G"&$A45)} -> 2 | R45: =IF(S45=0,"",(S45-1)*33.3) -> 33.3 | S45: {=INDIRECT(R$2&"!G"&$A45)} -> 2 | U45: =(V45-1)*33.3 -> 33.3 | V45: {=INDIRECT(U$2&"!G"&$A46)} -> 2 | X45: =(Y45-1)*33.3 -> 33.3 | Y45: {=INDIRECT(X$2&"!G"&$A45)} -> 2 | AA45: =(AB45-1)*33.3 -> 33.3 | AB45: {=INDIRECT(AA$2&"!G"&$A45)} -> 2 | AD45: =(AE45-1)*33.3 -> 33.3 | AE45: {=INDIRECT(AD$2&"!G"&$A45)} -> 2
A46: 45 | E46: Security & resilience trainings | G46: =AVERAGE(I46,L46,O46,R46,U46,X46,AA46,AD46) -> 37.4625 | I46: =(J46-1)*33.3 -> 99.9 | J46: {=INDIRECT(I$2&"!G"&$A46)} -> 4 | L46: =(M46-1)*33.3 -> 33.3 | M46: {=INDIRECT(L$2&"!G"&$A46)} -> 2 | O46: =IF(P46=0,"",(P46-1)*33.3) -> 33.3 | P46: {=INDIRECT(O$2&"!G"&$A46)} -> 2 | R46: =IF(S46=0,"",(S46-1)*33.3) -> 33.3 | S46: {=INDIRECT(R$2&"!G"&$A46)} -> 2 | U46: =(V46-1)*33.3 -> 33.3 | V46: {=INDIRECT(U$2&"!G"&$A47)} -> 2 | X46: =(Y46-1)*33.3 -> 33.3 | Y46: {=INDIRECT(X$2&"!G"&$A46)} -> 2 | AA46: =(AB46-1)*33.3 -> 33.3 | AB46: {=INDIRECT(AA$2&"!G"&$A46)} -> 2 | AD46: =(AE46-1)*33.3 -> 0 | AE46: {=INDIRECT(AD$2&"!G"&$A46)} -> 1
A47: 46 | D47: Automation of Internal Processes | G47: =AVERAGE(G48:G50) -> 41.625 | I47: =AVERAGE(I48:I50) -> 66.6 | L47: =AVERAGE(L48:L50) -> 11.1 | O47: =IFERROR(AVERAGE(O48:O50),"") -> 33.3 | R47: =IFERROR(AVERAGE(R48:R50),"") -> 11.1 | U47: =AVERAGE(U48:U50) -> 55.5 | X47: =AVERAGE(X48:X50) -> 11.1 | AA47: =AVERAGE(AA48:AA50) -> 77.7 | AD47: =AVERAGE(AD48:AD50) -> 66.6
A48: 47 | E48: Automation and integration of processes | G48: =AVERAGE(I48,L48,O48,R48,U48,X48,AA48,AD48) -> 37.4625 | I48: =(J48-1)*33.3 -> 66.6 | J48: {=INDIRECT(I$2&"!G"&$A48)} -> 3 | L48: =(M48-1)*33.3 -> 33.3 | M48: {=INDIRECT(L$2&"!G"&$A48)} -> 2 | O48: =IF(P48=0,"",(P48-1)*33.3) -> 33.3 | P48: {=INDIRECT(O$2&"!G"&$A48)} -> 2 | R48: =IF(S48=0,"",(S48-1)*33.3) -> 0 | S48: {=INDIRECT(R$2&"!G"&$A48)} -> 1 | U48: =(V48-1)*33.3 -> 33.3 | V48: {=INDIRECT(U$2&"!G"&$A49)} -> 2 | X48: =(Y48-1)*33.3 -> 0 | Y48: {=INDIRECT(X$2&"!G"&$A48)} -> 1 | AA48: =(AB48-1)*33.3 -> 66.6 | AB48: {=INDIRECT(AA$2&"!G"&$A48)} -> 3 | AD48: =(AE48-1)*33.3 -> 66.6 | AE48: {=INDIRECT(AD$2&"!G"&$A48)} -> 3
A49: 48 | E49: Digital identification | G49: =AVERAGE(I49,L49,O49,R49,U49,X49,AA49,AD49) -> 45.7875 | I49: =(J49-1)*33.3 -> 99.9 | J49: {=INDIRECT(I$2&"!G"&$A49)} -> 4 | L49: =(M49-1)*33.3 -> 0 | M49: {=INDIRECT(L$2&"!G"&$A49)} -> 1 | O49: =IF(P49=0,"",(P49-1)*33.3) -> 33.3 | P49: {=INDIRECT(O$2&"!G"&$A49)} -> 2 | R49: =IF(S49=0,"",(S49-1)*33.3) -> 0 | S49: {=INDIRECT(R$2&"!G"&$A49)} -> 1 | U49: =(V49-1)*33.3 -> 66.6 | V49: {=INDIRECT(U$2&"!G"&$A50)} -> 3 | X49: =(Y49-1)*33.3 -> 0 | Y49: {=INDIRECT(X$2&"!G"&$A49)} -> 1 | AA49: =(AB49-1)*33.3 -> 99.9 | AB49: {=INDIRECT(AA$2&"!G"&$A49)} -> 4 | AD49: =(AE49-1)*33.3 -> 66.6 | AE49: {=INDIRECT(AD$2&"!G"&$A49)} -> 3
A50: 49 | E50: Level of usage of digital documents by citizens/business | G50: =AVERAGE(I50,L50,O50,R50,U50,X50,AA50,AD50) -> 41.625 | I50: =(J50-1)*33.3 -> 33.3 | J50: {=INDIRECT(I$2&"!G"&$A50)} -> 2 | L50: =(M50-1)*33.3 -> 0 | M50: {=INDIRECT(L$2&"!G"&$A50)} -> 1 | O50: =IF(P50=0,"",(P50-1)*33.3) -> 33.3 | P50: {=INDIRECT(O$2&"!G"&$A50)} -> 2 | R50: =IF(S50=0,"",(S50-1)*33.3) -> 33.3 | S50: {=INDIRECT(R$2&"!G"&$A50)} -> 2 | U50: =(V50-1)*33.3 -> 66.6 | V50: {=INDIRECT(U$2&"!G"&$A51)} -> 3 | X50: =(Y50-1)*33.3 -> 33.3 | Y50: {=INDIRECT(X$2&"!G"&$A50)} -> 2 | AA50: =(AB50-1)*33.3 -> 66.6 | AB50: {=INDIRECT(AA$2&"!G"&$A50)} -> 3 | AD50: =(AE50-1)*33.3 -> 66.6 | AE50: {=INDIRECT(AD$2&"!G"&$A50)} -> 3
A51: 50 | C51: Operating model | G51: =AVERAGE(G53:G55,G57:G59,G61:G63) -> 34.225 | I51: =AVERAGE(I53:I55,I57:I59,I61:I63) -> 55.5 | L51: =AVERAGE(L53:L55,L57:L59,L61:L63) -> 25.9 | O51: =IFERROR(AVERAGE(O52,O56,O60),"") -> 22.2 | R51: =IFERROR(AVERAGE(R52,R56,R60),"") -> 11.1 | U51: =AVERAGE(U53:U55,U57:U59,U61:U63) -> 40.7 | X51: =AVERAGE(X53:X55,X57:X59,X61:X63) -> 22.2 | AA51: =AVERAGE(AA53:AA55,AA57:AA59,AA61:AA63) -> 59.2 | AD51: =AVERAGE(AD53:AD55,AD57:AD59,AD61:AD63) -> 37
A52: 51 | D52: Organizational structure | G52: =AVERAGE(G53:G55) -> 36.075 | I52: =AVERAGE(I53:I55) -> 66.6 | L52: =AVERAGE(L53:L55) -> 11.1 | O52: =IFERROR(AVERAGE(O53:O55),"") -> 22.2 | R52: =IFERROR(AVERAGE(R53:R55),"") -> 22.2 | U52: =AVERAGE(U53:U55) -> 33.3 | X52: =AVERAGE(X53:X55) -> 11.1 | AA52: =AVERAGE(AA53:AA55) -> 66.6 | AD52: =AVERAGE(AD53:AD55) -> 55.5
A53: 52 | E53: Digital & data departments | G53: =AVERAGE(I53,L53,O53,R53,U53,X53,AA53,AD53) -> 41.625 | I53: =(J53-1)*33.3 -> 66.6 | J53: {=INDIRECT(I$2&"!G"&$A53)} -> 3 | L53: =(M53-1)*33.3 -> 0 | M53: {=INDIRECT(L$2&"!G"&$A53)} -> 1 | O53: =IF(P53=0,"",(P53-1)*33.3) -> 33.3 | P53: {=INDIRECT(O$2&"!G"&$A53)} -> 2 | R53: =IF(S53=0,"",(S53-1)*33.3) -> 33.3 | S53: {=INDIRECT(R$2&"!G"&$A53)} -> 2 | U53: =(V53-1)*33.3 -> 33.3 | V53: {=INDIRECT(U$2&"!G"&$A54)} -> 2 | X53: =(Y53-1)*33.3 -> 33.3 | Y53: {=INDIRECT(X$2&"!G"&$A53)} -> 2 | AA53: =(AB53-1)*33.3 -> 66.6 | AB53: {=INDIRECT(AA$2&"!G"&$A53)} -> 3 | AD53: =(AE53-1)*33.3 -> 66.6 | AE53: {=INDIRECT(AD$2&"!G"&$A53)} -> 3
A54: 53 | E54: Agile methodologies | G54: =AVERAGE(I54,L54,O54,R54,U54,X54,AA54,AD54) -> 24.975 | I54: =(J54-1)*33.3 -> 66.6 | J54: {=INDIRECT(I$2&"!G"&$A54)} -> 3 | L54: =(M54-1)*33.3 -> 0 | M54: {=INDIRECT(L$2&"!G"&$A54)} -> 1 | O54: =IF(P54=0,"",(P54-1)*33.3) -> 0 | P54: {=INDIRECT(O$2&"!G"&$A54)} -> 1 | R54: =IF(S54=0,"",(S54-1)*33.3) -> 0 | S54: {=INDIRECT(R$2&"!G"&$A54)} -> 1 | U54: =(V54-1)*33.3 -> 0 | V54: {=INDIRECT(U$2&"!G"&$A55)} -> 1 | X54: =(Y54-1)*33.3 -> 0 | Y54: {=INDIRECT(X$2&"!G"&$A54)} -> 1 | AA54: =(AB54-1)*33.3 -> 66.6 | AB54: {=INDIRECT(AA$2&"!G"&$A54)} -> 3 | AD54: =(AE54-1)*33.3 -> 66.6 | AE54: {=INDIRECT(AD$2&"!G"&$A54)} -> 3
A55: 54 | E55: x-department collaboration | G55: =AVERAGE(I55,L55,O55,R55,U55,X55,AA55,AD55) -> 41.625 | I55: =(J55-1)*33.3 -> 66.6 | J55: {=INDIRECT(I$2&"!G"&$A55)} -> 3 | L55: =(M55-1)*33.3 -> 33.3 | M55: {=INDIRECT(L$2&"!G"&$A55)} -> 2 | O55: =IF(P55=0,"",(P55-1)*33.3) -> 33.3 | P55: {=INDIRECT(O$2&"!G"&$A55)} -> 2 | R55: =IF(S55=0,"",(S55-1)*33.3) -> 33.3 | S55: {=INDIRECT(R$2&"!G"&$A55)} -> 2 | U55: =(V55-1)*33.3 -> 66.6 | V55: {=INDIRECT(U$2&"!G"&$A56)} -> 3 | X55: =(Y55-1)*33.3 -> 0 | Y55: {=INDIRECT(X$2&"!G"&$A55)} -> 1 | AA55: =(AB55-1)*33.3 -> 66.6 | AB55: {=INDIRECT(AA$2&"!G"&$A55)} -> 3 | AD55: =(AE55-1)*33.3 -> 33.3 | AE55: {=INDIRECT(AD$2&"!G"&$A55)} -> 2
A56: 55 | D56: Skills & People | G56: =AVERAGE(G57:G59) -> 30.525 | I56: =AVERAGE(I57:I59) -> 33.3 | L56: =AVERAGE(L57:L59) -> 33.3 | O56: =IFERROR(AVERAGE(O57:O59),"") -> 33.3 | R56: =IFERROR(AVERAGE(R57:R59),"") -> 11.1 | U56: =AVERAGE(U57:U59) -> 33.3 | X56: =AVERAGE(X57:X59) -> 33.3 | AA56: =AVERAGE(AA57:AA59) -> 44.4 | AD56: =AVERAGE(AD57:AD59) -> 22.2
A57: 56 | E57: Digital literacy | G57: =AVERAGE(I57,L57,O57,R57,U57,X57,AA57,AD57) -> 29.1375 | I57: =(J57-1)*33.3 -> 33.3 | J57: {=INDIRECT(I$2&"!G"&$A57)} -> 2 | L57: =(M57-1)*33.3 -> 33.3 | M57: {=INDIRECT(L$2&"!G"&$A57)} -> 2 | O57: =IF(P57=0,"",(P57-1)*33.3) -> 33.3 | P57: {=INDIRECT(O$2&"!G"&$A57)} -> 2 | R57: =IF(S57=0,"",(S57-1)*33.3) -> 0 | S57: {=INDIRECT(R$2&"!G"&$A57)} -> 1 | U57: =(V57-1)*33.3 -> 33.3 | V57: {=INDIRECT(U$2&"!G"&$A58)} -> 2 | X57: =(Y57-1)*33.3 -> 33.3 | Y57: {=INDIRECT(X$2&"!G"&$A57)} -> 2 | AA57: =(AB57-1)*33.3 -> 33.3 | AB57: {=INDIRECT(AA$2&"!G"&$A57)} -> 2 | AD57: =(AE57-1)*33.3 -> 33.3 | AE57: {=INDIRECT(AD$2&"!G"&$A57)} -> 2
A58: 57 | E58: Tech roles and staffing | G58: =AVERAGE(I58,L58,O58,R58,U58,X58,AA58,AD58) -> 33.3 | I58: =(J58-1)*33.3 -> 33.3 | J58: {=INDIRECT(I$2&"!G"&$A58)} -> 2 | L58: =(M58-1)*33.3 -> 33.3 | M58: {=INDIRECT(L$2&"!G"&$A58)} -> 2 | O58: =IF(P58=0,"",(P58-1)*33.3) -> 33.3 | P58: {=INDIRECT(O$2&"!G"&$A58)} -> 2 | R58: =IF(S58=0,"",(S58-1)*33.3) -> 33.3 | S58: {=INDIRECT(R$2&"!G"&$A58)} -> 2 | U58: =(V58-1)*33.3 -> 33.3 | V58: {=INDIRECT(U$2&"!G"&$A59)} -> 2 | X58: =(Y58-1)*33.3 -> 33.3 | Y58: {=INDIRECT(X$2&"!G"&$A58)} -> 2 | AA58: =(AB58-1)*33.3 -> 33.3 | AB58: {=INDIRECT(AA$2&"!G"&$A58)} -> 2 | AD58: =(AE58-1)*33.3 -> 33.3 | AE58: {=INDIRECT(AD$2&"!G"&$A58)} -> 2
A59: 58 | E59: Learning & Development | G59: =AVERAGE(I59,L59,O59,R59,U59,X59,AA59,AD59) -> 29.1375 | I59: =(J59-1)*33.3 -> 33.3 | J59: {=INDIRECT(I$2&"!G"&$A59)} -> 2 | L59: =(M59-1)*33.3 -> 33.3 | M59: {=INDIRECT(L$2&"!G"&$A59)} -> 2 | O59: =IF(P59=0,"",(P59-1)*33.3) -> 33.3 | P59: {=INDIRECT(O$2&"!G"&$A59)} -> 2 | R59: =IF(S59=0,"",(S59-1)*33.3) -> 0 | S59: {=INDIRECT(R$2&"!G"&$A59)} -> 1 | U59: =(V59-1)*33.3 -> 33.3 | V59: {=INDIRECT(U$2&"!G"&$A60)} -> 2 | X59: =(Y59-1)*33.3 -> 33.3 | Y59: {=INDIRECT(X$2&"!G"&$A59)} -> 2 | AA59: =(AB59-1)*33.3 -> 66.6 | AB59: {=INDIRECT(AA$2&"!G"&$A59)} -> 3 | AD59: =(AE59-1)*33.3 -> 0 | AE59: {=INDIRECT(AD$2&"!G"&$A59)} -> 1
A60: 59 | D60: Legal capability | G60: =AVERAGE(G61:G63) -> 36.075 | I60: =AVERAGE(I61:I63) -> 66.6 | L60: =AVERAGE(L61:L63) -> 33.3 | O60: =IFERROR(AVERAGE(O61:O63),"") -> 11.1 | R60: =IFERROR(AVERAGE(R61:R63),"") -> 0 | U60: =AVERAGE(U61:U63) -> 55.5 | X60: =AVERAGE(X61:X63) -> 22.2 | AA60: =AVERAGE(AA61:AA63) -> 66.6 | AD60: =AVERAGE(AD61:AD63) -> 33.3
A61: 60 | E61: Legal/regulatory requirements | G61: =AVERAGE(I61,L61,O61,R61,U61,X61,AA61,AD61) -> 41.625 | I61: =(J61-1)*33.3 -> 66.6 | J61: {=INDIRECT(I$2&"!G"&$A61)} -> 3 | L61: =(M61-1)*33.3 -> 33.3 | M61: {=INDIRECT(L$2&"!G"&$A61)} -> 2 | O61: =IF(P61=0,"",(P61-1)*33.3) -> 0 | P61: {=INDIRECT(O$2&"!G"&$A61)} -> 1 | R61: =IF(S61=0,"",(S61-1)*33.3) -> 0 | S61: {=INDIRECT(R$2&"!G"&$A61)} -> 1 | U61: =(V61-1)*33.3 -> 66.6 | V61: {=INDIRECT(U$2&"!G"&$A62)} -> 3 | X61: =(Y61-1)*33.3 -> 33.3 | Y61: {=INDIRECT(X$2&"!G"&$A61)} -> 2 | AA61: =(AB61-1)*33.3 -> 66.6 | AB61: {=INDIRECT(AA$2&"!G"&$A61)} -> 3 | AD61: =(AE61-1)*33.3 -> 66.6 | AE61: {=INDIRECT(AD$2&"!G"&$A61)} -> 3
A62: 61 | E62: Legal regulatory framework change capacity | G62: =AVERAGE(I62,L62,O62,R62,U62,X62,AA62,AD62) -> 37.4625 | I62: =(J62-1)*33.3 -> 66.6 | J62: {=INDIRECT(I$2&"!G"&$A62)} -> 3 | L62: =(M62-1)*33.3 -> 33.3 | M62: {=INDIRECT(L$2&"!G"&$A62)} -> 2 | O62: =IF(P62=0,"",(P62-1)*33.3) -> 0 | P62: {=INDIRECT(O$2&"!G"&$A62)} -> 1 | R62: =IF(S62=0,"",(S62-1)*33.3) -> 0 | S62: {=INDIRECT(R$2&"!G"&$A62)} -> 1 | U62: =(V62-1)*33.3 -> 66.6 | V62: {=INDIRECT(U$2&"!G"&$A63)} -> 3 | X62: =(Y62-1)*33.3 -> 33.3 | Y62: {=INDIRECT(X$2&"!G"&$A62)} -> 2 | AA62: =(AB62-1)*33.3 -> 66.6 | AB62: {=INDIRECT(AA$2&"!G"&$A62)} -> 3 | AD62: =(AE62-1)*33.3 -> 33.3 | AE62: {=INDIRECT(AD$2&"!G"&$A62)} -> 2
A63: 62 | E63: IDDA IT system registration | G63: =AVERAGE(I63,L63,O63,R63,U63,X63,AA63,AD63) -> 29.1375 | I63: =(J63-1)*33.3 -> 66.6 | J63: {=INDIRECT(I$2&"!G"&$A63)} -> 3 | L63: =(M63-1)*33.3 -> 33.3 | M63: {=INDIRECT(L$2&"!G"&$A63)} -> 2 | O63: =IF(P63=0,"",(P63-1)*33.3) -> 33.3 | P63: {=INDIRECT(O$2&"!G"&$A63)} -> 2 | R63: =IF(S63=0,"",(S63-1)*33.3) -> 0 | S63: {=INDIRECT(R$2&"!G"&$A63)} -> 1 | U63: =(V63-1)*33.3 -> 33.3 | V63: {=INDIRECT(U$2&"!G"&$A64)} -> 2 | X63: =(Y63-1)*33.3 -> 0 | Y63: {=INDIRECT(X$2&"!G"&$A63)} -> 1 | AA63: =(AB63-1)*33.3 -> 66.6 | AB63: {=INDIRECT(AA$2&"!G"&$A63)} -> 3 | AD63: =(AE63-1)*33.3 -> 0 | AE63: {=INDIRECT(AD$2&"!G"&$A63)} -> 1
A64: 63

Sheet ICTA
B2: ICTA | K2: 45572
B4: Pillars | C4: Domains | D4: Capabilities | G4: Score | H4: 1: Initial | I4: 2: Managed | J4: 3: Defined | K4: 4: Optimizing
B5: Strategy | E5: =AVERAGE(E7:E10,E13:E15,E17:E19,E21:E23,E26:E28,E30:E32,E34:E36,E38:E40,E42:E45,E47:E49,E52:E54,E56:E58,E60:E62) -> 60.102439
C6: Vision and roadmap | E6: =IFERROR(AVERAGE(E7:E10),"") -> 66.6
D7: Target state definition | E7: =IF(G7="","",(G7-1)*33.3) -> 66.6 | G7: 3 | H7: ​No digital vision or broader target state defined. Entity runs a classical portfolio of basic IT projects | I7: High-level plan of digital topics defined in the entity but not yet detailed. This digital plan is almost entirely driven by IT | J7: A "digital vision" and innovation program with priorities and target states is defined on the entity level and aligned between IT and functional leaders. It is not yet fully aligned yet to the national digital strategy | K7: A clear digital vision and innovation plan is defined. The entity is executing projects towards this vision, and there is full vision alignment between multiple entities, and an overall national-level digital vision1
D8: Engagement & communication | E8: =IF(G8="","",(G8-1)*33.3) -> 66.6 | G8: 3 | H8: Only internal and sporadic communications but mostly driven by IT departments. Employees do not feel very much informed. No committees, reporting lines for decisions. | I8: Regular internal communication with employees being informed about the entities plan for digital. Some reporting lines established for decision making. | J8: Structured regular internal and external communication; delivered even by the minister. Employees informed about the digital vision and roadmap. Clear committees, reporting lines drive decisions | K8: Constant communication from the minister plus substantial awareness of the public about digital progress. Citizens are fully informed about the national digital vision.
D9: Implementation roadmap | E9: =IF(G9="","",(G9-1)*33.3) -> 66.6 | G9: 3 | H9: No aligned roadmap of digital initiatives;_x000B_only IT-driven projects in single units. Success of projects (e.g., on-time) is hardly tracked | I9: Roadmap with a fragmented list of initiatives (about 20-30% covered), which is aligned internally but just sporadically tracked for success (time, quality, budget) | J9: Detailed roadmap covers most digital initiatives and is aligned in the entity. Its execution is coordinated, business cases are defined. Success is rigorously tracked | K9: Aligned roadmap covering also cross-entity initiatives which are executed in strong collaboration - regularly reviewed by the ministers and steering for success is firm
D10: Digital related KPIs | E10: =IF(G10="","",(G10-1)*33.3) -> 66.6 | G10: 3 | H10: No digital-related KPIs defined; No aware-ness about central KPIs, e.g., national KPIs | I10: Process-related KPIs defined (e.g., initiative done/not done, status, budget spend), often tracked ad hoc in excel format | J10: Roadmap initiatives are well-connected to defined and communicated KPIs. These are result/outcome-oriented KPIs | K10: The initiatives in the roadmap are connected to centrally defined result-oriented KPIs (aligned to national KPIs) and are measured across multiple entities
B11: Services provided | E11: =IFERROR(AVERAGE(E12,E16,E20),"") -> 66.6
C12: Service digitalization | E12: =IFERROR(AVERAGE(E13:E15),"") -> 77.7
D13: Share of digital services | E13: =IF(G13="","",(G13-1)*33.3) -> 99.9 | G13: 4 | H13: Almost all services provided by the entity require physical presence. No legislation or policy is in place to enable digital services | I13: 10-30% of services are digitized and online. Majority of services still require in-person or manual processing. Legislation or policy limitations restrict full digitization, but the entity could still digitize more | J13: >30-60% of services are available online, and e-payment services are offered for some processes. Some tasks can be done online, but policy limitations mean certain services still require in-person action | K13: >60% of services are fully digital and accessible via a fully integrated eGov portal or myGov app or G2G-exchange platforms. Legislation and policy constraints remain, but the entity has maximized digitization within the available legal framework
D14: Automation level | E14: =IF(G14="","",(G14-1)*33.3) -> 66.6 | G14: 3 | H14: All processes are manual and paper-based, such as internal approvals. No automation or digital strategy is in place | I14: Some basic processes are paperless and automated, but most workflows are still manual/paper-based. The use of simplified workflows or tools (e.g., JIRA) to automate processes is limited to specific areas | J14: Around 50% of internal processes are automated, using tools like JIRA to handle repetitive tasks (e.g., document workflows), with human intervention needed only for complex cases. Timely review of submitted e-documents | K14: Almost all internal processes are fully automated and paperless in a one-stop shop. Advanced systems handle end-to-end workflows without human intervention for routine tasks (Straight-through processing)
D15: Service quality and reliability | E15: =IF(G15="","",(G15-1)*33.3) -> 66.6 | G15: 3 | H15: Service quality is low, with frequent downtimes. Issues are handled reactively, and there is no helpdesk or support system in place. There is no formal asset documentation or record-keeping | I15: Limited helpdesk support exists, and some basic services are monitored. Asset documentation begins to be tracked for key services. Most issues are handled manually and reactively. No SLAs or formal service catalogue exist | J15: Services are more reliable, with 50-70% of service issues addressed proactively. Asset documentation is in place, and a service catalogue is being developed. Some SLAs are introduced for key services, improving response times | K15: 90-100% of services are monitored Complete asset documentation is maintained. SLAs and a comprehensive service catalogue are fully in place, with quality management systems to ensure continuous improvement
C16: User experience | E16: =IFERROR(AVERAGE(E17:E19),"") -> 55.5
D17: Access channels | E17: =IF(G17="","",(G17-1)*33.3) -> 66.6 | G17: 3 | H17: Limited or no digital channels available Citizens rely heavily on physical interactions (e.g., in-person office visits, paper-based processes, formal correspondence) | I17: Some process steps of the service/user journey can be accessed digitally (e.g., forms only). Service design is not compatible across multiple channels | J17: Digital channels are well-established to access the services remotely (via customer service portal), not in person. Access can be processed through multiple channels (e.g., mobile, desktop, tablets) | K17: Digital channels are well-established, integrated, accessible remotely through a single login on a central service portal. Access can be processed through multiple channels (e.g., mobile, tablets), with mobile first-principles in service design
D18: Citizen journey | E18: =IF(G18="","",(G18-1)*33.3) -> 66.6 | G18: 3 | H18: The service journey cannot be started or completed online – but you need to phone or come in person). Feedback is rarely collected/used to make improvements | I18: Some parts of the service journey can be completed online, but key steps still require in-person visits Basic feedback is collected, but it’s not always used to improve services | J18: Services, representing a majority of the offering are accessible online. Complex cases require in-person engagement. Feedback is collected regularly and used to improve services across different departments. Citizens and business can modify parts of their data themselves | K18: The entire service journey can be completed online incl. data modification rights, without needing any in-person interaction (FAQ help and guide). Real-time feedback is collected, used to improve services continuously. There is a full search offered to find services easily
D19: Accessibility and inclusion | E19: =IF(G19="","",(G19-1)*33.3) -> 33.3 | G19: 2 | H19: No accessibility features are in place, offering little support for diverse user needs. No provisions for disabilities or multi-language options | I19: Accessibility features (e.g., screen readers) and limited multi-language support are available. Partial compliance with internal accessibility and language standards | J19: Multi-language support is available, and advanced accessibility features (e.g., speech recognition) are consistently implemented. Compliance with internal accessibility and language standards | K19: Comprehensive accessibility features are available in alignment with governmental standards and provisions. Multi-language support is robust, offering an inclusive experience for users
C20: New services development | E20: =IFERROR(AVERAGE(E21:E23),"") -> 66.6
D21: Digital service lifecycle | E21: =IF(G21="","",(G21-1)*33.3) -> 66.6 | G21: 3 | H21: No formal planning process for new service creation, testing and deployment. No use of digital tools to guide or manage service development (e.g., prototyping tools, agile project management tools) | I21: Limited planning for new services, but it’s not fully structured or data-driven. Basic digital tools are used to manage certain aspects of service development, but not consistently | J21: A formal planning process is in place to forecast and plan new services within department based on citizen needs. Digital tools are fully utilized to manage and track service development | K21: A formal planning process is in place to forecast and plan new services at govern-mental level based on citizen needs. Digital tools are fully utilized to manage, track and report service development
D22: Service creation/enhancement | E22: =IF(G22="","",(G22-1)*33.3) -> 66.6 | G22: 3 | H22: Digital services are rarely created or enhanced. Service enhancements rely heavily on outdated methods of development (e.g., waterfall, minimal user testing) | I22: Digital services are created and updated in an ad hoc manner, without being driven by user feedback or data insights. Service updates use a mix of modern and outdated development approaches | J22: Digital services are regularly created and improved within the department driven by user feedback or data insights. Service enhancements follow an agile, modern process of development | K22: Services are consistently created and enhanced, aligned with WofG-standards (e.g., design principles, blueprints) Service enhancements use agile methods, common components, and are compatible for integration across departments
D23: Testing and rollout strategies | E23: =IF(G23="","",(G23-1)*33.3) -> 66.6 | G23: 3 | H23: No citizen testing done with no formal rollout strategy. Services may be launched with unresolved issues | I23: Limited testing is conducted, usually after development. No citizens involved in testing the services. Rollout strategies are basic, often leading to delayed fixes | J23: Regular testing is conducted, including citizen input, within the department. Rollouts follow a clear plan, with most issues addressed before launch | K23: Comprehensive testing, including cross-departmental and citizen input. Coordinated rollouts across departments ensure smooth, issue-free launches
B24: Capabilities | E24: =IFERROR(AVERAGE(E26:E28,E30:E32,E34:E36,E38:E40,E42:E45,E47:E49),"") -> 56.084211
C25: Architecture & infrastructure | E25: =IFERROR(AVERAGE(E26:E28),"") -> 55.5
D26: Architecture & Infrastructure | E26: =IF(G26="","",(G26-1)*33.3) -> 66.6 | G26: 3 | H26: IT systems rely on legacy ad hoc designs, with no formal Enterprise Architecture (EA) in place. Existing standards (e.g., TOGAF) are not followed. The lack of standards limits the organization's ability to scale and integrate new tech. | I26: Basic systems are in place, but they lack flexibility and cannot scale easily. Some efforts are made to follow EA principles, but standards are not fully adopted, and systems cannot integrate easily. | J26: The architecture allows for quick updates, and new technologies can be integrated when needed. EA standards are partially followed, though some legacy systems cause bottlenecks. | K26: The architecture is compliant with national standards, scalable, and flexible. Enterprise Architecture is fully integrated, supporting seamless upgrades and integration with the eGov ecosystem (e.g., using APIs/ microservices)
D27: Cloud adoption | E27: =IF(G27="","",(G27-1)*33.3) -> 66.6 | G27: 3 | H27: No cloud usage. All systems are on-premise, leading to higher costs and inefficiencies. The lack of cloud adoption limits the ability to scale digital operations quickly. | I27: Partial cloud adoption across software solutions is in place for specific use cases, but most systems remain on-premise. The entity is testing_x000B_G-Cloud for limited functions. | J27: Most software systems are G-cloud-based, with some on-premise systems integrated into the cloud. A cloud strategy is in place, and the entity is scaling up cloud usage. | K27: All software systems are fully deployed in G-Cloud, the government cloud infrastructure. This ensures high efficiency, security, and data protection. Mandate to use G-Cloud is followed.
D28: Performance management | E28: =IF(G28="","",(G28-1)*33.3) -> 33.3 | G28: 2 | H28: Software/hardware issues are handled reactively, with limited tracking. No architectural blueprint is followed, which results in frequent disruptions. This leads to higher downtime and delayed problem resolution. | I28: Basic software/hardware performance tracking has begun, but it is largely manual. The entity is starting to build capacity for regular monitoring. In case of incidents, experts ensure that downtime is not impacting service quality | J28: Proactive software/hardware performance tracking and automated monitoring are in place, with faster incident resolution. Performance issues are addressed before they escalate, and some automated testing is in place. | K28: Predictive analytics and automated testing ensure minimal disruption of software/hardware systems. Systems are constantly monitored for performance adjustments.
C29: Analytics & AI | E29: =IFERROR(AVERAGE(E30:E32),"") -> 66.6
D30: Data availability | E30: =IF(G30="","",(G30-1)*33.3) -> 66.6 | G30: 3 | H30: Little to no data is readily accessible for analytics purposes. Available data is stored in unstructured sources like paper records or unorganized digital formats | I30: Data is siloed but stored digitally across various databases or applications. Access to data is limited to individual departments with varying quality and consistency | J30: Data is stored across different files and accessible at the organizational level, with quality controls and freshness standards. Data is updated and managed to support effective decision-making. | K30: Data is of high quality (relevant, reliable, complete) and seamlessly shared across departments, following WofG standards. Integration with other departments allows for comprehensive analytics and insights
D31: Advanced analytics tools | E31: =IF(G31="","",(G31-1)*33.3) -> 66.6 | G31: 3 | H31: No analytics tools are used for data analysis. Any analysis done is manual and lacks digital support | I31: Basic analysis is done using tools like Excel. The infrastructure supports only simple data manipulation and analysis | J31: Tools (e.g., Power BI) and analytics platforms are in place but not yet fully implemented within the department. The infrastructure supports department-wide analytics and reporting | K31: AI sandboxes and advanced analytics tools are fully implemented and used to generate insights, test AI use cases (e.g., automated processing). Insights and results from AI help with decision support on ongoing tasks
D32: Cross-department integration | E32: =IF(G32="","",(G32-1)*33.3) -> 66.6 | G32: 3 | H32: Departments operate in isolation, with no data sharing or collaboration. There is no platform or mechanism for cross-departmental data integration | I32: Initial data sharing is practiced between departments, but with no fully structured integration yet. Collaboration is limited on analytics projects, and mostly ad-hoc or on a case-by-case basis | J32: Data is shared within the department and there's full integration to support day to day decision making. Early efforts to align with other departments. Collaboration on analytics and AI projects remains mostly within departments | K32: Framework, standards for data integration and AI testing exist across the government. Analytics and AI insights are used in cross-company projects to improve outcomes (e.g., procurement decisions)
C33: Data governance | E33: =IFERROR(AVERAGE(E34:E36),"") -> 66.6
D34: Data policies and management | E34: =IF(G34="","",(G34-1)*33.3) -> 66.6 | G34: 3 | H34: No data governance and management at all, everything is ad hoc. No formal oversight or ownership for this topic | I34: Data governance exists on department level, but data is not yet coherent between departments. Initiatives to improve data are sporadic and isolated | J34: Data governance policies exist on entity-level. They are enforced through regular data quality and coherence checks. Data domain owners are assigned. | K34: Data governance policies exist on cross-entity level (government), are regularly updated and closely monitored for compliance to standards (e.g., reduced duplication of data, source of truth), with clear ownership and usage history behind
D35: Data model & architecture | E35: =IF(G35="","",(G35-1)*33.3) -> 66.6 | G35: 3 | H35: No data model existent; data is siloed and there are no guardrails how to properly and safely store it | I35: Data model exists as "human knowledge", and data stored in fragmented systems (no repositories). Basic data flows between systems are defined | J35: Data model exist on entity level, and about 50% can be easily accessed via integration. Central data with metadata repositories with unique data are established. External data is sourced, well documented and leveraged in some services | K35: Data/meta-data model exists, integrated on cross-entities level, all data-owners well-defined, integration established supporting seam-less data flow. Data linage is tracked, and data (metadata) repositories are a norm
D36: Data-driven culture | E36: =IF(G36="","",(G36-1)*33.3) -> 66.6 | G36: 3 | H36: Culture is not data-driven; decisions are made based on intuition or limited information. Data is undervalued, with minimal investment in data infrastructure | I36: Awareness of the importance of data is growing. Some departments use data to inform decisions, but overall, data-driven practices are not fully embraced | J36: Data-driven culture is evident in the entity. Data is increasingly used to guide decisions, and data literacy initiatives are beginning to take hold entity-wide | K36: Data-driven culture underpins decision-making at all levels. Data literacy is widespread, with ongoing training programs ensuring that data informs every strategic and operational decision
C37: Integration & partner ecosystem | E37: =IFERROR(AVERAGE(E38:E40),"") -> 55.5
D38: Partner integration | E38: =IF(G38="","",(G38-1)*33.3) -> 66.6 | G38: 3 | H38: The entity works mostly on its own, with minimal cooperation with other government entities or the private sector. Correspondence is formal, and there is no digital integration with other entities. | I38: Cooperation and data exchanges exist with close organizations (e.g., same sector or services), but no jointly developed services or solutions. Collaboration is limited to basic data sharing. | J38: Coordinated initiatives and collaboration with close entities (government, industry, and academia as examples), with data exchange and some joint services or solutions under development. | K38: Full integration of data and services across government entities and industry partners (incl. start-ups, private leaders, health systems). Solutions are co-managed, and services are developed jointly between entities for shared operational goals.
D39: Open protocols/data exchange | E39: =IF(G39="","",(G39-1)*33.3) -> 66.6 | G39: 3 | H39: Document and data exchange is mostly paper-based, or through emails if allowed by policy. No formal protocols exist for data exchange. | I39: Internal digital exchange of data is based on file extracts (e.g., Excel), with limited connectivity. No database connectivity or structured data sharing. | J39: Programmed interfaces of relational data (like APIs) and/or service bus platforms are used to exchange documents, but they are not yet accessible to external entities such as companies, academia | K39: Use of formal protocols, APIs, and service bus to exchange data securely (preventing uncleared manipulation). Strong privacy controls are in place, and data is shared easily with trusted external partners.
D40: Outsourcing capability | E40: =IF(G40="","",(G40-1)*33.3) -> 33.3 | G40: 2 | H40: The entity does not use vendors, and there is no process in place for vendor management. All systems are controlled internally, with no external vendor involvement. | I40: The entity works with local system integrators for custom development, but no formal vendor management process is in place. Vendors are used for standardized systems (e.g., ERPs)- | J40: The entity uses solutions from large vendors, combined with local integrators for custom development. Vendor management processes are emerging, Most standard systems are outsourced. Operational systems controlled internally. | K40: Strategic partnerships are established with vendors that also drive innovation with core operational systems. Vendor management includes strong risk evaluation processes and multi-vendor steering is value-based and efficient
C41: Cyber risk mitigation | E41: =IFERROR(AVERAGE(E42:E45),"") -> 24.975
D42: Risk model & strategy | E42: =IF(G42="","",(G42-1)*33.3) -> 33.3 | G42: 2 | H42: No understanding of risks in our entity; thus, no risk strategy in place. All we have is an antivirus program | I42: Risks are mitigated ad hoc as they occur; basic preventive measures are in place (e.g., sporadic system checks | J42: Our IT department assesses technical risks and is owning a risk model, e.g., proactive crisis management | K42: We have a comprehensive, continuously optimized risk strategy; aligned with national security objectives
D43: Prevention & crisis management | E43: =IF(G43="","",(G43-1)*33.3) -> 0 | G43: 1 | H43: No prevention processes in place. The system is vulnerable to any cyber attack | I43: Ad hoc, basic policies exist, but there is no active monitoring of potential cyber incidents nor a clear action plan in case of an attack | J43: Well-developed prevention and protection policies exits in part of the entity; and crisis management plans are being developed but not communicated | K43: Crisis management is defined and highly coordinated across the entity and even on cross-entity (government) level. Systems are monitored 24/7 for potential threats
D44: Cybersecurity tools | E44: =IF(G44="","",(G44-1)*33.3) -> 33.3 | G44: 2 | H44: Outdated or minimal tools; limited monitoring capabilities; security_x000B_incidents are rarely detected in time | I44: Basic tools implemented (e.g., antivirus, firewall), with monitoring capabilities; incidents detected but response is slow | J44: Modern tools installed (e.g., SIEM), Endpoint detection) with integrated monitoring systems; timely detection and response to security incidents | K44: State-of-the-art tools (e.g., Zero trust network, Network traffic analysis) with continuous, real-time monitoring; incidents are prevented or rapidly contained
D45: Security & resilience trainings | E45: =IF(G45="","",(G45-1)*33.3) -> 33.3 | G45: 2 | H45: No trainings for cybersecurity and no or little awareness about security and resilience practices among employees | I45: Employees receive basic training on cyber-security and know how to react it something suspicious is happening, e.g., antivirus alerts, phishing mails | J45: High awareness of employees about how the entity mitigates cyberthreats and about what it expected from individual (e.g., reporting). High training attendance | K45: Continuous, advanced mandatory training across all role seniority levels are held; Unannounced simulations are, e.g., Phishing attacks, to educate employees
C46: Automation of Internal Processes | E46: =IFERROR(AVERAGE(E47:E49),"") -> 77.7
D47: Automation and integration of processes | E47: =IF(G47="","",(G47-1)*33.3) -> 66.6 | G47: 3 | H47: No formal digital or electronic document processes exist. Document creation and management are handled manually with minimal alignment to legal requirements | I47: Started to develop processes for generating and managing digital and electronic documents, primarily driven ad hoc by general staff or small teams without specialized roles. Legal compliance is improving, with some processes automated/ semi-automated | J47: Digital document generation is mature across entities, jointly managed by IT and operational teams. Automation is widespread, and compliance is regularly tracked and updated. Digital signature are being introduced but it is not supported for all documents yet | K47: Fully integrated, best-in-class digital document management system. The most documents are managed digitally, offer digital signatures and can be updated in real-time. Processes are continuously improved with central authority oversight. Citizens and businesses can access and change their data via unified login.
D48: Digital identification | E48: =IF(G48="","",(G48-1)*33.3) -> 99.9 | G48: 4 | H48: Digital IDs are rarely used; citizens access services through manual or offline methods. No integration between identity systems and digital platforms. Adoption is fragmented and ad hoc. | I48: Some services allow digital ID access, but usage is limited. Integration exists for select platforms only. No consistent policies or standards across government entities. | J48: Digital IDs are widely accepted across key services. Integration with government platforms is standardized. Most citizens regularly use digital IDs for access, though not universally required. | K48: Digital ID is the default for all digital government services. Full interoperability across agencies. High adoption by citizens, with secure, seamless, and consistent access experiences.
D49: Level of usage of digital documents by citizens/business | E49: =IF(G49="","",(G49-1)*33.3) -> 66.6 | G49: 3 | H49: Digital document use is rare, mostly relying on paper. Digital documents, incl. DID, are generally not accepted, and there are major interoperability issues | I49: Started promoting digital documents, incl. DID, and external use is increasing. Some processes are transitioning to digital, driven by internal initiatives. Documents are being provisioned to EGIS. | J49: Digital documents, incl. DID use is common, with good external acceptance and integration with other entities. Most services provide documents to EGIS. IT and functional teams collaborate to improve interoperability. | K49: Universal adoption of digital documents, (all in EGIS) incl. DID across the entity. Full interoperability is achieved, and all documents are accepted and integrated by external entities, supported by strong security measures.
B50: Operating model | E50: =IFERROR(AVERAGE(E52:E54,E56:E58,E60:E62),"") -> 59.2
C51: Organizational structure | E51: =IFERROR(AVERAGE(E52:E54),"") -> 66.6
D52: Digital & data departments | E52: =IF(G52="","",(G52-1)*33.3) -> 66.6 | G52: 3 | H52: No dedicated digital or data teams exist. All IT and data needs are managed reactively. Requests are handled mostly by contractors which are not yet effectively managed The IT function focuses primarily on system administration, that escalate to contractors | I52: IT function focused primarily on system administration and ad hoc activities – but no capability for more complex (data) requests. This is forwarded to contractors which an IT person is managing – mostly only solving escalations as they occur | J52: Formal IT team exists, team works with external contractors and service vendors for service operations and management. Basic digital and data roles are in place, but with limited specialization. | K52: The IT team is fully equipped and capable of independently managing their systems, with sufficient expertise and capacity to switch systems and vendors as needed. Few data specialist (e.g., data scientists) are supporting flagship projects
D53: Agile methodologies | E53: =IF(G53="","",(G53-1)*33.3) -> 66.6 | G53: 3 | H53: No consistent and standardized approach to project delivery. Projects define their own ways of working, and execution is sequential with sporadic progress reviews | I53: Agile practices are not yet applied, and project work still follows traditional waterfall approaches. The IT department has the ambition to introduce agile soon | J53: Agile practices are being piloted in IT teams, but most work still follows traditional waterfall approaches. First product owners are assigned but this is not the norm for most projects/products | K53: Agile is adopted within the department with agile teams led by product owners are using best practices (e.g., Scrum). Faster delivery with regular iterations and adaptability limited to the department
D54: x-department collaboration | E54: =IF(G54="","",(G54-1)*33.3) -> 66.6 | G54: 3 | H54: Departments work in isolation, with little to no collaboration on operational tasks. Operational processes are fragmented, with minimal efforts to align or share resources across departments | I54: Some collaboration occurs between departments on a case-by-case basis. Limited resource sharing or coordinated efforts, with collaboration initiated for specific projects | J54: Regular collaboration exists within departments, but cross-department efforts are limited to specific initiatives. Operational processes are shared independently across departments | K54: Strong collaboration across departments and entities also to build cross-entity services. Resources are shared and operational processes to service delivery are defined
C55: Skills & People | E55: =IFERROR(AVERAGE(E56:E58),"") -> 44.4
D56: Digital literacy | E56: =IF(G56="","",(G56-1)*33.3) -> 33.3 | G56: 2 | H56: No formal digital literacy training exists. Employees struggle with basic digital tools, and there is no clear focus on digital skills | I56: Basic training is provided, focused on tools used in the organization. Training is ad hoc and lacks strategy, mostly provided by external entities | J56: Comprehensive digital literacy programs are in place, with structured training covering a broader range of digital skills that align with organizational needs | K56: Digital literacy is fully embedded in the organization's culture. Training programs are regularly updated, introducing new tools and technologies to ensure employees stay current with digital trends
D57: Tech roles and staffing | E57: =IF(G57="","",(G57-1)*33.3) -> 33.3 | G57: 2 | H57: No dedicated roles for managing technology or digital projects. Digital tasks are assigned on an as-needed basis to staff who are not specialized in digital work. No plan or focus on developing tech skills among employees | I57: Some basic tech roles are assigned, but we lack sophisticated skills and expertise. There is no clear career path or focus on developing long-term digital talent. | J57: Specialized tech roles are supported by a structured staffing plan to ensure the right talent is in place. Collaboration is improving, and there is growing focus on driving innovation inhouse | K57: Tech roles are fully embedded in the workforce plan. Employees have clear career paths, continuous development, and opportunities to engage in innovative projects. Senior leadership is actively involved in nurturing digital talent
D58: Learning & Development | E58: =IF(G58="","",(G58-1)*33.3) -> 66.6 | G58: 3 | H58: No formal learning pathways exist for digital skills. Employees receive no training at all | I58: Training is provided ad hoc and is mostly organized by external entities. There is no overall strategy to guide learning and development efforts | J58: The entity has some budget for training, which is allocated on a request basis. Learning programs are partially defined at the departmental level | K58: The entity has a clear learning strategy in place. Training programs are aligned with this strategy, customized to department needs, and continuously updated to meet future skills requirements
C59: Legal capability | E59: =IFERROR(AVERAGE(E60:E62),"") -> 66.6
D60: Legal/regulatory requirements | E60: =IF(G60="","",(G60-1)*33.3) -> 66.6 | G60: 3 | H60: Minimal engagement in updating legal frameworks. There is no understanding of data ethics or digital regulatory requirements, leading to barriers to innovation. | I60: The organization reacts to regulatory changes but lacks proactive efforts to influence frameworks. There is a growing awareness of data ethics and the capability to monitor basic regulatory requirements, but efforts are inconsistent. | J60: A structured approach is in place to collaborate with policymakers, stakeholders, and legal teams. The organization proactively updates its legal frameworks, aligning with data ethics principles and emerging regulatory needs | K60: The organization leads in updating legal frameworks, reviewed through audits). It regularly engages policymakers and stakeholders to proactively implement changes that ensure full compliance with data ethics and digital requirements.
D61: Legal regulatory framework change capacity | E61: =IF(G61="","",(G61-1)*33.3) -> 66.6 | G61: 3 | H61: The entity has not yet full understanding of the legal requirements for digitization, resulting in non-compliance and delays in service delivery | I61: Legal barriers are identified, but there is no formal strategy to prioritize or address them. The entity works reactively to implement necessary changes, but there are gaps in understanding the full regulatory complexity | J61: Legal teams are involved early in digital projects to ensure compliance with complex regulations. The entity works with external legal experts to anticipate changes and streamline efforts | K61: The entity anticipates and proactively manages all legal and regulatory complexities, with robust internal legal teams and partnerships with external experts to ensure continuous compliance and seamless implementation of new digital services.
D62: IDDA IT system registration | E62: =IF(G62="","",(G62-1)*33.3) -> 66.6 | G62: 3 | H62: The entity has not yet registered their systems, data, and services in the unified registry of state information resources, despite this is a mandatory policy according to the decree 263. The systems are not audited regularly | I62: The entity is sporadically registering their systems, data, and services, but this is not done regularly nor are the systems audited on an annually basis. The entity also operates personal information systems, needed to register in between six months of their operation | J62: Over 60% of systems, data and services are registered by the entity as this is done per standard process, with priority for systems carrying personal information. Auditing is still not yet fully practiced despite being a mandatory requirement | K62: The entity has registered all systems, data, and services both operating digital and non-digital services. With no backlog, and all systems carrying personal information are registered. Each system is audited once a year and in case of incompliance, immediately fixed

Sheet IDDA
B2: IDDA | L2: 45572
B4: Pillars | C4: Domains | D4: Capabilities | E4: =AVERAGE(E6:E9,E12:E14,E16:E18,E20:E22,E25:E27,E29:E31,E33:E35,E37:E39,E41:E44,E46:E48,E51:E53,E55:E57,E59:E61) -> 54.214024 | G4: Score | H4: 1: Initial | I4: 2: Managed | J4: 3: Defined | K4: 4: Optimizing
B5: Strategy
C6: Vision and roadmap | E6: =IFERROR(AVERAGE(E7:E10),"") -> 58.275
D7: Target state definition | E7: =IF(G7="","",(G7-1)*33.3) -> 66.6 | G7: 3 | H7: ​No digital vision or broader target state defined. Entity runs a classical portfolio of basic IT projects | I7: High-level plan of digital topics defined in the entity but not yet detailed. This digital plan is almost entirely driven by IT | J7: A "digital vision" and innovation program with priorities and target states is defined on the entity level and aligned between IT and functional leaders. It is not yet fully aligned yet to the national digital strategy | K7: A clear digital vision and innovation plan is defined. The entity is executing projects towards this vision, and there is full vision alignment between multiple entities, and an overall national-level digital vision1
D8: Engagement & communication | E8: =IF(G8="","",(G8-1)*33.3) -> 66.6 | G8: 3 | H8: Only internal and sporadic communications but mostly driven by IT departments. Employees do not feel very much informed. No committees, reporting lines for decisions. | I8: Regular internal communication with employees being informed about the entities plan for digital. Some reporting lines established for decision making. | J8: Structured regular internal and external communication; delivered even by the minister. Employees informed about the digital vision and roadmap. Clear committees, reporting lines drive decisions | K8: Constant communication from the minister plus substantial awareness of the public about digital progress. Citizens are fully informed about the national digital vision.
D9: Implementation roadmap | E9: =IF(G9="","",(G9-1)*33.3) -> 33.3 | G9: 2 | H9: No aligned roadmap of digital initiatives;_x000B_only IT-driven projects in single units. Success of projects (e.g., on-time) is hardly tracked | I9: Roadmap with a fragmented list of initiatives (about 20-30% covered), which is aligned internally but just sporadically tracked for success (time, quality, budget) | J9: Detailed roadmap covers most digital initiatives and is aligned in the entity. Its execution is coordinated, business cases are defined. Success is rigorously tracked | K9: Aligned roadmap covering also cross-entity initiatives which are executed in strong collaboration - regularly reviewed by the ministers and steering for success is firm
D10: Digital related KPIs | E10: =IF(G10="","",(G10-1)*33.3) -> 66.6 | G10: 3 | H10: No digital-related KPIs defined; No aware-ness about central KPIs, e.g., national KPIs | I10: Process-related KPIs defined (e.g., initiative done/not done, status, budget spend), often tracked ad hoc in excel format | J10: Roadmap initiatives are well-connected to defined and communicated KPIs. These are result/outcome-oriented KPIs | K10: The initiatives in the roadmap are connected to centrally defined result-oriented KPIs (aligned to national KPIs) and are measured across multiple entities
B11: Services provided | E11: =IFERROR(AVERAGE(E12,E16,E20),"") -> 51.8
C12: Service digitalization | E12: =IFERROR(AVERAGE(E13:E15),"") -> 44.4
D13: Share of digital services | E13: =IF(G13="","",(G13-1)*33.3) -> 66.6 | G13: 3 | H13: Almost all services provided by the entity require physical presence. No legislation or policy is in place to enable digital services | I13: 10-30% of services are digitized and online. Majority of services still require in-person or manual processing. Legislation or policy limitations restrict full digitization, but the entity could still digitize more | J13: >30-60% of services are available online, and e-payment services are offered for some processes. Some tasks can be done online, but policy limitations mean certain services still require in-person action | K13: >60% of services are fully digital and accessible via a fully integrated eGov portal or myGov app or G2G-exchange platforms. Legislation and policy constraints remain, but the entity has maximized digitization within the available legal framework
D14: Automation level | E14: =IF(G14="","",(G14-1)*33.3) -> 33.3 | G14: 2 | H14: All processes are manual and paper-based, such as internal approvals. No automation or digital strategy is in place | I14: Some basic processes are paperless and automated, but most workflows are still manual/paper-based. The use of simplified workflows or tools (e.g., JIRA) to automate processes is limited to specific areas | J14: Around 50% of internal processes are automated, using tools like JIRA to handle repetitive tasks (e.g., document workflows), with human intervention needed only for complex cases. Timely review of submitted e-documents | K14: Almost all internal processes are fully automated and paperless in a one-stop shop. Advanced systems handle end-to-end workflows without human intervention for routine tasks (Straight-through processing)
D15: Service quality and reliability | E15: =IF(G15="","",(G15-1)*33.3) -> 33.3 | G15: 2 | H15: Service quality is low, with frequent downtimes. Issues are handled reactively, and there is no helpdesk or support system in place. There is no formal asset documentation or record-keeping | I15: Limited helpdesk support exists, and some basic services are monitored. Asset documentation begins to be tracked for key services. Most issues are handled manually and reactively. No SLAs or formal service catalogue exist | J15: Services are more reliable, with 50-70% of service issues addressed proactively. Asset documentation is in place, and a service catalogue is being developed. Some SLAs are introduced for key services, improving response times | K15: 90-100% of services are monitored Complete asset documentation is maintained. SLAs and a comprehensive service catalogue are fully in place, with quality management systems to ensure continuous improvement | M15: SLAs?
C16: User experience | E16: =IFERROR(AVERAGE(E17:E19),"") -> 66.6
D17: Access channels | E17: =IF(G17="","",(G17-1)*33.3) -> 66.6 | G17: 3 | H17: Limited or no digital channels available Citizens rely heavily on physical interactions (e.g., in-person office visits, paper-based processes, formal correspondence) | I17: Some process steps of the service/user journey can be accessed digitally (e.g., forms only). Service design is not compatible across multiple channels | J17: Digital channels are well-established to access the services remotely (via customer service portal), not in person. Access can be processed through multiple channels (e.g., mobile, desktop, tablets) | K17: Digital channels are well-established, integrated, accessible remotely through a single login on a central service portal. Access can be processed through multiple channels (e.g., mobile, tablets), with mobile first-principles in service design
D18: Citizen journey | E18: =IF(G18="","",(G18-1)*33.3) -> 66.6 | G18: 3 | H18: The service journey cannot be started or completed online – but you need to phone or come in person). Feedback is rarely collected/used to make improvements | I18: Some parts of the service journey can be completed online, but key steps still require in-person visits Basic feedback is collected, but it’s not always used to improve services | J18: Services, representing a majority of the offering are accessible online. Complex cases require in-person engagement. Feedback is collected regularly and used to improve services across different departments. Citizens and business can modify parts of their data themselves | K18: The entire service journey can be completed online incl. data modification rights, without needing any in-person interaction (FAQ help and guide). Real-time feedback is collected, used to improve services continuously. There is a full search offered to find services easily
D19: Accessibility and inclusion | E19: =IF(G19="","",(G19-1)*33.3) -> 66.6 | G19: 3 | H19: No accessibility features are in place, offering little support for diverse user needs. No provisions for disabilities or multi-language options | I19: Accessibility features (e.g., screen readers) and limited multi-language support are available. Partial compliance with internal accessibility and language standards | J19: Multi-language support is available, and advanced accessibility features (e.g., speech recognition) are consistently implemented. Compliance with internal accessibility and language standards | K19: Comprehensive accessibility features are available in alignment with governmental standards and provisions. Multi-language support is robust, offering an inclusive experience for users
C20: New services development | E20: =IFERROR(AVERAGE(E21:E23),"") -> 44.4
D21: Digital service lifecycle | E21: =IF(G21="","",(G21-1)*33.3) -> 66.6 | G21: 3 | H21: No formal planning process for new service creation, testing and deployment. No use of digital tools to guide or manage service development (e.g., prototyping tools, agile project management tools) | I21: Limited planning for new services, but it’s not fully structured or data-driven. Basic digital tools are used to manage certain aspects of service development, but not consistently | J21: A formal planning process is in place to forecast and plan new services within department based on citizen needs. Digital tools are fully utilized to manage and track service development | K21: A formal planning process is in place to forecast and plan new services at govern-mental level based on citizen needs. Digital tools are fully utilized to manage, track and report service development | M21: may be 2?
D22: Service creation/ enhancement | E22: =IF(G22="","",(G22-1)*33.3) -> 33.3 | G22: 2 | H22: Digital services are rarely created or enhanced. Service enhancements rely heavily on outdated methods of development (e.g., waterfall, minimal user testing) | I22: Digital services are created and updated in an ad hoc manner, without being driven by user feedback or data insights. Service updates use a mix of modern and outdated development approaches | J22: Digital services are regularly created and improved within the department driven by user feedback or data insights. Service enhancements follow an agile, modern process of development | K22: Services are consistently created and enhanced, aligned with WofG-standards (e.g., design principles, blueprints) Service enhancements use agile methods, common components, and are compatible for integration across departments
D23: Testing and rollout strategies | E23: =IF(G23="","",(G23-1)*33.3) -> 33.3 | G23: 2 | H23: No citizen testing done with no formal rollout strategy. Services may be launched with unresolved issues | I23: Limited testing is conducted, usually after development. No citizens involved in testing the services. Rollout strategies are basic, often leading to delayed fixes | J23: Regular testing is conducted, including citizen input, within the department. Rollouts follow a clear plan, with most issues addressed before launch | K23: Comprehensive testing, including cross-departmental and citizen input. Coordinated rollouts across departments ensure smooth, issue-free launches
B24: Capabilities | E24: =IFERROR(AVERAGE(E26:E28,E30:E32,E34:E36,E38:E40,E42:E45,E47:E49),"") -> 52.578947
C25: Architecture & infrastructure | E25: =IFERROR(AVERAGE(E26:E28),"") -> 66.6
D26: Architecture & Infrastructure | E26: =IF(G26="","",(G26-1)*33.3) -> 66.6 | G26: 3 | H26: IT systems rely on legacy ad hoc designs, with no formal Enterprise Architecture (EA) in place. Existing standards (e.g., TOGAF) are not followed. The lack of standards limits the organization's ability to scale and integrate new tech. | I26: Basic systems are in place, but they lack flexibility and cannot scale easily. Some efforts are made to follow EA principles, but standards are not fully adopted, and systems cannot integrate easily. | J26: The architecture allows for quick updates, and new technologies can be integrated when needed. EA standards are partially followed, though some legacy systems cause bottlenecks. | K26: The architecture is compliant with national standards, scalable, and flexible. Enterprise Architecture is fully integrated, supporting seamless upgrades and integration with the eGov ecosystem (e.g., using APIs/ microservices)
D27: Cloud adoption | E27: =IF(G27="","",(G27-1)*33.3) -> 66.6 | G27: 3 | H27: No cloud usage. All systems are on-premise, leading to higher costs and inefficiencies. The lack of cloud adoption limits the ability to scale digital operations quickly. | I27: Partial cloud adoption across software solutions is in place for specific use cases, but most systems remain on-premise. The entity is testing_x000B_G-Cloud for limited functions. | J27: Most software systems are G-cloud-based, with some on-premise systems integrated into the cloud. A cloud strategy is in place, and the entity is scaling up cloud usage. | K27: All software systems are fully deployed in G-Cloud, the government cloud infrastructure. This ensures high efficiency, security, and data protection. Mandate to use G-Cloud is followed.
D28: Performance management | E28: =IF(G28="","",(G28-1)*33.3) -> 66.6 | G28: 3 | H28: Software/hardware issues are handled reactively, with limited tracking. No architectural blueprint is followed, which results in frequent disruptions. This leads to higher downtime and delayed problem resolution. | I28: Basic software/hardware performance tracking has begun, but it is largely manual. The entity is starting to build capacity for regular monitoring. In case of incidents, experts ensure that downtime is not impacting service quality | J28: Proactive software/hardware performance tracking and automated monitoring are in place, with faster incident resolution. Performance issues are addressed before they escalate, and some automated testing is in place. | K28: Predictive analytics and automated testing ensure minimal disruption of software/hardware systems. Systems are constantly monitored for performance adjustments.
C29: Analytics & AI | E29: =IFERROR(AVERAGE(E30:E32),"") -> 55.5
D30: Data availability | E30: =IF(G30="","",(G30-1)*33.3) -> 33.3 | G30: 2 | H30: Little to no data is readily accessible for analytics purposes. Available data is stored in unstructured sources like paper records or unorganized digital formats | I30: Data is siloed but stored digitally across various databases or applications. Access to data is limited to individual departments with varying quality and consistency | J30: Data is stored across different files and accessible at the organizational level, with quality controls and freshness standards. Data is updated and managed to support effective decision-making. | K30: Data is of high quality (relevant, reliable, complete) and seamlessly shared across departments, following WofG standards. Integration with other departments allows for comprehensive analytics and insights
D31: Advanced analytics tools | E31: =IF(G31="","",(G31-1)*33.3) -> 66.6 | G31: 3 | H31: No analytics tools are used for data analysis. Any analysis done is manual and lacks digital support | I31: Basic analysis is done using tools like Excel. The infrastructure supports only simple data manipulation and analysis | J31: Tools (e.g., Power BI) and analytics platforms are in place but not yet fully implemented within the department. The infrastructure supports department-wide analytics and reporting | K31: AI sandboxes and advanced analytics tools are fully implemented and used to generate insights, test AI use cases (e.g., automated processing). Insights and results from AI help with decision support on ongoing tasks
D32: Cross-department integration | E32: =IF(G32="","",(G32-1)*33.3) -> 66.6 | G32: 3 | H32: Departments operate in isolation, with no data sharing or collaboration. There is no platform or mechanism for cross-departmental data integration | I32: Initial data sharing is practiced between departments, but with no fully structured integration yet. Collaboration is limited on analytics projects, and mostly ad-hoc or on a case-by-case basis | J32: Data is shared within the department and there's full integration to support day to day decision making. Early efforts to align with other departments. Collaboration on analytics and AI projects remains mostly within departments | K32: Framework, standards for data integration and AI testing exist across the government. Analytics and AI insights are used in cross-company projects to improve outcomes (e.g., procurement decisions)
C33: Data governance | E33: =IFERROR(AVERAGE(E34:E36),"") -> 33.3
D34: Data policies and management | E34: =IF(G34="","",(G34-1)*33.3) -> 33.3 | G34: 2 | H34: No data governance and management at all, everything is ad hoc. No formal oversight or ownership for this topic | I34: Data governance exists on department level, but data is not yet coherent between departments. Initiatives to improve data are sporadic and isolated | J34: Data governance policies exist on entity-level. They are enforced through regular data quality and coherence checks. Data domain owners are assigned. | K34: Data governance policies exist on cross-entity level (government), are regularly updated and closely monitored for compliance to standards (e.g., reduced duplication of data, source of truth), with clear ownership and usage history behind
D35: Data model & architecture | E35: =IF(G35="","",(G35-1)*33.3) -> 33.3 | G35: 2 | H35: No data model existent; data is siloed and there are no guardrails how to properly and safely store it | I35: Data model exists as "human knowledge", and data stored in fragmented systems (no repositories). Basic data flows between systems are defined | J35: Data model exist on entity level, and about 50% can be easily accessed via integration. Central data with metadata repositories with unique data are established. External data is sourced, well documented and leveraged in some services | K35: Data/meta-data model exists, integrated on cross-entities level, all data-owners well-defined, integration established supporting seam-less data flow. Data linage is tracked, and data (metadata) repositories are a norm
D36: Data-driven culture | E36: =IF(G36="","",(G36-1)*33.3) -> 33.3 | G36: 2 | H36: Culture is not data-driven; decisions are made based on intuition or limited information. Data is undervalued, with minimal investment in data infrastructure | I36: Awareness of the importance of data is growing. Some departments use data to inform decisions, but overall, data-driven practices are not fully embraced | J36: Data-driven culture is evident in the entity. Data is increasingly used to guide decisions, and data literacy initiatives are beginning to take hold entity-wide | K36: Data-driven culture underpins decision-making at all levels. Data literacy is widespread, with ongoing training programs ensuring that data informs every strategic and operational decision
C37: Integration & partner ecosystem | E37: =IFERROR(AVERAGE(E38:E40),"") -> 22.2
D38: Partner integration | E38: =IF(G38="","",(G38-1)*33.3) -> 33.3 | G38: 2 | H38: The entity works mostly on its own, with minimal cooperation with other government entities or the private sector. Correspondence is formal, and there is no digital integration with other entities. | I38: Cooperation and data exchanges exist with close organizations (e.g., same sector or services), but no jointly developed services or solutions. Collaboration is limited to basic data sharing. | J38: Coordinated initiatives and collaboration with close entities (government, industry, and academia as examples), with data exchange and some joint services or solutions under development. | K38: Full integration of data and services across government entities and industry partners (incl. start-ups, private leaders, health systems). Solutions are co-managed, and services are developed jointly between entities for shared operational goals.
D39: Open protocols/data exchange | E39: =IF(G39="","",(G39-1)*33.3) -> 33.3 | G39: 2 | H39: Document and data exchange is mostly paper-based, or through emails if allowed by policy. No formal protocols exist for data exchange. | I39: Internal digital exchange of data is based on file extracts (e.g., Excel), with limited connectivity. No database connectivity or structured data sharing. | J39: Programmed interfaces of relational data (like APIs) and/or service bus platforms are used to exchange documents, but they are not yet accessible to external entities such as companies, academia | K39: Use of formal protocols, APIs, and service bus to exchange data securely (preventing uncleared manipulation). Strong privacy controls are in place, and data is shared easily with trusted external partners.
D40: Outsourcing capability | E40: =IF(G40="","",(G40-1)*33.3) -> 0 | G40: 1 | H40: The entity does not use vendors, and there is no process in place for vendor management. All systems are controlled internally, with no external vendor involvement. | I40: The entity works with local system integrators for custom development, but no formal vendor management process is in place. Vendors are used for standardized systems (e.g., ERPs)- | J40: The entity uses solutions from large vendors, combined with local integrators for custom development. Vendor management processes are emerging, Most standard systems are outsourced. Operational systems controlled internally. | K40: Strategic partnerships are established with vendors that also drive innovation with core operational systems. Vendor management includes strong risk evaluation processes and multi-vendor steering is value-based and efficient
C41: Cyber risk mitigation | E41: =IFERROR(AVERAGE(E42:E45),"") -> 66.6 | G41: Score | H41: 1: Initial | I41: 2: Managed | J41: 3: Defined | K41: 4: Optimizing
D42: Risk model & strategy | E42: =IF(G42="","",(G42-1)*33.3) -> 66.6 | G42: 3 | H42: No understanding of risks in our entity; thus, no risk strategy in place. All we have is an antivirus program | I42: Risks are mitigated ad hoc as they occur; basic preventive measures are in place (e.g., sporadic system checks | J42: Our IT department assesses technical risks and is owning a risk model, e.g., proactive crisis management | K42: We have a comprehensive, continuously optimized risk strategy; aligned with national security objectives
D43: Prevention & crisis management | E43: =IF(G43="","",(G43-1)*33.3) -> 33.3 | G43: 2 | H43: No prevention processes in place. The system is vulnerable to any cyber attack | I43: Ad hoc, basic policies exist, but there is no active monitoring of potential cyber incidents nor a clear action plan in case of an attack | J43: Well-developed prevention and protection policies exits in part of the entity; and crisis management plans are being developed but not communicated | K43: Crisis management is defined and highly coordinated across the entity and even on cross-entity (government) level. Systems are monitored 24/7 for potential threats
D44: Cybersecurity tools | E44: =IF(G44="","",(G44-1)*33.3) -> 66.6 | G44: 3 | H44: Outdated or minimal tools; limited monitoring capabilities; security_x000B_incidents are rarely detected in time | I44: Basic tools implemented (e.g., antivirus, firewall), with monitoring capabilities; incidents detected but response is slow | J44: Modern tools installed (e.g., SIEM), Endpoint detection) with integrated monitoring systems; timely detection and response to security incidents | K44: State-of-the-art tools (e.g., Zero trust network, Network traffic analysis) with continuous, real-time monitoring; incidents are prevented or rapidly contained
D45: Security & resilience trainings | E45: =IF(G45="","",(G45-1)*33.3) -> 99.9 | G45: 4 | H45: No trainings for cybersecurity and no or little awareness about security and resilience practices among employees | I45: Employees receive basic training on cyber-security and know how to react it something suspicious is happening, e.g., antivirus alerts, phishing mails | J45: High awareness of employees about how the entity mitigates cyberthreats and about what it expected from individual (e.g., reporting). High training attendance | K45: Continuous, advanced mandatory training across all role seniority levels are held; Unannounced simulations are, e.g., Phishing attacks, to educate employees
C46: Automation of Internal Processes | E46: =IFERROR(AVERAGE(E47:E49),"") -> 66.6
D47: Automation and integration of processes | E47: =IF(G47="","",(G47-1)*33.3) -> 66.6 | G47: 3 | H47: No formal digital or electronic document processes exist. Document creation and management are handled manually with minimal alignment to legal requirements | I47: Started to develop processes for generating and managing digital and electronic documents, primarily driven ad hoc by general staff or small teams without specialized roles. Legal compliance is improving, with some processes automated/ semi-automated | J47: Digital document generation is mature across entities, jointly managed by IT and operational teams. Automation is widespread, and compliance is regularly tracked and updated. Digital signature are being introduced but it is not supported for all documents yet | K47: Fully integrated, best-in-class digital document management system. The most documents are managed digitally, offer digital signatures and can be updated in real-time. Processes are continuously improved with central authority oversight. Citizens and businesses can access and change their data via unified login.
D48: Digital identification | E48: =IF(G48="","",(G48-1)*33.3) -> 99.9 | G48: 4 | H48: Digital IDs are rarely used; citizens access services through manual or offline methods. No integration between identity systems and digital platforms. Adoption is fragmented and ad hoc. | I48: Some services allow digital ID access, but usage is limited. Integration exists for select platforms only. No consistent policies or standards across government entities. | J48: Digital IDs are widely accepted across key services. Integration with government platforms is standardized. Most citizens regularly use digital IDs for access, though not universally required. | K48: Digital ID is the default for all digital government services. Full interoperability across agencies. High adoption by citizens, with secure, seamless, and consistent access experiences.
D49: Level of usage of digital documents by citizens/business | E49: =IF(G49="","",(G49-1)*33.3) -> 33.3 | G49: 2 | H49: Digital document use is rare, mostly relying on paper. Digital documents, incl. DID, are generally not accepted, and there are major interoperability issues | I49: Started promoting digital documents, incl. DID, and external use is increasing. Some processes are transitioning to digital, driven by internal initiatives. Documents are being provisioned to EGIS. | J49: Digital documents, incl. DID use is common, with good external acceptance and integration with other entities. Most services provide documents to EGIS. IT and functional teams collaborate to improve interoperability. | K49: Universal adoption of digital documents, (all in EGIS) incl. DID across the entity. Full interoperability is achieved, and all documents are accepted and integrated by external entities, supported by strong security measures.
B50: Operating model | E50: =IFERROR(AVERAGE(E52:E54,E56:E58,E60:E62),"") -> 55.5
C51: Organizational structure | E51: =IFERROR(AVERAGE(E52:E54),"") -> 66.6
D52: Digital & data departments | E52: =IF(G52="","",(G52-1)*33.3) -> 66.6 | G52: 3 | H52: No dedicated digital or data teams exist. All IT and data needs are managed reactively. Requests are handled mostly by contractors which are not yet effectively managed The IT function focuses primarily on system administration, that escalate to contractors | I52: IT function focused primarily on system administration and ad hoc activities – but no capability for more complex (data) requests. This is forwarded to contractors which an IT person is managing – mostly only solving escalations as they occur | J52: Formal IT team exists, team works with external contractors and service vendors for service operations and management. Basic digital and data roles are in place, but with limited specialization. | K52: The IT team is fully equipped and capable of independently managing their systems, with sufficient expertise and capacity to switch systems and vendors as needed. Few data specialist (e.g., data scientists) are supporting flagship projects
D53: Agile methodologies | E53: =IF(G53="","",(G53-1)*33.3) -> 66.6 | G53: 3 | H53: No consistent and standardized approach to project delivery. Projects define their own ways of working, and execution is sequential with sporadic progress reviews | I53: Agile practices are not yet applied, and project work still follows traditional waterfall approaches. The IT department has the ambition to introduce agile soon | J53: Agile practices are being piloted in IT teams, but most work still follows traditional waterfall approaches. First product owners are assigned but this is not the norm for most projects/products | K53: Agile is adopted within the department with agile teams led by product owners are using best practices (e.g., Scrum). Faster delivery with regular iterations and adaptability limited to the department
D54: x-department collaboration | E54: =IF(G54="","",(G54-1)*33.3) -> 66.6 | G54: 3 | H54: Departments work in isolation, with little to no collaboration on operational tasks. Operational processes are fragmented, with minimal efforts to align or share resources across departments | I54: Some collaboration occurs between departments on a case-by-case basis. Limited resource sharing or coordinated efforts, with collaboration initiated for specific projects | J54: Regular collaboration exists within departments, but cross-department efforts are limited to specific initiatives. Operational processes are shared independently across departments | K54: Strong collaboration across departments and entities also to build cross-entity services. Resources are shared and operational processes to service delivery are defined
C55: Skills & People | E55: =IFERROR(AVERAGE(E56:E58),"") -> 33.3
D56: Digital literacy | E56: =IF(G56="","",(G56-1)*33.3) -> 33.3 | G56: 2 | H56: No formal digital literacy training exists. Employees struggle with basic digital tools, and there is no clear focus on digital skills | I56: Basic training is provided, focused on tools used in the organization. Training is ad hoc and lacks strategy, mostly provided by external entities | J56: Comprehensive digital literacy programs are in place, with structured training covering a broader range of digital skills that align with organizational needs | K56: Digital literacy is fully embedded in the organization's culture. Training programs are regularly updated, introducing new tools and technologies to ensure employees stay current with digital trends
D57: Tech roles and staffing | E57: =IF(G57="","",(G57-1)*33.3) -> 33.3 | G57: 2 | H57: No dedicated roles for managing technology or digital projects. Digital tasks are assigned on an as-needed basis to staff who are not specialized in digital work. No plan or focus on developing tech skills among employees | I57: Some basic tech roles are assigned, but we lack sophisticated skills and expertise. There is no clear career path or focus on developing long-term digital talent. | J57: Specialized tech roles are supported by a structured staffing plan to ensure the right talent is in place. Collaboration is improving, and there is growing focus on driving innovation inhouse | K57: Tech roles are fully embedded in the workforce plan. Employees have clear career paths, continuous development, and opportunities to engage in innovative projects. Senior leadership is actively involved in nurturing digital talent
D58: Learning & Development | E58: =IF(G58="","",(G58-1)*33.3) -> 33.3 | G58: 2 | H58: No formal learning pathways exist for digital skills. Employees receive no training at all | I58: Training is provided ad hoc and is mostly organized by external entities. There is no overall strategy to guide learning and development efforts | J58: The entity has some budget for training, which is allocated on a request basis. Learning programs are partially defined at the departmental level | K58: The entity has a clear learning strategy in place. Training programs are aligned with this strategy, customized to department needs, and continuously updated to meet future skills requirements
C59: Legal capability | E59: =IFERROR(AVERAGE(E60:E62),"") -> 66.6
D60: Legal/regulatory requirements | E60: =IF(G60="","",(G60-1)*33.3) -> 66.6 | G60: 3 | H60: Minimal engagement in updating legal frameworks. There is no understanding of data ethics or digital regulatory requirements, leading to barriers to innovation. | I60: The organization reacts to regulatory changes but lacks proactive efforts to influence frameworks. There is a growing awareness of data ethics and the capability to monitor basic regulatory requirements, but efforts are inconsistent. | J60: A structured approach is in place to collaborate with policymakers, stakeholders, and legal teams. The organization proactively updates its legal frameworks, aligning with data ethics principles and emerging regulatory needs | K60: The organization leads in updating legal frameworks, reviewed through audits). It regularly engages policymakers and stakeholders to proactively implement changes that ensure full compliance with data ethics and digital requirements.
D61: Legal regulatory framework change capacity | E61: =IF(G61="","",(G61-1)*33.3) -> 66.6 | G61: 3 | H61: The entity has not yet full understanding of the legal requirements for digitization, resulting in non-compliance and delays in service delivery | I61: Legal barriers are identified, but there is no formal strategy to prioritize or address them. The entity works reactively to implement necessary changes, but there are gaps in understanding the full regulatory complexity | J61: Legal teams are involved early in digital projects to ensure compliance with complex regulations. The entity works with external legal experts to anticipate changes and streamline efforts | K61: The entity anticipates and proactively manages all legal and regulatory complexities, with robust internal legal teams and partnerships with external experts to ensure continuous compliance and seamless implementation of new digital services.
D62: IDDA IT system registration | E62: =IF(G62="","",(G62-1)*33.3) -> 66.6 | G62: 3 | H62: The entity has not yet registered their systems, data, and services in the unified registry of state information resources, despite this is a mandatory policy according to the decree 263. The systems are not audited regularly | I62: The entity is sporadically registering their systems, data, and services, but this is not done regularly nor are the systems audited on an annually basis. The entity also operates personal information systems, needed to register in between six months of their operation | J62: Over 60% of systems, data and services are registered by the entity as this is done per standard process, with priority for systems carrying personal information. Auditing is still not yet fully practiced despite being a mandatory requirement | K62: The entity has registered all systems, data, and services both operating digital and non-digital services. With no backlog, and all systems carrying personal information are registered. Each system is audited once a year and in case of incompliance, immediately fixed

Sheet Aviation
B2: AVIATION | L2: 45572
B4: Pillars | C4: Domains | D4: Capabilities | E4: =IFERROR(AVERAGE(E6,E11,E24,E50),"") -> 8.6171053 | G4: Score | H4: 1: Initial | I4: 2: Managed | J4: 3: Defined | K4: 4: Optimizing
B5: Strategy | E5: =AVERAGE(E7:E10,E13:E15,E17:E19,E21:E23,E26:E28,E30:E32,E34:E36,E38:E40,E42:E45,E47:E49,E52:E54,E56:E58,E60:E62) -> 10.558537
C6: Vision and roadmap | E6: =IFERROR(AVERAGE(E7:E10),"") -> 0
D7: Target state definition | E7: =IF(G7="","",(G7-1)*33.3) -> 0 | G7: 1 | H7: ​No digital vision or broader target state defined. Entity runs a classical portfolio of basic IT projects | I7: High-level plan of digital topics defined in the entity but not yet detailed. This digital plan is almost entirely driven by IT | J7: A "digital vision" and innovation program with priorities and target states is defined on the entity level and aligned between IT and functional leaders. It is not yet fully aligned yet to the national digital strategy | K7: A clear digital vision and innovation plan is defined. The entity is executing projects towards this vision, and there is full vision alignment between multiple entities, and an overall national-level digital vision1
D8: Engagement & communication | E8: =IF(G8="","",(G8-1)*33.3) -> 0 | G8: 1 | H8: Only internal and sporadic communications but mostly driven by IT departments. Employees do not feel very much informed. No committees, reporting lines for decisions. | I8: Regular internal communication with employees being informed about the entities plan for digital. Some reporting lines established for decision making. | J8: Structured regular internal and external communication; delivered even by the minister. Employees informed about the digital vision and roadmap. Clear committees, reporting lines drive decisions | K8: Constant communication from the minister plus substantial awareness of the public about digital progress. Citizens are fully informed about the national digital vision.
D9: Implementation roadmap | E9: =IF(G9="","",(G9-1)*33.3) -> 0 | G9: 1 | H9: No aligned roadmap of digital initiatives;_x000B_only IT-driven projects in single units. Success of projects (e.g., on-time) is hardly tracked | I9: Roadmap with a fragmented list of initiatives (about 20-30% covered), which is aligned internally but just sporadically tracked for success (time, quality, budget) | J9: Detailed roadmap covers most digital initiatives and is aligned in the entity. Its execution is coordinated, business cases are defined. Success is rigorously tracked | K9: Aligned roadmap covering also cross-entity initiatives which are executed in strong collaboration - regularly reviewed by the ministers and steering for success is firm
D10: Digital related KPIs | E10: =IF(G10="","",(G10-1)*33.3) -> 0 | G10: 1 | H10: No digital-related KPIs defined; No aware-ness about central KPIs, e.g., national KPIs | I10: Process-related KPIs defined (e.g., initiative done/not done, status, budget spend), often tracked ad hoc in excel format | J10: Roadmap initiatives are well-connected to defined and communicated KPIs. These are result/outcome-oriented KPIs | K10: The initiatives in the roadmap are connected to centrally defined result-oriented KPIs (aligned to national KPIs) and are measured across multiple entities
B11: Services provided | E11: =IFERROR(AVERAGE(E12,E16,E20),"") -> 11.1
C12: Service digitalization | E12: =IFERROR(AVERAGE(E13:E15),"") -> 22.2
D13: Share of digital services | E13: =IF(G13="","",(G13-1)*33.3) -> 33.3 | G13: 2 | H13: Almost all services provided by the entity require physical presence. No legislation or policy is in place to enable digital services | I13: 10-30% of services are digitized and online. Majority of services still require in-person or manual processing. Legislation or policy limitations restrict full digitization, but the entity could still digitize more | J13: >30-60% of services are available online, and e-payment services are offered for some processes. Some tasks can be done online, but policy limitations mean certain services still require in-person action | K13: >60% of services are fully digital and accessible via a fully integrated eGov portal or myGov app or G2G-exchange platforms. Legislation and policy constraints remain, but the entity has maximized digitization within the available legal framework
D14: Automation level | E14: =IF(G14="","",(G14-1)*33.3) -> 0 | G14: 1 | H14: All processes are manual and paper-based, such as internal approvals. No automation or digital strategy is in place | I14: Some basic processes are paperless and automated, but most workflows are still manual/paper-based. The use of simplified workflows or tools (e.g., JIRA) to automate processes is limited to specific areas | J14: Around 50% of internal processes are automated, using tools like JIRA to handle repetitive tasks (e.g., document workflows), with human intervention needed only for complex cases. Timely review of submitted e-documents | K14: Almost all internal processes are fully automated and paperless in a one-stop shop. Advanced systems handle end-to-end workflows without human intervention for routine tasks (Straight-through processing)
D15: Service quality and reliability | E15: =IF(G15="","",(G15-1)*33.3) -> 33.3 | G15: 2 | H15: Service quality is low, with frequent downtimes. Issues are handled reactively, and there is no helpdesk or support system in place. There is no formal asset documentation or record-keeping | I15: Limited helpdesk support exists, and some basic services are monitored. Asset documentation begins to be tracked for key services. Most issues are handled manually and reactively. No SLAs or formal service catalogue exist | J15: Services are more reliable, with 50-70% of service issues addressed proactively. Asset documentation is in place, and a service catalogue is being developed. Some SLAs are introduced for key services, improving response times | K15: 90-100% of services are monitored Complete asset documentation is maintained. SLAs and a comprehensive service catalogue are fully in place, with quality management systems to ensure continuous improvement
C16: User experience | E16: =IFERROR(AVERAGE(E17:E19),"") -> 11.1
D17: Access channels | E17: =IF(G17="","",(G17-1)*33.3) -> 0 | G17: 1 | H17: Limited or no digital channels available Citizens rely heavily on physical interactions (e.g., in-person office visits, paper-based processes, formal correspondence) | I17: Some process steps of the service/user journey can be accessed digitally (e.g., forms only). Service design is not compatible across multiple channels | J17: Digital channels are well-established to access the services remotely (via customer service portal), not in person. Access can be processed through multiple channels (e.g., mobile, desktop, tablets) | K17: Digital channels are well-established, integrated, accessible remotely through a single login on a central service portal. Access can be processed through multiple channels (e.g., mobile, tablets), with mobile first-principles in service design
D18: Citizen journey | E18: =IF(G18="","",(G18-1)*33.3) -> 33.3 | G18: 2 | H18: The service journey cannot be started or completed online – but you need to phone or come in person). Feedback is rarely collected/used to make improvements | I18: Some parts of the service journey can be completed online, but key steps still require in-person visits Basic feedback is collected, but it’s not always used to improve services | J18: Services, representing a majority of the offering are accessible online. Complex cases require in-person engagement. Feedback is collected regularly and used to improve services across different departments. Citizens and business can modify parts of their data themselves | K18: The entire service journey can be completed online incl. data modification rights, without needing any in-person interaction (FAQ help and guide). Real-time feedback is collected, used to improve services continuously. There is a full search offered to find services easily
D19: Accessibility and inclusion | E19: =IF(G19="","",(G19-1)*33.3) -> 0 | G19: 1 | H19: No accessibility features are in place, offering little support for diverse user needs. No provisions for disabilities or multi-language options | I19: Accessibility features (e.g., screen readers) and limited multi-language support are available. Partial compliance with internal accessibility and language standards | J19: Multi-language support is available, and advanced accessibility features (e.g., speech recognition) are consistently implemented. Compliance with internal accessibility and language standards | K19: Comprehensive accessibility features are available in alignment with governmental standards and provisions. Multi-language support is robust, offering an inclusive experience for users
C20: New services development | E20: =IFERROR(AVERAGE(E21:E23),"") -> 0
D21: Digital service lifecycle | E21: =IF(G21="","",(G21-1)*33.3) -> 0 | G21: 1 | H21: No formal planning process for new service creation, testing and deployment. No use of digital tools to guide or manage service development (e.g., prototyping tools, agile project management tools) | I21: Limited planning for new services, but it’s not fully structured or data-driven. Basic digital tools are used to manage certain aspects of service development, but not consistently | J21: A formal planning process is in place to forecast and plan new services within department based on citizen needs. Digital tools are fully utilized to manage and track service development | K21: A formal planning process is in place to forecast and plan new services at govern-mental level based on citizen needs. Digital tools are fully utilized to manage, track and report service development
D22: Service creation/enhancement | E22: =IF(G22="","",(G22-1)*33.3) -> 0 | G22: 1 | H22: Digital services are rarely created or enhanced. Service enhancements rely heavily on outdated methods of development (e.g., waterfall, minimal user testing) | I22: Digital services are created and updated in an ad hoc manner, without being driven by user feedback or data insights. Service updates use a mix of modern and outdated development approaches | J22: Digital services are regularly created and improved within the department driven by user feedback or data insights. Service enhancements follow an agile, modern process of development | K22: Services are consistently created and enhanced, aligned with WofG-standards (e.g., design principles, blueprints) Service enhancements use agile methods, common components, and are compatible for integration across departments
